Workbook

Sheet Índice
R1: Agência Goiana de Regulação, Controle e Fiscalização - AGR
A2: Projeto: Cálculo da Taxa de Remuneração Regulatória | R2: Agência Goiana de Regulação – AR
A3: Interessados: Saneago e BRK Ambiental | R3: Agência Reguladora do Município de Anápolis - ARM
R4: Agência de Regulação dos Serviços Públicos de Saneamento Básico - AMAE
F17: Definição da Taxa de Remuneração Regulatória das Prestadoras de Serviço de Saneamento Básico - SANEAGO e BRK Ambiental
F19: ÍNDICE PLANILHA
F21: 1 | G21: WACC
F22: 2 | G22: Estrutura de Capital
F23: 3 | G23: Variáveis
F24: 4 | G24: Custo de capital próprio - Ke e Custos de capital de terceiros - Kd
F25: 5 | G25: Custo da dívida
F26: 6 | G26: Beta
F27: 7 | G27: Teste de Normalidade
F28: 8 | G28: Análise das Contribuições

Sheet 1. WACC
R1: Agência Goiana de Regulação, Controle e Fiscalização - AGR
A2: Projeto: Cálculo da Taxa de Remuneração Regulatória | R2: Agência Goiana de Regulação – AR
A3: Interessados: Saneago e BRK Ambiental | R3: Agência Reguladora do Município de Anápolis - ARM
R4: Agência de Regulação dos Serviços Públicos de Saneamento Básico - AMAE
B7: Cálculo do Custo Médio Ponderado de Capital - WACC
B9: Parâmetro | C9: Valor (% a.a.)
B10: Custo do capital próprio (Re) real | C10: ='4. Ke e Kd'!E17 -> 0.097306568
B11: Custo do capital de terceiros (Rd) real antes dos impostos | C11: ='4. Ke e Kd'!E27 -> 0.11957171
B12: Custo do capital de terceiros (Rd) real pós impostos | C12: ='4. Ke e Kd'!E29 -> 0.078917332
B13: Parcela de capital próprio (We) | C13: =1-C14 -> 0.69335473
B14: Parcela de capital de terceiros (Wd) | C14: ='2. Estrutura de Capital'!G12 -> 0.30664527
B15: Tributos | C15: 0.34
B16: Resultado | C16: Valor (% a.a.)
B17: WACC real antes -impostos | C17: =C10*C13+C11*C14 -> 0.10413407
B18: WACC real pós-impostos | C18: =C10*C13+C11*C14*(1-C15) -> 0.091667596

Sheet 2. Estrutura de Capital
R1: Agência Goiana de Regulação, Controle e Fiscalização - AGR
A2: Projeto: Cálculo da Taxa de Remuneração Regulatória | R2: Agência Goiana de Regulação – AR
A3: Interessados: Saneago e BRK Ambiental | R3: Agência Reguladora do Município de Anápolis - ARM
R4: Agência de Regulação dos Serviços Públicos de Saneamento Básico - AMAE
A6: Estrutura de Capital
A7: Alavancagem do setor - Opção A (SNIS, regional, não autarquias, água e esgoto, PL não negativo)
A8: (1) Disponível nas Demonstrações Financeiras das empresas. Links na tabela
A11: Dados Anuais | B11: 2025 | C11: 2024 | D11: 2023 | E11: 2022 | F11: 2021 | G11: 2025-2021
A12: Média | B12: =R56 -> 0.32501034 | C12: =AB56 -> 0.31796369 | D12: =AK56 -> 0.31014535 | E12: =AU56 -> 0.29154698 | F12: =BE56 -> 0.28855999 | G12: =AVERAGE(B12:F12) -> 0.30664527
Z13: =SUM(Z20:Z32) -> 60703116 | AA13: =SUM(AA20:AA32) -> 95317223 | AB13: =Z13/AA13 -> 0.6368536
A16: D/E | B16: 2025 | C16: 2024 | D16: 2023 | E16: 2022 | F16: 2021 | G16: 2025-2021
A17: Média | B17: =S56 -> 0.47027928 | C17: =AC56 -> 0.43614991 | D17: =AL56 -> 0.43319558 | E17: =AV56 -> 0.40041309 | F17: =BF56 -> 0.40503332 | G17: =AVERAGE(B17:F17) -> 0.42901424
K18: Estrutura de Capital - Principais Companhias de Saneamento do Brasil, 2025 | R18: Grau de alavancagem | U18: Estrutura de Capital - Principais Companhias de Saneamento do Brasil, 2024 | AB18: Grau de alavancagem | AE18: Estrutura de Capital - Principais Companhias de Saneamento do Brasil, 2023 | AK18: Grau de alavancagem | AN18: Estrutura de Capital - Principais Companhias de Saneamento do Brasil, 2022 | AU18: Grau de alavancagem | AX18: Estrutura de Capital - Principais Companhias de Saneamento do Brasil, 2021 | BE18: Grau de alavancagem
K19: Nº | L19: Companhias | M19: Fonte | N19: Ano | O19: Estado | P19: Passivo Oneroso (valor em milhares de reais) | Q19: Patrimônio Líquido (valor em milhares de reais) | R19: Wd | S19: D/E | U19: Nº | V19: Companhias | W19: Fonte | X19: Ano | Y19: Estado | Z19: Passivo Oneroso (valor em milhares de reais) | AA19: Patrimônio Líquido (valor em milhares de reais) | AB19: Wd | AC19: D/E | AE19: Companhias | AF19: Fonte | AG19: Ano | AH19: Estado | AI19: Passivo Oneroso (valor em milhares de reais) | AJ19: Patrimônio Líquido (valor em milhares de reais) | AK19: Wd | AL19: D/E | AN19: Nº | AO19: Companhias | AP19: Fonte | AQ19: Ano | AR19: Estado | AS19: Passivo Oneroso (valor em milhares de reais) | AT19: Patrimônio Líquido (valor em milhares de reais) | AU19: Wd | AV19: D/E | AX19: Nº | AY19: Companhias | AZ19: Fonte | BA19: Ano | BB19: Estado | BC19: Passivo Oneroso (valor em milhares de reais) | BD19: Patrimônio Líquido (valor em milhares de reais) | BE19: Wd | BF19: D/E
K20: 1 | L20: CAESB | M20: https://s3.caesb.df.gov.br/www/prod/site1/demonstracoes-anuais2025.pdf | N20: 2025 | O20: DF | P20: 663653 | Q20: 2549056 | R20: =IFERROR(P20/(P20+Q20),"") -> 0.20657115 | S20: =P20/Q20 -> 0.26035246 | U20: 1 | V20: CAESB | W20: https://s3.caesb.df.gov.br/www/prod/site1/demonstracoes-financeiras2024.pdf | X20: 2024 | Y20: DF | Z20: 876670 | AA20: 2248241 | AB20: =IFERROR(Z20/(Z20+AA20),"") -> 0.28054239 | AC20: =Z20/AA20 -> 0.38993595 | AE20: CAESB | AF20: https://www.caesb.df.gov.br/demonstracoes-financeiras-2023/ | AG20: 2023 | AH20: DF | AI20: =683452+95397 -> 778849 | AJ20: 2127333 | AK20: =AI20/(AI20+AJ20) -> 0.26799732 | AL20: =AI20/AJ20 -> 0.36611523 | AN20: 1 | AO20: CAESB | AP20: Resultados da pesquisa por “financeira” – Caesb | AQ20: 2022 | AR20: DF | AS20: =146500+816815 -> 963315 | AT20: 1943955 | AU20: =AS20/(AS20+AT20) -> 0.33134693 | AV20: =AS20/AT20 -> 0.49554388 | AX20: 1 | AY20: CAESB | AZ20: Resultados da pesquisa por “financeira” – Caesb | BA20: 2021 | BB20: DF | BC20: =188726+827105 -> 1015831 | BD20: =1641307 -> 1641307 | BE20: =BC20/(BC20+BD20) -> 0.38230269 | BF20: =BC20/BD20 -> 0.6189159 | BG20: ='[1]2. Estrutura de Capital'!BB20=BE20 -> TRUE
K21: 2 | L21: CAGECE | M21: https://api.mziq.com/mzfilemanager/v2/d/453f613e-0973-43e7-8d2a-680a86a2d55d/41c0ad15-b99b-2540-795c-a92a1ac5870a?origin=2 | N21: 2025 | O21: CE | P21: =96812 + 29705+ 1451448+ 1105086 -> 2683051 | Q21: 3681182 | R21: =IFERROR(P21/(P21+Q21),"") -> 0.42158277 | S21: =P21/Q21 -> 0.72885584 | U21: 2 | V21: CAGECE | W21: https://api.mziq.com/mzfilemanager/v2/d/453f613e-0973-43e7-8d2a-680a86a2d55d/79f7b4b7-7b0a-2118-cfab-67794878c067?origin=2 | X21: 2024 | Y21: CE | Z21: =327806+150407+1398036+15228 -> 1891477 | AA21: 3317678 | AB21: =IFERROR(Z21/(Z21+AA21),"") -> 0.3631063 | AC21: =Z21/AA21 -> 0.57012073 | AE21: CAGECE | AF21: api.mziq.com/mzfilemanager/v2/d/453f613e-0973-43e7-8d2a-680a86a2d55d/abb7c3ed-4315-a329-15a0-2ccc9d5d516a?origin=1 | AG21: 2023 | AH21: CE | AI21: =472656+84440+529783+802311 -> 1889190 | AJ21: 2919836 | AK21: =AI21/(AI21+AJ21) -> 0.39284254 | AL21: =AI21/AJ21 -> 0.64701922 | AN21: 2 | AO21: CAGECE | AP21: Central de Resultados - Cagece | AQ21: 2022 | AR21: CE | AS21: =62122+20480+344763+837522 -> 1264887 | AT21: 2787894 | AU21: =AS21/(AS21+AT21) -> 0.31210347 | AV21: =AS21/AT21 -> 0.45370699 | AX21: 2 | AY21: CAGECE | AZ21: Central de Resultados - Cagece | BA21: 2021 | BB21: CE | BC21: =63844+15701+362184+803244 -> 1244973 | BD21: 2639893 | BE21: =BC21/(BC21+BD21) -> 0.32046742 | BF21: =BC21/BD21 -> 0.4715998 | BG21: ='[1]2. Estrutura de Capital'!BB21=BE21 -> TRUE
K22: 3 | L22: CASAN | M22: https://ri.casan.com.br/wp-content/uploads/2026/03/Relatorio-Anual-da-Administracao-e-Demonstracoes-Financeiras-2025-Casan-2.pdf | N22: 2025 | O22: SC | P22: =445831+2343451 -> 2789282 | Q22: 2600843 | R22: =IFERROR(P22/(P22+Q22),"") -> 0.51748002 | S22: =P22/Q22 -> 1.072453 | U22: 3 | V22: CASAN | W22: https://ri.casan.com.br/documentos-divulgados/demonstracoes-financeiras/ | X22: 2024 | Y22: SC | Z22: =167549+203433+1170592+836614 -> 2378188 | AA22: 2258409 | AB22: =IFERROR(Z22/(Z22+AA22),"") -> 0.51291669 | AC22: =Z22/AA22 -> 1.0530369 | AE22: CASAN | AF22: https://ri.casan.com.br/wp-content/uploads/2024/03/DFP-2023.pdf | AG22: 2023 | AH22: SC | AI22: =163064+175686+787114+1016905 -> 2142769 | AJ22: 2003578 | AK22: =AI22/(AI22+AJ22) -> 0.51678477 | AL22: =AI22/AJ22 -> 1.0694712 | AN22: 3 | AO22: CASAN | AP22: Demonstrações Financeiras Anuais – Portal de RI da CASAN | AQ22: 2022 | AR22: SC | AS22: =914420+438955+160223+145696 -> 1659294 | AT22: 1860911 | AU22: =AS22/(AS22+AT22) -> 0.47136289 | AV22: =AS22/AT22 -> 0.89165683 | AX22: 3 | AY22: CASAN | AZ22: Demonstrações Financeiras Anuais – Portal de RI da CASAN | BA22: 2021 | BB22: SC | BC22: =156683+4457+683466+570321 -> 1414927 | BD22: 1671985 | BE22: =BC22/(BC22+BD22) -> 0.45836324 | BF22: =BC22/BD22 -> 0.8462558 | BG22: ='[1]2. Estrutura de Capital'!BB22=BE22 -> TRUE
K23: 4 | L23: CESAN | M23: https://www.cesan.com.br/wp-content/uploads/2026/04/Relatorio_da_Administracao_e_demonstracoes_contabeis_2025_aprovado_AGO.pdf | N23: 2025 | O23: ES | P23: =69249+780384 -> 849633 | Q23: 4575030 | R23: =IFERROR(P23/(P23+Q23),"") -> 0.15662411 | S23: =P23/Q23 -> 0.18571091 | U23: 4 | V23: CESAN | W23: https://www.cesan.com.br/wp-content/uploads/2025/04/Cesan_RI2024_D4.7.pdf | X23: 2024 | Y23: ES | Z23: =802428+54300 -> 856728 | AA23: 4218159 | AB23: =IFERROR(Z23/(Z23+AA23),"") -> 0.16881716 | AC23: =Z23/AA23 -> 0.20310472 | AE23: CESAN | AF23: https://publicidadelegal.tribunaonline.com.br/Certificados/Jornal%20A%20Tribuna/24-04-2024/2401%20CESAN%20-%20BALANCO.pdf | AG23: 2023 | AH23: ES | AI23: =27359+465994 -> 493353 | AJ23: =3756601 -> 3756601 | AK23: =AI23/(AI23+AJ23) -> 0.11608432 | AL23: =AI23/AJ23 -> 0.13132962 | AN23: 4 | AO23: CESAN | AP23: https://www.cesan.com.br/wp-content/uploads/2024/04/Relatorio-da-Administracao-e-demonstracoes-contabeis-2023.pdf | AQ23: 2022 | AR23: ES | AS23: =21557+307343 -> 328900 | AT23: 3275465 | AU23: =AS23/(AS23+AT23) -> 0.09125047 | AV23: =AS23/AT23 -> 0.10041322 | AX23: 4 | AY23: CESAN | AZ23: Cesan_Balanço_2021-20.pdf | BA23: 2021 | BB23: ES | BC23: =13192+205105 -> 218297 | BD23: 3098340 | BE23: =BC23/(BC23+BD23) -> 0.06581878 | BF23: =BC23/BD23 -> 0.070456115 | BG23: ='[1]2. Estrutura de Capital'!BB23=BE23 -> TRUE
K24: 5 | L24: COMPESA | M24: https://servicos.compesa.com.br/wp-content/uploads/2026/04/EXERCICIO-2025.pdf | N24: 2025 | O24: PE | P24: 656938 | Q24: 8744165 | R24: =IFERROR(P24/(P24+Q24),"") -> 0.069878822 | S24: =P24/Q24 -> 0.075128729 | U24: 5 | V24: COMPESA | W24: https://servicos.compesa.com.br/wp-content/uploads/2025/04/EXERCICIO-2024.pdf | X24: 2024 | Y24: PE | Z24: =435083+377043 -> 812126 | AA24: 8115054 | AB24: =IFERROR(Z24/(Z24+AA24),"") -> 0.090972289 | AC24: =Z24/AA24 -> 0.10007648 | AE24: COMPESA | AF24: https://servicos.compesa.com.br/demonstracoes-contabeis/ | AG24: 2023 | AH24: PE | AI24: =545081+168455 -> 713536 | AJ24: 7903894 | AK24: =AI24/(AI24+AJ24) -> 0.082801485 | AL24: =AI24/AJ24 -> 0.090276514 | AN24: 5 | AO24: COMPESA | AP24: Demonstrações Contábeis – COMPESA | AQ24: 2022 | AR24: PE | AS24: =115411+512818 -> 628229 | AT24: =7638533 -> 7638533 | AU24: =AS24/(AS24+AT24) -> 0.075994567 | AV24: =AS24/AT24 -> 0.082244719 | AX24: 5 | AY24: COMPESA | AZ24: Demonstrações Contábeis – COMPESA | BA24: 2021 | BB24: PE | BC24: =64177+18035+336373 -> 418585 | BD24: =7145236 -> 7145236 | BE24: =BC24/(BC24+BD24) -> 0.055340416 | BF24: =BC24/BD24 -> 0.05858239 | BG24: ='[1]2. Estrutura de Capital'!BB24=BE24 -> TRUE
K25: 6 | L25: COPASA | M25: https://api.mziq.com/mzfilemanager/v2/d/8bdb3906-0618-4e78-bbe3-a0be9f02d8cc/2e256af6-5fa2-2038-eb45-e1982c9734da?origin=2 | N25: 2025 | O25: MG | P25: 7582036 | Q25: 8578303 | R25: =IFERROR(P25/(P25+Q25),"") -> 0.46917555 | S25: =P25/Q25 -> 0.88386199 | U25: 6 | V25: COPASA | W25: https://api.mziq.com/mzfilemanager/v2/d/8bdb3906-0618-4e78-bbe3-a0be9f02d8cc/bdeacbd3-d04d-a563-1aaa-3a0f0118acc9?origin=2 | X25: 2024 | Y25: MG | Z25: 6113169 | AA25: 8048229 | AB25: =IFERROR(Z25/(Z25+AA25),"") -> 0.43167836 | AC25: =Z25/AA25 -> 0.75956698 | AE25: COPASA | AF25: https://api.mziq.com/mzfilemanager/v2/d/8bdb3906-0618-4e78-bbe3-a0be9f02d8cc/b8a1aeaf-02bb-1f53-dd31-75245fb0d796?origin=1 | AG25: 2023 | AH25: MG | AI25: =1315102+113975+2746756+567681 -> 4743514 | AJ25: 7573825 | AK25: =AI25/(AI25+AJ25) -> 0.38510867 | AL25: =AI25/AJ25 -> 0.62630362 | AN25: 6 | AO25: COPASA | AP25: https://api.mziq.com/mzfilemanager/v2/d/8bdb3906-0618-4e78-bbe3-a0be9f02d8cc/585dbb2b-bd11-c8f0-6f05-31a76a1c2e95?origin=1 | AQ25: 2022 | AR25: MG | AS25: =150328+790543+826609+2372440 -> 4139920 | AT25: 7254514 | AU25: =AS25/(AS25+AT25) -> 0.36332827 | AV25: =AS25/AT25 -> 0.57066814 | AX25: 6 | AY25: COPASA | AZ25: Central de Resultados - COPASA RI | BA25: 2021 | BB25: MG | BC25: =190315+609822+878079+2307128 -> 3985344 | BD25: 6759358 | BE25: =BC25/(BC25+BD25) -> 0.37091247 | BF25: =BC25/BD25 -> 0.58960392 | BG25: ='[1]2. Estrutura de Capital'!BB25=BE25 -> TRUE
K26: 7 | L26: DESO | M26: https://transparencia.deso-se.com.br/Categorias/index/1 | N26: 2025 | O26: SE | P26: =(81065000+163744904)/1000 -> 244809.9 | Q26: =1581361348/1000 -> 1581361.3 | R26: =IFERROR(P26/(P26+Q26),"") -> 0.13405638 | S26: =P26/Q26 -> 0.15480959 | U26: 7 | V26: DESO | W26: https://www.deso-se.com.br/menu/demonstracoes-financeiras | X26: 2024 | Y26: SE | Z26: =(71592910+213039335)/1000 -> 284632.24 | AA26: =1999011680/1000 -> 1999011.7 | AB26: =IFERROR(Z26/(Z26+AA26),"") -> 0.1246395 | AC26: =Z26/AA26 -> 0.14238648 | AE26: DESO | AF26: https://www.deso-se.com.br/menu/demonstracoes-financeiras | AG26: 2023 | AH26: SE | AI26: =(7223339+107267111)/1000 -> 114490.45 | AJ26: =1930266171/1000 -> 1930266.2 | AK26: =AI26/(AI26+AJ26) -> 0.055992214 | AL26: =AI26/AJ26 -> 0.059313297 | AN26: 7 | AO26: DESO | AP26: https://www.deso-se.com.br/menu/demonstracoes-financeiras | AQ26: 2022 | AR26: SE | AS26: =(15027953+61827354)/1000 -> 76855.307 | AT26: =1865226376/1000 -> 1865226.4 | AU26: =AS26/(AS26+AT26) -> 0.039573674 | AV26: =AS26/AT26 -> 0.041204278 | AX26: 7 | AY26: DESO | AZ26: https://www.deso-se.com.br/menu/demonstracoes-financeiras | BA26: 2021 | BB26: SE | BC26: =(33319757+7106197)/1000 -> 40425.954 | BD26: =1755783019/1000 -> 1755783 | BE26: =BC26/(BC26+BD26) -> 0.022506264 | BF26: =BC26/BD26 -> 0.023024459 | BG26: ='[1]2. Estrutura de Capital'!BB26=BE26 -> FALSE
K27: 8 | L27: EMBASA | M27: https://www.embasa.ba.gov.br/documents/d/guest/demonstracoes-financeiras-2025 | N27: 2025 | O27: BA | P27: 1039277 | Q27: 9106711 | R27: =IFERROR(P27/(P27+Q27),"") -> 0.10243231 | S27: =P27/Q27 -> 0.1141221 | U27: 8 | V27: EMBASA | W27: https://www.embasa.ba.gov.br/documents/d/guest/demonstracoes-financeiras-2025 | X27: 2024 | Y27: BA | Z27: 1028858 | AA27: 8179249 | AB27: =IFERROR(Z27/(Z27+AA27),"") -> 0.11173393 | AC27: =Z27/AA27 -> 0.12578881 | AE27: EMBASA | AF27: https://www.embasa.ba.gov.br/documents/d/guest/rel-dem-financeiras-balanco-2023-diario-oficial-28mar2024-aprovado | AG27: 2023 | AH27: BA | AI27: =382719+61398+503414+2080+19794 -> 969405 | AJ27: 7035275 | AK27: =AI27/(AI27+AJ27) -> 0.12110478 | AL27: =AI27/AJ27 -> 0.13779206 | AN27: 8 | AO27: EMBASA | AP27: Central de Resultados - Institucional | AQ27: 2022 | AR27: BA | AS27: =56478+367251+22916+38116 -> 484761 | AT27: 6622135 | AU27: =AS27/(AS27+AT27) -> 0.068209947 | AV27: =AS27/AT27 -> 0.073203129 | AX27: 8 | AY27: EMBASA | AZ27: Central de Resultados - Institucional | BA27: 2021 | BB27: BA | BC27: =60774+398957+55083+23366 -> 538180 | BD27: 6612501 | BE27: =BC27/(BC27+BD27) -> 0.075262762 | BF27: =BC27/BD27 -> 0.081388267
K28: 9 | L28: SABESP | M28: https://api.mziq.com/mzfilemanager/v2/d/9e47ee51-f833-4a23-af98-2bac9e54e0b3/5a24d677-d014-12a2-c708-6d7c8eabd23a?origin=2 | N28: 2025 | O28: SP | P28: 40142347 | Q28: 42401124 | R28: =IFERROR(P28/(P28+Q28),"") -> 0.48631765 | S28: =P28/Q28 -> 0.94672837 | U28: 9 | V28: SABESP | W28: https://api.mziq.com/mzfilemanager/v2/d/9e47ee51-f833-4a23-af98-2bac9e54e0b3/fc6cf714-818d-db43-d403-ec3aa19dab08?origin=2 | X28: 2024 | Y28: SP | Z28: 25258297 | AA28: 36928054 | AB28: =IFERROR(Z28/(Z28+AA28),"") -> 0.40617107 | AC28: =Z28/AA28 -> 0.68398668 | AE28: SABESP | AF28: https://api.mziq.com/mzfilemanager/v2/d/9e47ee51-f833-4a23-af98-2bac9e54e0b3/02bacf08-9c3c-89d7-851e-3cad602148ba?origin=1 | AG28: 2023 | AH28: SP | AI28: =16919944+2616406+ 1206894+ 6137902 -> 26881146 | AJ28: 29857376 | AK28: =AI28/(AI28+AJ28) -> 0.4737724 | AL28: =AI28/AJ28 -> 0.90031843 | AN28: 9 | AO28: SABESP | AP28: Central de Resultados - Sabesp | AQ28: 2022 | AR28: SP | AS28: =2245960+16712711+ 739534+ 7202296 -> 26900501 | AT28: 27333533 | AU28: =AS28/(AS28+AT28) -> 0.49600775 | AV28: =AS28/AT28 -> 0.98415748 | AX28: 9 | AY28: SABESP | AZ28: Central de Resultados - Sabesp | BA28: 2021 | BB28: SP | BC28: =1830617+15893219+ 596418+ 6736111 -> 25056365 | BD28: 24931859 | BE28: =BC28/(BC28+BD28) -> 0.50124535 | BF28: =BC28/BD28 -> 1.0049939 | BG28: ='[1]2. Estrutura de Capital'!BB28=BE28 -> FALSE
K29: 10 | L29: SANEAGO | M29: https://ri.saneago.com.br/Download.aspx?Arquivo=yAATneVARvLIbeERXZ7iOw==&linguagem=pt | N29: 2025 | O29: GO | P29: =25698+199540+266921+852892 -> 1345051 | Q29: 5107065 | R29: =IFERROR(P29/(P29+Q29),"") -> 0.20846665 | S29: =P29/Q29 -> 0.26337064 | U29: 10 | V29: SANEAGO | W29: https://ri.saneago.com.br/Download.aspx?Arquivo=xKl6AGp5+AmPFEK4fCbtYQ==&linguagem=pt | X29: 2024 | Y29: GO | Z29: =26488+181294+252414+717945 -> 1178141 | AA29: 4596364 | AB29: =IFERROR(Z29/(Z29+AA29),"") -> 0.20402459 | AC29: =Z29/AA29 -> 0.25632021 | AE29: SANEAGO | AF29: https://ri.saneago.com.br/Download.aspx?Arquivo=NzUdK9bu1XmIZR2mXFcZZQ== | AG29: 2023 | AH29: GO | AI29: =23280+152617+225490+669345 -> 1070732 | AJ29: 4084944 | AK29: =AI29/(AI29+AJ29) -> 0.20768023 | AL29: =AI29/AJ29 -> 0.26211669 | AN29: 10 | AO29: SANEAGO | AP29: Central de Resultados - Saneago - Relações com Investidores | AQ29: 2022 | AR29: GO | AS29: =184516+808480 -> 992996 | AT29: 3677183 | AU29: =AS29/(AS29+AT29) -> 0.21262483 | AV29: =AS29/AT29 -> 0.27004258 | AX29: 10 | AY29: SANEAGO | AZ29: Central de Resultados - Saneago - Relações com Investidores | BA29: 2021 | BB29: GO | BC29: =227878+727131 -> 955009 | BD29: 3356818 | BE29: =BC29/(BC29+BD29) -> 0.22148593 | BF29: =BC29/BD29 -> 0.2844983
K30: 11 | L30: BRK | M30: https://api.mziq.com/mzfilemanager/v2/d/9ffe3afc-e8e3-4e62-9f49-04166095f065/88b655b6-aa3d-f152-025f-aa2449875f2c?origin=2 | N30: 2025 | O30: BR | P30: =14044809-273429 -> 13771380 | Q30: 3267255 | R30: =IFERROR(P30/(P30+Q30),"") -> 0.80824432 | S30: =P30/Q30 -> 4.2149694 | U30: 11 | V30: BRK | W30: https://www.rad.cvm.gov.br/ENET/frmDownloadDocumento.aspx?Tela=ext&numSequencia=876224&numVersao=1&numProtocolo=1351498&descTipo=IPE&CodigoInstituicao=1 | X30: 2024 | Y30: BR | Z30: =13673888-263192 -> 13410696 | AA30: 3343387 | AB30: =IFERROR(Z30/(Z30+AA30),"") -> 0.80044345 | AC30: =Z30/AA30 -> 4.0111109 | AE30: BRK | AF30: https://api.mziq.com/mzfilemanager/v2/d/9ffe3afc-e8e3-4e62-9f49-04166095f065/ec5ef1da-46b3-2dbd-5c3b-a1d36c7c88cf?origin=1 | AG30: 2023 | AH30: BR | AI30: =12625684-212470 -> 12413214 | AJ30: 3260067 | AK30: =AI30/(AI30+AJ30) -> 0.79199843 | AL30: =AI30/AJ30 -> 3.8076561 | AN30: 11 | AO30: BRK | AP30: Central de Resultados BRK - BRK RI (brkambiental.com.br) | AQ30: 2022 | AR30: BR | AS30: =10132954-230102 -> 9902852 | AT30: 3429058 | AU30: =AS30/(AS30+AT30) -> 0.74279319 | AV30: =AS30/AT30 -> 2.887922 | AX30: 11 | AY30: BRK | AZ30: https://api.mziq.com/mzfilemanager/v2/d/9ffe3afc-e8e3-4e62-9f49-04166095f065/bc0afe5b-db13-1ef7-e2e8-5a5770ed6bd9?origin=2 | BA30: 2021 | BB30: BR | BC30: =8316451-157299 -> 8159152 | BD30: 3430994 | BE30: =BC30/(BC30+BD30) -> 0.70397319 | BF30: =BC30/BD30 -> 2.3780724
K31: 12 | L31: SANEPAR | M31: https://ri.sanepar.com.br/docs/Outros-Sanepar-2025-12-31-7kqzbLCH.pdf | N31: 2025 | O31: PR | P31: =3643015+3187335 -> 6830350 | Q31: 12347781 | R31: =IFERROR(P31/(P31+Q31),"") -> 0.35615306 | S31: =P31/Q31 -> 0.55316417 | U31: 12 | V31: SANEPAR | W31: https://ri.sanepar.com.br/docs/Sanepar-2024-12-31-MbmJzk6f.pdf | X31: 2024 | Y31: PR | Z31: =2919264+3222033 -> 6141297 | AA31: 10828707 | AB31: =IFERROR(Z31/(Z31+AA31),"") -> 0.36189131 | AC31: =Z31/AA31 -> 0.56713115 | AE31: SANEPAR | AF31: https://ri.sanepar.com.br/docs/Demonstracoes-Financeiras-Anuais-Completas-Sanepar-2023-12-31-pg8MKJFq.pdf | AG31: 2023 | AH31: PR | AI31: =2468975+2800509 -> 5269484 | AJ31: 9744200 | AK31: =AI31/(AI31+AJ31) -> 0.35097875 | AL31: =AI31/AJ31 -> 0.54078159 | AN31: 12 | AO31: SANEPAR | AP31: https://ri.sanepar.com.br/docs/Demonstracoes-Financeiras-Anuais-Completas-Sanepar-2023-12-31-pg8MKJFq.pdf | AQ31: 2022 | AR31: PR | AS31: =2013035+2570358 -> 4583393 | AT31: 8786887 | AU31: =AS31/(AS31+AT31) -> 0.34280456 | AV31: =AS31/AT31 -> 0.52161738 | AX31: 12 | AY31: SANEPAR | AZ31: ri.sanepar.com.br/docs/Sanepar-2021-12-31-brm8g6kb.pdf | BA31: 2021 | BB31: PR | BC31: =1739490+1976064 -> 3715554 | BD31: 7826342 | BE31: =BC31/(BC31+BD31) -> 0.32191886 | BF31: =BC31/BD31 -> 0.47474976
K32: 13 | L32: SANESUL | M32: https://www.sanesul.ms.gov.br/Content/upload/DesmonstracoesContabeisDezembro2025.pdf | N32: 2025 | O32: MS | P32: 520192 | Q32: 1285080 | R32: =IFERROR(P32/(P32+Q32),"") -> 0.28815159 | S32: =P32/Q32 -> 0.40479348 | T32: ='[1]2. Estrutura de Capital'!R32=R32 -> FALSE | U32: 13 | V32: SANESUL | W32: https://www.sanesul.ms.gov.br/Content/upload/DesmonstracoesContabeisDezembro2024.pdf | X32: 2024 | Y32: MS | Z32: =472837 -> 472837 | AA32: 1236680 | AB32: =IFERROR(Z32/(Z32+AA32),"") -> 0.27659099 | AC32: =Z32/AA32 -> 0.38234386 | AE32: SANESUL | AF32: https://www.sanesul.ms.gov.br/Content/upload/Desmonstra%C3%A7%C3%A3o%20Cont%C3%A1beis%202023.pdf | AG32: 2023 | AH32: MS | AI32: =387799+33401 -> 421200 | AJ32: 1146093 | AK32: =AI32/(AI32+AJ32) -> 0.26874362 | AL32: =AI32/AJ32 -> 0.36750944 | AN32: 13 | AO32: SANESUL | AP32: https://www.sanesul.ms.gov.br/Content/upload/Desmonstra%C3%A7%C3%A3o%20Cont%C3%A1beis%202023.pdf | AQ32: 2022 | AR32: MS | AS32: =26662+318503 -> 345165 | AT32: 1076963 | AU32: =AS32/(AS32+AT32) -> 0.24271022 | AV32: =AS32/AT32 -> 0.32049848 | AW32: ='[1]2. Estrutura de Capital'!AS32=AU32 -> FALSE | AX32: 13 | AY32: SANESUL | AZ32: SANESUL - Empresa de Saneamento de Mato Grosso do Sul | BA32: 2021 | BB32: MS | BC32: =20230+232045 -> 252275 | BD32: 750079 | BE32: =BC32/(BC32+BD32) -> 0.25168254 | BF32: =BC32/BD32 -> 0.33633124
Q34: Desv. P | R34: =_xlfn.STDEV.P(R20:R32) -> 0.20306851 | S34: =_xlfn.STDEV.P(S20:S32) -> 1.0500218 | AA34: Desv. P | AB34: =_xlfn.STDEV.P(AB20:AB32) -> 0.18917663 | AC34: =_xlfn.STDEV.P(AC20:AC32) -> 0.99096549 | AJ34: Desv. P | AK34: =_xlfn.STDEV.P(AK20:AK32) -> 0.19989353 | AL34: =_xlfn.STDEV.P(AL20:AL32) -> 0.94878662 | AT34: Desv. P | AU34: =_xlfn.STDEV.P(AU20:AU32) -> 0.19535232 | AV34: =_xlfn.STDEV.P(AV20:AV32) -> 0.72324483 | BD34: Desv. P | BE34: =_xlfn.STDEV.P(BE20:BE32) -> 0.19424034 | BF34: =_xlfn.STDEV.P(BF20:BF32) -> 0.60377401
Q35: Média | R35: =AVERAGE(R20:R32) -> 0.32501034 | S35: =AVERAGE(S20:S32) -> 0.75833237 | AA35: Média | AB35: =AVERAGE(AB20:AB32) -> 0.31796369 | AC35: =AVERAGE(AC20:AC32) -> 0.71114691 | AJ35: Média | AK35: =AVERAGE(AK20:AK32) -> 0.31014535 | AL35: =AVERAGE(AL20:AL32) -> 0.69276946 | AT35: Média | AU35: =AVERAGE(AU20:AU32) -> 0.29154698 | AV35: =AVERAGE(AV20:AV32) -> 0.59175993 | BD35: Média | BE35: =AVERAGE(BE20:BE32) -> 0.28855999 | BF35: =AVERAGE(BF20:BF32) -> 0.55680555
Q36: n° de desvios | R36: 2.576 | S36: 2.576 | AA36: n° de desvios | AB36: 2.576 | AC36: 2.576 | AJ36: n° de desvios | AK36: 2.576 | AL36: 2.576 | AT36: n° de desvios | AU36: 2.576 | AV36: 2.576 | BD36: n° de desvios | BE36: 2.576 | BF36: 2.576
Q37: Excluídos | R37: =COUNTIF(R40:R52,"") -> 0 | S37: =COUNTIF(S40:S52,"") -> 1 | AA37: Excluídos | AB37: =COUNTIF(AB40:AB52,"") -> 0 | AC37: =COUNTIF(AC40:AC52,"") -> 1 | AJ37: Excluídos | AK37: =COUNTIF(AK40:AK52,"") -> 0 | AL37: =COUNTIF(AL40:AL52,"") -> 1 | AT37: Excluídos | AU37: =COUNTIF(AU40:AU52,"") -> 0 | AV37: =COUNTIF(AV40:AV52,"") -> 1 | BD37: Excluídos | BE37: =COUNTIF(BE40:BE52,"") -> 0 | BF37: =COUNTIF(BF40:BF52,"") -> 1
R39: Wd | S39: D/E | AB39: Wd | AC39: D/E | AK39: Wd | AL39: D/E | AU39: Wd | AV39: D/E | BE39: Wd | BF39: D/E
Q40: =L20 -> CAESB | R40: =IF(OR(R20>($R$35+$R$36*$R$34),R20<($R$35-$R$36*$R$34)),"",R20) -> 0.20657115 | S40: =IF(OR(S20>($S$35+$S$36*$S$34),S20<($S$35-$S$36*$S$34)),"",S20) -> 0.26035246 | Z40: =IF(OR(Z20>($Z$35+$Z$36*$Z$34),Z20<($Z$35-$Z$36*$Z$34)),"",Z20) | AA40: =V20 -> CAESB | AB40: =IF(OR(AB20>($AB$35+$AB$36*$AB$34),AB20<($AB$35-$AB$36*$AB$34)),"",AB20) -> 0.28054239 | AC40: =IF(OR(AC20>($AC$35+$AC$36*$AC$34),AC20<($AC$35-$AC$36*$AC$34)),"",AC20) -> 0.38993595 | AJ40: =AE20 -> CAESB | AK40: =IF(OR(AK20>($AK$35+$AK$36*$AK$34),AK20<($AK$35-$AK$36*$AK$34)),"",AK20) -> 0.26799732 | AL40: =IF(OR(AL20>($AL$35+$AL$36*$AL$34),AL20<($AL$35-$AL$36*$AL$34)),"",AL20) -> 0.36611523 | AT40: =AO20 -> CAESB | AU40: =IF(OR(AU20>($AU$35+$AU$36*$AU$34),AU20<($AU$35-$AU$36*$AU$34)),"",AU20) -> 0.33134693 | AV40: =IF(OR(AV20>($AV$35+$AV$36*$AV$34),AV20<($AV$35-$AV$36*$AV$34)),"",AV20) -> 0.49554388 | BD40: =AY20 -> CAESB | BE40: =IF(OR(BE20>($BE$35+$BE$36*$BE$34),BE20<($BE$35-$BE$36*$BE$34)),"",BE20) -> 0.38230269 | BF40: =IF(OR(BF20>($BF$35+$BF$36*$BF$34),BF20<($BF$35-$BF$36*$BF$34)),"",BF20) -> 0.6189159
Q41: =L21 -> CAGECE | R41: =IF(OR(R21>($R$35+$R$36*$R$34),R21<($R$35-$R$36*$R$34)),"",R21) -> 0.42158277 | S41: =IF(OR(S21>($S$35+$S$36*$S$34),S21<($S$35-$S$36*$S$34)),"",S21) -> 0.72885584 | Z41: =IF(OR(Z21>($Z$35+$Z$36*$Z$34),Z21<($Z$35-$Z$36*$Z$34)),"",Z21) | AA41: =V21 -> CAGECE | AB41: =IF(OR(AB21>($AB$35+$AB$36*$AB$34),AB21<($AB$35-$AB$36*$AB$34)),"",AB21) -> 0.3631063 | AC41: =IF(OR(AC21>($AC$35+$AC$36*$AC$34),AC21<($AC$35-$AC$36*$AC$34)),"",AC21) -> 0.57012073 | AJ41: =AE21 -> CAGECE | AK41: =IF(OR(AK21>($AK$35+$AK$36*$AK$34),AK21<($AK$35-$AK$36*$AK$34)),"",AK21) -> 0.39284254 | AL41: =IF(OR(AL21>($AL$35+$AL$36*$AL$34),AL21<($AL$35-$AL$36*$AL$34)),"",AL21) -> 0.64701922 | AT41: =AO21 -> CAGECE | AU41: =IF(OR(AU21>($AU$35+$AU$36*$AU$34),AU21<($AU$35-$AU$36*$AU$34)),"",AU21) -> 0.31210347 | AV41: =IF(OR(AV21>($AV$35+$AV$36*$AV$34),AV21<($AV$35-$AV$36*$AV$34)),"",AV21) -> 0.45370699 | BD41: =AY21 -> CAGECE | BE41: =IF(OR(BE21>($BE$35+$BE$36*$BE$34),BE21<($BE$35-$BE$36*$BE$34)),"",BE21) -> 0.32046742 | BF41: =IF(OR(BF21>($BF$35+$BF$36*$BF$34),BF21<($BF$35-$BF$36*$BF$34)),"",BF21) -> 0.4715998
Q42: =L22 -> CASAN | R42: =IF(OR(R22>($R$35+$R$36*$R$34),R22<($R$35-$R$36*$R$34)),"",R22) -> 0.51748002 | S42: =IF(OR(S22>($S$35+$S$36*$S$34),S22<($S$35-$S$36*$S$34)),"",S22) -> 1.072453 | Z42: =IF(OR(Z22>($Z$35+$Z$36*$Z$34),Z22<($Z$35-$Z$36*$Z$34)),"",Z22) | AA42: =V22 -> CASAN | AB42: =IF(OR(AB22>($AB$35+$AB$36*$AB$34),AB22<($AB$35-$AB$36*$AB$34)),"",AB22) -> 0.51291669 | AC42: =IF(OR(AC22>($AC$35+$AC$36*$AC$34),AC22<($AC$35-$AC$36*$AC$34)),"",AC22) -> 1.0530369 | AJ42: =AE22 -> CASAN | AK42: =IF(OR(AK22>($AK$35+$AK$36*$AK$34),AK22<($AK$35-$AK$36*$AK$34)),"",AK22) -> 0.51678477 | AL42: =IF(OR(AL22>($AL$35+$AL$36*$AL$34),AL22<($AL$35-$AL$36*$AL$34)),"",AL22) -> 1.0694712 | AT42: =AO22 -> CASAN | AU42: =IF(OR(AU22>($AU$35+$AU$36*$AU$34),AU22<($AU$35-$AU$36*$AU$34)),"",AU22) -> 0.47136289 | AV42: =IF(OR(AV22>($AV$35+$AV$36*$AV$34),AV22<($AV$35-$AV$36*$AV$34)),"",AV22) -> 0.89165683 | BD42: =AY22 -> CASAN | BE42: =IF(OR(BE22>($BE$35+$BE$36*$BE$34),BE22<($BE$35-$BE$36*$BE$34)),"",BE22) -> 0.45836324 | BF42: =IF(OR(BF22>($BF$35+$BF$36*$BF$34),BF22<($BF$35-$BF$36*$BF$34)),"",BF22) -> 0.8462558
Q43: =L23 -> CESAN | R43: =IF(OR(R23>($R$35+$R$36*$R$34),R23<($R$35-$R$36*$R$34)),"",R23) -> 0.15662411 | S43: =IF(OR(S23>($S$35+$S$36*$S$34),S23<($S$35-$S$36*$S$34)),"",S23) -> 0.18571091 | Z43: =IF(OR(Z23>($Z$35+$Z$36*$Z$34),Z23<($Z$35-$Z$36*$Z$34)),"",Z23) | AA43: =V23 -> CESAN | AB43: =IF(OR(AB23>($AB$35+$AB$36*$AB$34),AB23<($AB$35-$AB$36*$AB$34)),"",AB23) -> 0.16881716 | AC43: =IF(OR(AC23>($AC$35+$AC$36*$AC$34),AC23<($AC$35-$AC$36*$AC$34)),"",AC23) -> 0.20310472 | AJ43: =AE23 -> CESAN | AK43: =IF(OR(AK23>($AK$35+$AK$36*$AK$34),AK23<($AK$35-$AK$36*$AK$34)),"",AK23) -> 0.11608432 | AL43: =IF(OR(AL23>($AL$35+$AL$36*$AL$34),AL23<($AL$35-$AL$36*$AL$34)),"",AL23) -> 0.13132962 | AT43: =AO23 -> CESAN | AU43: =IF(OR(AU23>($AU$35+$AU$36*$AU$34),AU23<($AU$35-$AU$36*$AU$34)),"",AU23) -> 0.09125047 | AV43: =IF(OR(AV23>($AV$35+$AV$36*$AV$34),AV23<($AV$35-$AV$36*$AV$34)),"",AV23) -> 0.10041322 | BD43: =AY23 -> CESAN | BE43: =IF(OR(BE23>($BE$35+$BE$36*$BE$34),BE23<($BE$35-$BE$36*$BE$34)),"",BE23) -> 0.06581878 | BF43: =IF(OR(BF23>($BF$35+$BF$36*$BF$34),BF23<($BF$35-$BF$36*$BF$34)),"",BF23) -> 0.070456115
Q44: =L24 -> COMPESA | R44: =IF(OR(R24>($R$35+$R$36*$R$34),R24<($R$35-$R$36*$R$34)),"",R24) -> 0.069878822 | S44: =IF(OR(S24>($S$35+$S$36*$S$34),S24<($S$35-$S$36*$S$34)),"",S24) -> 0.075128729 | Z44: =IF(OR(Z24>($Z$35+$Z$36*$Z$34),Z24<($Z$35-$Z$36*$Z$34)),"",Z24) | AA44: =V24 -> COMPESA | AB44: =IF(OR(AB24>($AB$35+$AB$36*$AB$34),AB24<($AB$35-$AB$36*$AB$34)),"",AB24) -> 0.090972289 | AC44: =IF(OR(AC24>($AC$35+$AC$36*$AC$34),AC24<($AC$35-$AC$36*$AC$34)),"",AC24) -> 0.10007648 | AJ44: =AE24 -> COMPESA | AK44: =IF(OR(AK24>($AK$35+$AK$36*$AK$34),AK24<($AK$35-$AK$36*$AK$34)),"",AK24) -> 0.082801485 | AL44: =IF(OR(AL24>($AL$35+$AL$36*$AL$34),AL24<($AL$35-$AL$36*$AL$34)),"",AL24) -> 0.090276514 | AT44: =AO24 -> COMPESA | AU44: =IF(OR(AU24>($AU$35+$AU$36*$AU$34),AU24<($AU$35-$AU$36*$AU$34)),"",AU24) -> 0.075994567 | AV44: =IF(OR(AV24>($AV$35+$AV$36*$AV$34),AV24<($AV$35-$AV$36*$AV$34)),"",AV24) -> 0.082244719 | BD44: =AY24 -> COMPESA | BE44: =IF(OR(BE24>($BE$35+$BE$36*$BE$34),BE24<($BE$35-$BE$36*$BE$34)),"",BE24) -> 0.055340416 | BF44: =IF(OR(BF24>($BF$35+$BF$36*$BF$34),BF24<($BF$35-$BF$36*$BF$34)),"",BF24) -> 0.05858239
Q45: =L25 -> COPASA | R45: =IF(OR(R25>($R$35+$R$36*$R$34),R25<($R$35-$R$36*$R$34)),"",R25) -> 0.46917555 | S45: =IF(OR(S25>($S$35+$S$36*$S$34),S25<($S$35-$S$36*$S$34)),"",S25) -> 0.88386199 | Z45: =IF(OR(Z25>($Z$35+$Z$36*$Z$34),Z25<($Z$35-$Z$36*$Z$34)),"",Z25) | AA45: =V25 -> COPASA | AB45: =IF(OR(AB25>($AB$35+$AB$36*$AB$34),AB25<($AB$35-$AB$36*$AB$34)),"",AB25) -> 0.43167836 | AC45: =IF(OR(AC25>($AC$35+$AC$36*$AC$34),AC25<($AC$35-$AC$36*$AC$34)),"",AC25) -> 0.75956698 | AJ45: =AE25 -> COPASA | AK45: =IF(OR(AK25>($AK$35+$AK$36*$AK$34),AK25<($AK$35-$AK$36*$AK$34)),"",AK25) -> 0.38510867 | AL45: =IF(OR(AL25>($AL$35+$AL$36*$AL$34),AL25<($AL$35-$AL$36*$AL$34)),"",AL25) -> 0.62630362 | AT45: =AO25 -> COPASA | AU45: =IF(OR(AU25>($AU$35+$AU$36*$AU$34),AU25<($AU$35-$AU$36*$AU$34)),"",AU25) -> 0.36332827 | AV45: =IF(OR(AV25>($AV$35+$AV$36*$AV$34),AV25<($AV$35-$AV$36*$AV$34)),"",AV25) -> 0.57066814 | BD45: =AY25 -> COPASA | BE45: =IF(OR(BE25>($BE$35+$BE$36*$BE$34),BE25<($BE$35-$BE$36*$BE$34)),"",BE25) -> 0.37091247 | BF45: =IF(OR(BF25>($BF$35+$BF$36*$BF$34),BF25<($BF$35-$BF$36*$BF$34)),"",BF25) -> 0.58960392
Q46: =L26 -> DESO | R46: =IF(OR(R26>($R$35+$R$36*$R$34),R26<($R$35-$R$36*$R$34)),"",R26) -> 0.13405638 | S46: =IF(OR(S26>($S$35+$S$36*$S$34),S26<($S$35-$S$36*$S$34)),"",S26) -> 0.15480959 | Z46: =IF(OR(Z26>($Z$35+$Z$36*$Z$34),Z26<($Z$35-$Z$36*$Z$34)),"",Z26) | AA46: =V26 -> DESO | AB46: =IF(OR(AB26>($AB$35+$AB$36*$AB$34),AB26<($AB$35-$AB$36*$AB$34)),"",AB26) -> 0.1246395 | AC46: =IF(OR(AC26>($AC$35+$AC$36*$AC$34),AC26<($AC$35-$AC$36*$AC$34)),"",AC26) -> 0.14238648 | AJ46: =AE26 -> DESO | AK46: =IF(OR(AK26>($AK$35+$AK$36*$AK$34),AK26<($AK$35-$AK$36*$AK$34)),"",AK26) -> 0.055992214 | AL46: =IF(OR(AL26>($AL$35+$AL$36*$AL$34),AL26<($AL$35-$AL$36*$AL$34)),"",AL26) -> 0.059313297 | AT46: =AO26 -> DESO | AU46: =IF(OR(AU26>($AU$35+$AU$36*$AU$34),AU26<($AU$35-$AU$36*$AU$34)),"",AU26) -> 0.039573674 | AV46: =IF(OR(AV26>($AV$35+$AV$36*$AV$34),AV26<($AV$35-$AV$36*$AV$34)),"",AV26) -> 0.041204278 | BD46: =AY26 -> DESO | BE46: =IF(OR(BE26>($BE$35+$BE$36*$BE$34),BE26<($BE$35-$BE$36*$BE$34)),"",BE26) -> 0.022506264 | BF46: =IF(OR(BF26>($BF$35+$BF$36*$BF$34),BF26<($BF$35-$BF$36*$BF$34)),"",BF26) -> 0.023024459
Q47: =L27 -> EMBASA | R47: =IF(OR(R27>($R$35+$R$36*$R$34),R27<($R$35-$R$36*$R$34)),"",R27) -> 0.10243231 | S47: =IF(OR(S27>($S$35+$S$36*$S$34),S27<($S$35-$S$36*$S$34)),"",S27) -> 0.1141221 | Z47: =IF(OR(Z27>($Z$35+$Z$36*$Z$34),Z27<($Z$35-$Z$36*$Z$34)),"",Z27) | AA47: =V27 -> EMBASA | AB47: =IF(OR(AB27>($AB$35+$AB$36*$AB$34),AB27<($AB$35-$AB$36*$AB$34)),"",AB27) -> 0.11173393 | AC47: =IF(OR(AC27>($AC$35+$AC$36*$AC$34),AC27<($AC$35-$AC$36*$AC$34)),"",AC27) -> 0.12578881 | AJ47: =AE27 -> EMBASA | AK47: =IF(OR(AK27>($AK$35+$AK$36*$AK$34),AK27<($AK$35-$AK$36*$AK$34)),"",AK27) -> 0.12110478 | AL47: =IF(OR(AL27>($AL$35+$AL$36*$AL$34),AL27<($AL$35-$AL$36*$AL$34)),"",AL27) -> 0.13779206 | AT47: =AO27 -> EMBASA | AU47: =IF(OR(AU27>($AU$35+$AU$36*$AU$34),AU27<($AU$35-$AU$36*$AU$34)),"",AU27) -> 0.068209947 | AV47: =IF(OR(AV27>($AV$35+$AV$36*$AV$34),AV27<($AV$35-$AV$36*$AV$34)),"",AV27) -> 0.073203129 | BD47: =AY27 -> EMBASA | BE47: =IF(OR(BE27>($BE$35+$BE$36*$BE$34),BE27<($BE$35-$BE$36*$BE$34)),"",BE27) -> 0.075262762 | BF47: =IF(OR(BF27>($BF$35+$BF$36*$BF$34),BF27<($BF$35-$BF$36*$BF$34)),"",BF27) -> 0.081388267
Q48: =L28 -> SABESP | R48: =IF(OR(R28>($R$35+$R$36*$R$34),R28<($R$35-$R$36*$R$34)),"",R28) -> 0.48631765 | S48: =IF(OR(S28>($S$35+$S$36*$S$34),S28<($S$35-$S$36*$S$34)),"",S28) -> 0.94672837 | Z48: =IF(OR(Z28>($Z$35+$Z$36*$Z$34),Z28<($Z$35-$Z$36*$Z$34)),"",Z28) | AA48: =V28 -> SABESP | AB48: =IF(OR(AB28>($AB$35+$AB$36*$AB$34),AB28<($AB$35-$AB$36*$AB$34)),"",AB28) -> 0.40617107 | AC48: =IF(OR(AC28>($AC$35+$AC$36*$AC$34),AC28<($AC$35-$AC$36*$AC$34)),"",AC28) -> 0.68398668 | AJ48: =AE28 -> SABESP | AK48: =IF(OR(AK28>($AK$35+$AK$36*$AK$34),AK28<($AK$35-$AK$36*$AK$34)),"",AK28) -> 0.4737724 | AL48: =IF(OR(AL28>($AL$35+$AL$36*$AL$34),AL28<($AL$35-$AL$36*$AL$34)),"",AL28) -> 0.90031843 | AT48: =AO28 -> SABESP | AU48: =IF(OR(AU28>($AU$35+$AU$36*$AU$34),AU28<($AU$35-$AU$36*$AU$34)),"",AU28) -> 0.49600775 | AV48: =IF(OR(AV28>($AV$35+$AV$36*$AV$34),AV28<($AV$35-$AV$36*$AV$34)),"",AV28) -> 0.98415748 | BD48: =AY28 -> SABESP | BE48: =IF(OR(BE28>($BE$35+$BE$36*$BE$34),BE28<($BE$35-$BE$36*$BE$34)),"",BE28) -> 0.50124535 | BF48: =IF(OR(BF28>($BF$35+$BF$36*$BF$34),BF28<($BF$35-$BF$36*$BF$34)),"",BF28) -> 1.0049939
Q49: =L29 -> SANEAGO | R49: =IF(OR(R29>($R$35+$R$36*$R$34),R29<($R$35-$R$36*$R$34)),"",R29) -> 0.20846665 | S49: =IF(OR(S29>($S$35+$S$36*$S$34),S29<($S$35-$S$36*$S$34)),"",S29) -> 0.26337064 | Z49: =IF(OR(Z29>($Z$35+$Z$36*$Z$34),Z29<($Z$35-$Z$36*$Z$34)),"",Z29) | AA49: =V29 -> SANEAGO | AB49: =IF(OR(AB29>($AB$35+$AB$36*$AB$34),AB29<($AB$35-$AB$36*$AB$34)),"",AB29) -> 0.20402459 | AC49: =IF(OR(AC29>($AC$35+$AC$36*$AC$34),AC29<($AC$35-$AC$36*$AC$34)),"",AC29) -> 0.25632021 | AJ49: =AE29 -> SANEAGO | AK49: =IF(OR(AK29>($AK$35+$AK$36*$AK$34),AK29<($AK$35-$AK$36*$AK$34)),"",AK29) -> 0.20768023 | AL49: =IF(OR(AL29>($AL$35+$AL$36*$AL$34),AL29<($AL$35-$AL$36*$AL$34)),"",AL29) -> 0.26211669 | AT49: =AO29 -> SANEAGO | AU49: =IF(OR(AU29>($AU$35+$AU$36*$AU$34),AU29<($AU$35-$AU$36*$AU$34)),"",AU29) -> 0.21262483 | AV49: =IF(OR(AV29>($AV$35+$AV$36*$AV$34),AV29<($AV$35-$AV$36*$AV$34)),"",AV29) -> 0.27004258 | BD49: =AY29 -> SANEAGO | BE49: =IF(OR(BE29>($BE$35+$BE$36*$BE$34),BE29<($BE$35-$BE$36*$BE$34)),"",BE29) -> 0.22148593 | BF49: =IF(OR(BF29>($BF$35+$BF$36*$BF$34),BF29<($BF$35-$BF$36*$BF$34)),"",BF29) -> 0.2844983
Q50: =L30 -> BRK | R50: =IF(OR(R30>($R$35+$R$36*$R$34),R30<($R$35-$R$36*$R$34)),"",R30) -> 0.80824432 | S50: =IF(OR(S30>($S$35+$S$36*$S$34),S30<($S$35-$S$36*$S$34)),"",S30) | Z50: =IF(OR(Z30>($Z$35+$Z$36*$Z$34),Z30<($Z$35-$Z$36*$Z$34)),"",Z30) | AA50: =V30 -> BRK | AB50: =IF(OR(AB30>($AB$35+$AB$36*$AB$34),AB30<($AB$35-$AB$36*$AB$34)),"",AB30) -> 0.80044345 | AC50: =IF(OR(AC30>($AC$35+$AC$36*$AC$34),AC30<($AC$35-$AC$36*$AC$34)),"",AC30) | AJ50: =AE30 -> BRK | AK50: =IF(OR(AK30>($AK$35+$AK$36*$AK$34),AK30<($AK$35-$AK$36*$AK$34)),"",AK30) -> 0.79199843 | AL50: =IF(OR(AL30>($AL$35+$AL$36*$AL$34),AL30<($AL$35-$AL$36*$AL$34)),"",AL30) | AT50: =AO30 -> BRK | AU50: =IF(OR(AU30>($AU$35+$AU$36*$AU$34),AU30<($AU$35-$AU$36*$AU$34)),"",AU30) -> 0.74279319 | AV50: =IF(OR(AV30>($AV$35+$AV$36*$AV$34),AV30<($AV$35-$AV$36*$AV$34)),"",AV30) | BD50: =AY30 -> BRK | BE50: =IF(OR(BE30>($BE$35+$BE$36*$BE$34),BE30<($BE$35-$BE$36*$BE$34)),"",BE30) -> 0.70397319 | BF50: =IF(OR(BF30>($BF$35+$BF$36*$BF$34),BF30<($BF$35-$BF$36*$BF$34)),"",BF30)
Q51: =L31 -> SANEPAR | R51: =IF(OR(R31>($R$35+$R$36*$R$34),R31<($R$35-$R$36*$R$34)),"",R31) -> 0.35615306 | S51: =IF(OR(S31>($S$35+$S$36*$S$34),S31<($S$35-$S$36*$S$34)),"",S31) -> 0.55316417 | Z51: =IF(OR(Z31>($Z$35+$Z$36*$Z$34),Z31<($Z$35-$Z$36*$Z$34)),"",Z31) | AA51: =V31 -> SANEPAR | AB51: =IF(OR(AB31>($AB$35+$AB$36*$AB$34),AB31<($AB$35-$AB$36*$AB$34)),"",AB31) -> 0.36189131 | AC51: =IF(OR(AC31>($AC$35+$AC$36*$AC$34),AC31<($AC$35-$AC$36*$AC$34)),"",AC31) -> 0.56713115 | AJ51: =AE31 -> SANEPAR | AK51: =IF(OR(AK31>($AK$35+$AK$36*$AK$34),AK31<($AK$35-$AK$36*$AK$34)),"",AK31) -> 0.35097875 | AL51: =IF(OR(AL31>($AL$35+$AL$36*$AL$34),AL31<($AL$35-$AL$36*$AL$34)),"",AL31) -> 0.54078159 | AT51: =AO31 -> SANEPAR | AU51: =IF(OR(AU31>($AU$35+$AU$36*$AU$34),AU31<($AU$35-$AU$36*$AU$34)),"",AU31) -> 0.34280456 | AV51: =IF(OR(AV31>($AV$35+$AV$36*$AV$34),AV31<($AV$35-$AV$36*$AV$34)),"",AV31) -> 0.52161738 | BD51: =AY31 -> SANEPAR | BE51: =IF(OR(BE31>($BE$35+$BE$36*$BE$34),BE31<($BE$35-$BE$36*$BE$34)),"",BE31) -> 0.32191886 | BF51: =IF(OR(BF31>($BF$35+$BF$36*$BF$34),BF31<($BF$35-$BF$36*$BF$34)),"",BF31) -> 0.47474976
Q52: =L32 -> SANESUL | R52: =IF(OR(R32>($R$35+$R$36*$R$34),R32<($R$35-$R$36*$R$34)),"",R32) -> 0.28815159 | S52: =IF(OR(S32>($S$35+$S$36*$S$34),S32<($S$35-$S$36*$S$34)),"",S32) -> 0.40479348 | Z52: =IF(OR(Z32>($Z$35+$Z$36*$Z$34),Z32<($Z$35-$Z$36*$Z$34)),"",Z32) | AA52: =V32 -> SANESUL | AB52: =IF(OR(AB32>($AB$35+$AB$36*$AB$34),AB32<($AB$35-$AB$36*$AB$34)),"",AB32) -> 0.27659099 | AC52: =IF(OR(AC32>($AC$35+$AC$36*$AC$34),AC32<($AC$35-$AC$36*$AC$34)),"",AC32) -> 0.38234386 | AJ52: =AE32 -> SANESUL | AK52: =IF(OR(AK32>($AK$35+$AK$36*$AK$34),AK32<($AK$35-$AK$36*$AK$34)),"",AK32) -> 0.26874362 | AL52: =IF(OR(AL32>($AL$35+$AL$36*$AL$34),AL32<($AL$35-$AL$36*$AL$34)),"",AL32) -> 0.36750944 | AT52: =AO32 -> SANESUL | AU52: =IF(OR(AU32>($AU$35+$AU$36*$AU$34),AU32<($AU$35-$AU$36*$AU$34)),"",AU32) -> 0.24271022 | AV52: =IF(OR(AV32>($AV$35+$AV$36*$AV$34),AV32<($AV$35-$AV$36*$AV$34)),"",AV32) -> 0.32049848 | BD52: =AY32 -> SANESUL | BE52: =IF(OR(BE32>($BE$35+$BE$36*$BE$34),BE32<($BE$35-$BE$36*$BE$34)),"",BE32) -> 0.25168254 | BF52: =IF(OR(BF32>($BF$35+$BF$36*$BF$34),BF32<($BF$35-$BF$36*$BF$34)),"",BF32) -> 0.33633124
Q56: MÉDIA | R56: =AVERAGE(R40:R52) -> 0.32501034 | S56: =AVERAGE(S40:S52) -> 0.47027928 | AA56: MÉDIA | AB56: =AVERAGE(AB40:AB52) -> 0.31796369 | AC56: =AVERAGE(AC40:AC52) -> 0.43614991 | AJ56: MÉDIA | AK56: =AVERAGE(AK40:AK52) -> 0.31014535 | AL56: =AVERAGE(AL40:AL52) -> 0.43319558 | AT56: MÉDIA | AU56: =AVERAGE(AU40:AU52) -> 0.29154698 | AV56: =AVERAGE(AV40:AV52) -> 0.40041309 | BD56: MÉDIA | BE56: =AVERAGE(BE40:BE52) -> 0.28855999 | BF56: =AVERAGE(BF40:BF52) -> 0.40503332

Sheet 3. Variáveis
U1: Agência Goiana de Regulação, Controle e Fiscalização - AGR
A2: Projeto: Cálculo da Taxa de Remuneração Regulatória | U2: Agência Goiana de Regulação – AR
A3: Interessados: Saneago e BRK Ambiental | U3: Agência Reguladora do Município de Anápolis - ARM
U4: Agência de Regulação dos Serviços Públicos de Saneamento Básico - AMAE
B6: Dados utilizados nos modelos
C8: Rentabilidade da carteira de mercado (Rm)
B9: Data | C9: S&P-500 TR | D9: Retornos anuais a cada mês | E9: Retornos com exclusão de outliers | I9: Data | J9: 20-Year Treasury Constant Maturity Rate | K9: Data | L9: Risco-país CDS 20 anos | N9: Risco-país CDS 20 anos | O9: Exclusação de outliers | P9: Data | Q9: Consumer Price Index for All Urban Consumers | R9: % CPI | S9: Data | T9: % IPCA | U9: Taxa_BNDES_TLP Série 20765 BC - PJ | V9: Taxa Preferencial Brasileira (TPB) | X9: Data | Y9: Bank Prime Loan Rate
D10: =AVERAGE(D24:D155) -> 0.13997156 | E10: =AVERAGE(E24:E155) -> 0.1367384 | I10: Média | J10: =AVERAGE(J12:J2880)/100 -> 0.029987745 | L10: =AVERAGE(L12:L2879)/10000 -> 0.029830034 | N10: =AVERAGE(N12:N2879) -> 0.032686661 | O10: =AVERAGE(O12:O2879) -> 0.032039575 | R10: =(1+AVERAGE(R13:R144))^12-1 -> 0.029982933 | T10: =(1+AVERAGE(T13:T144)/100)^12-1 -> 0.056235795 | U10: =AVERAGE(U13:U144)/100 -> 0.10829015 | V10: =AVERAGE(V13:V144)/100 -> 0.13974924 | Y10: =AVERAGE(Y13:Y144)/100 -> 0.0325
F11: S&P-500 TR
B12: 41641 | C12: 3200.95 | F12: 10 anos - 120 retornos mensais | I12: 42006 | J12: 2.41 | K12: 42005 | L12: 274.58 | M12: 274.58 | N12: 0.027458 | O12: =IF(OR(N12>($G$25+$G$26*$G$24),N12<($G$25-$G$26*$G$24)),"",N12) -> 0.027458 | P12: 41974 | Q12: 236.252
B13: 41673 | C13: 3347.3799 | F13: Desv. P | G13: =_xlfn.STDEV.P(D24:D156) -> 0.13001875 | I13: 42009 | J13: 2.32 | K13: 42006 | L13: 281.43 | M13: 281.43 | N13: 0.028143 | O13: =IF(OR(N13>($G$25+$G$26*$G$24),N13<($G$25-$G$26*$G$24)),"",N13) -> 0.028143 | P13: 42005 | Q13: 234.747 | R13: =ROUND(Q13/Q12-1,4) -> -0.0064 | S13: 42005 | T13: 1.24 | U13: 8.14 | V13: 16.36 | X13: 42006 | Y13: 3.25
B14: 41701 | C14: 3375.51 | F14: Média | G14: =AVERAGE(D24:D156) -> 0.14012113 | I14: 42010 | J14: 2.25 | K14: 42009 | L14: 29.46 | M14: 294.6 | N14: 0.02946 | O14: =IF(OR(N14>($G$25+$G$26*$G$24),N14<($G$25-$G$26*$G$24)),"",N14) -> 0.02946 | P14: 42036 | Q14: 235.342 | R14: =ROUND(Q14/Q13-1,4) -> 0.0025 | S14: 42036 | T14: 1.22 | U14: 8.61 | V14: 16.46 | X14: 42009 | Y14: 3.25
B15: 41730 | C15: 3400.46 | F15: n° de desvios | G15: 2.576 | I15: 42011 | J15: 2.25 | K15: 42010 | L15: 289.41 | M15: 289.41 | N15: 0.028941 | O15: =IF(OR(N15>($G$25+$G$26*$G$24),N15<($G$25-$G$26*$G$24)),"",N15) -> 0.028941 | P15: 42064 | Q15: 235.976 | R15: =ROUND(Q15/Q14-1,4) -> 0.0027 | S15: 42064 | T15: 1.32 | U15: 8.04 | V15: 16.99 | X15: 42010 | Y15: 3.25
B16: 41760 | C16: 3480.29 | F16: Excluídos | G16: =COUNTIF(E24:E143,"") -> 1 | I16: 42012 | J16: 2.33 | K16: 42011 | L16: 278.74 | M16: 278.74 | N16: 0.027874 | O16: =IF(OR(N16>($G$25+$G$26*$G$24),N16<($G$25-$G$26*$G$24)),"",N16) -> 0.027874 | P16: 42095 | Q16: 236.222 | R16: =ROUND(Q16/Q15-1,4) -> 0.001 | S16: 42095 | T16: 0.71 | U16: 8.81 | V16: 17.08 | X16: 42011 | Y16: 3.25
B17: 41792 | C17: 3552.1799 | I17: 42013 | J17: 2.29 | K17: 42012 | L17: 275.69 | M17: 275.69 | N17: 0.027569 | O17: =IF(OR(N17>($G$25+$G$26*$G$24),N17<($G$25-$G$26*$G$24)),"",N17) -> 0.027569 | P17: 42125 | Q17: 237.001 | R17: =ROUND(Q17/Q16-1,4) -> 0.0033 | S17: 42125 | T17: 0.74 | U17: 8.94 | V17: 17.26 | X17: 42012 | Y17: 3.25
B18: 41821 | C18: 3503.1899 | I18: 42016 | J18: 2.23 | K18: 42013 | L18: 270.04 | M18: 270.04 | N18: 0.027004 | O18: =IF(OR(N18>($G$25+$G$26*$G$24),N18<($G$25-$G$26*$G$24)),"",N18) -> 0.027004 | P18: 42156 | Q18: 237.657 | R18: =ROUND(Q18/Q17-1,4) -> 0.0028 | S18: 42156 | T18: 0.79 | U18: 9.02 | V18: 17.41 | X18: 42013 | Y18: 3.25
B19: 41852 | C19: 3643.3301 | F19: 20-Year Treasury Constant Maturity Rate | I19: 42017 | J19: 2.24 | K19: 42016 | L19: 276.94 | M19: 276.94 | N19: 0.027694 | O19: =IF(OR(N19>($G$25+$G$26*$G$24),N19<($G$25-$G$26*$G$24)),"",N19) -> 0.027694 | P19: 42186 | Q19: 238.034 | R19: =ROUND(Q19/Q18-1,4) -> 0.0016 | S19: 42186 | T19: 0.62 | U19: 9.53 | V19: 17.68 | X19: 42016 | Y19: 3.25
B20: 41884 | C20: 3592.25 | I20: 42018 | J20: 2.2 | K20: 42017 | L20: 272.64 | M20: 272.64 | N20: 0.027264 | O20: =IF(OR(N20>($G$25+$G$26*$G$24),N20<($G$25-$G$26*$G$24)),"",N20) -> 0.027264 | P20: 42217 | Q20: 238.033 | R20: =ROUND(Q20/Q19-1,4) -> 0 | S20: 42217 | T20: 0.22 | U20: 9.73 | V20: 18 | X20: 42017 | Y20: 3.25
B21: 41913 | C21: 3679.99 | F21: Detecção de valores | G21: =COUNTIF($L$12:$L$2879,"<100") -> 280 | I21: 42019 | J21: 2.12 | K21: 42018 | L21: 267.68 | M21: 267.68 | N21: 0.026768 | O21: =IF(OR(N21>($G$25+$G$26*$G$24),N21<($G$25-$G$26*$G$24)),"",N21) -> 0.026768 | P21: 42248 | Q21: 237.498 | R21: =ROUND(Q21/Q20-1,4) -> -0.0022 | S21: 42248 | T21: 0.54 | U21: 9.36 | V21: 18.27 | X21: 42018 | Y21: 3.25
B22: 41946 | C22: 3778.96 | I22: 42020 | J22: 2.17 | K22: 42019 | L22: 273.14 | M22: 273.14 | N22: 0.027314 | O22: =IF(OR(N22>($G$25+$G$26*$G$24),N22<($G$25-$G$26*$G$24)),"",N22) -> 0.027314 | P22: 42278 | Q22: 237.733 | R22: =ROUND(Q22/Q21-1,4) -> 0.001 | S22: 42278 | T22: 0.82 | U22: 9.99 | V22: 18.49 | X22: 42019 | Y22: 3.25
B23: 41974 | C23: 3769.4399 | F23: 10 anos - 120 retornos mensais | I23: 42023 | K23: 42020 | L23: 273.32 | M23: 273.32 | N23: 0.027332 | O23: =IF(OR(N23>($G$25+$G$26*$G$24),N23<($G$25-$G$26*$G$24)),"",N23) -> 0.027332 | P23: 42309 | Q23: 238.017 | R23: =ROUND(Q23/Q22-1,4) -> 0.0012 | S23: 42309 | T23: 1.01 | U23: 9.9 | V23: 18.68 | X23: 42020 | Y23: 3.25
B24: 42006 | C24: 3656.28 | D24: =C24/C12-1 -> 0.14224842 | E24: =IF(OR(D24>($G$14+$G$15*$G$13),D24<($G$14-$G$15*$G$13)),"",D24) -> 0.14224842 | F24: Desv. P | G24: =_xlfn.STDEV.P(M12:M2879)/10000 -> 0.0064014922 | I24: 42024 | J24: 2.15 | K24: 42023 | L24: 27.25 | M24: 272.5 | N24: 0.02725 | O24: =IF(OR(N24>($G$25+$G$26*$G$24),N24<($G$25-$G$26*$G$24)),"",N24) -> 0.02725 | P24: 42339 | Q24: 237.761 | R24: =ROUND(Q24/Q23-1,4) -> -0.0011 | S24: 42339 | T24: 0.96 | U24: 9.34 | V24: 18.97 | X24: 42023
B25: 42037 | C25: 3866.4199 | D25: =C25/C13-1 -> 0.1550586 | E25: =IF(OR(D25>($G$14+$G$15*$G$13),D25<($G$14-$G$15*$G$13)),"",D25) -> 0.1550586 | F25: Média | G25: =AVERAGE(M12:M2879)/10000 -> 0.032686661 | I25: 42025 | J25: 2.2 | K25: 42024 | L25: 267.72 | M25: 267.72 | N25: 0.026772 | O25: =IF(OR(N25>($G$25+$G$26*$G$24),N25<($G$25-$G$26*$G$24)),"",N25) -> 0.026772 | P25: 42370 | Q25: 237.652 | R25: =ROUND(Q25/Q24-1,4) -> -0.0005 | S25: 42370 | T25: 1.27 | U25: 11.76 | V25: 19.25 | X25: 42024 | Y25: 3.25
B26: 42065 | C26: 3805.27 | D26: =C26/C14-1 -> 0.12731706 | E26: =IF(OR(D26>($G$14+$G$15*$G$13),D26<($G$14-$G$15*$G$13)),"",D26) -> 0.12731706 | F26: n° de desvios | G26: 2.576 | I26: 42026 | J26: 2.21 | K26: 42025 | L26: 272.01 | M26: 272.01 | N26: 0.027201 | O26: =IF(OR(N26>($G$25+$G$26*$G$24),N26<($G$25-$G$26*$G$24)),"",N26) -> 0.027201 | P26: 42401 | Q26: 237.336 | R26: =ROUND(Q26/Q25-1,4) -> -0.0013 | S26: 42401 | T26: 0.9 | U26: 11.9 | V26: 19.46 | X26: 42025 | Y26: 3.25
B27: 42095 | C27: 3841.78 | D27: =C27/C15-1 -> 0.12978246 | E27: =IF(OR(D27>($G$14+$G$15*$G$13),D27<($G$14-$G$15*$G$13)),"",D27) -> 0.12978246 | F27: Excluídos | G27: =COUNTIF(O12:O2879,"") -> 85 | I27: 42027 | J27: 2.12 | K27: 42026 | L27: 263.34 | M27: 263.34 | N27: 0.026334 | O27: =IF(OR(N27>($G$25+$G$26*$G$24),N27<($G$25-$G$26*$G$24)),"",N27) -> 0.026334 | P27: 42430 | Q27: 238.08 | R27: =ROUND(Q27/Q26-1,4) -> 0.0031 | S27: 42430 | T27: 0.43 | U27: 12.05 | V27: 19.31 | X27: 42026 | Y27: 3.25
B28: 42125 | C28: 3891.1799 | D28: =C28/C16-1 -> 0.11806197 | E28: =IF(OR(D28>($G$14+$G$15*$G$13),D28<($G$14-$G$15*$G$13)),"",D28) -> 0.11806197 | I28: 42030 | J28: 2.14 | K28: 42027 | L28: 260.25 | M28: 260.25 | N28: 0.026025 | O28: =IF(OR(N28>($G$25+$G$26*$G$24),N28<($G$25-$G$26*$G$24)),"",N28) -> 0.026025 | P28: 42461 | Q28: 238.992 | R28: =ROUND(Q28/Q27-1,4) -> 0.0038 | S28: 42461 | T28: 0.61 | U28: 11.61 | V28: 19.28 | X28: 42027 | Y28: 3.25
B29: 42156 | C29: 3815.8501 | D29: =C29/C17-1 -> 0.074227706 | E29: =IF(OR(D29>($G$14+$G$15*$G$13),D29<($G$14-$G$15*$G$13)),"",D29) -> 0.074227706 | I29: 42031 | J29: 2.15 | K29: 42030 | L29: 264.21 | M29: 264.21 | N29: 0.026421 | O29: =IF(OR(N29>($G$25+$G$26*$G$24),N29<($G$25-$G$26*$G$24)),"",N29) -> 0.026421 | P29: 42491 | Q29: 239.557 | R29: =ROUND(Q29/Q28-1,4) -> 0.0024 | S29: 42491 | T29: 0.78 | U29: 12.02 | V29: 18.87 | X29: 42030 | Y29: 3.25
B30: 42186 | C30: 3895.8 | D30: =C30/C18-1 -> 0.11207217 | E30: =IF(OR(D30>($G$14+$G$15*$G$13),D30<($G$14-$G$15*$G$13)),"",D30) -> 0.11207217 | I30: 42032 | J30: 2.05 | K30: 42031 | L30: 26.52 | M30: 265.2 | N30: 0.02652 | O30: =IF(OR(N30>($G$25+$G$26*$G$24),N30<($G$25-$G$26*$G$24)),"",N30) -> 0.02652 | P30: 42522 | Q30: 240.222 | R30: =ROUND(Q30/Q29-1,4) -> 0.0028 | S30: 42522 | T30: 0.35 | U30: 11.59 | V30: 18.47 | X30: 42031 | Y30: 3.25
B31: 42219 | C31: 3660.75 | D31: =C31/C19-1 -> 0.0047813186 | E31: =IF(OR(D31>($G$14+$G$15*$G$13),D31<($G$14-$G$15*$G$13)),"",D31) -> 0.0047813186 | I31: 42033 | J31: 2.11 | K31: 42032 | L31: 275.53 | M31: 275.53 | N31: 0.027553 | O31: =IF(OR(N31>($G$25+$G$26*$G$24),N31<($G$25-$G$26*$G$24)),"",N31) -> 0.027553 | P31: 42552 | Q31: 240.101 | R31: =ROUND(Q31/Q30-1,4) -> -0.0005 | S31: 42552 | T31: 0.52 | U31: 12.91 | V31: 18.34 | X31: 42032 | Y31: 3.25
B32: 42248 | C32: 3570.1699 | D32: =C32/C20-1 -> -0.0061465873 | E32: =IF(OR(D32>($G$14+$G$15*$G$13),D32<($G$14-$G$15*$G$13)),"",D32) -> -0.0061465873 | I32: 42034 | J32: 2.04 | K32: 42033 | L32: 276.42 | M32: 276.42 | N32: 0.027642 | O32: =IF(OR(N32>($G$25+$G$26*$G$24),N32<($G$25-$G$26*$G$24)),"",N32) -> 0.027642 | P32: 42583 | Q32: 240.545 | R32: =ROUND(Q32/Q31-1,4) -> 0.0018 | S32: 42583 | T32: 0.44 | U32: 13 | V32: 18.46 | X32: 42033 | Y32: 3.25
B33: 42278 | C33: 3871.3301 | D33: =C33/C21-1 -> 0.051994731 | E33: =IF(OR(D33>($G$14+$G$15*$G$13),D33<($G$14-$G$15*$G$13)),"",D33) -> 0.051994731 | I33: 42037 | J33: 2.07 | K33: 42034 | L33: 27.91 | M33: 279.1 | N33: 0.02791 | O33: =IF(OR(N33>($G$25+$G$26*$G$24),N33<($G$25-$G$26*$G$24)),"",N33) -> 0.02791 | P33: 42614 | Q33: 241.176 | R33: =ROUND(Q33/Q32-1,4) -> 0.0026 | S33: 42614 | T33: 0.08 | U33: 12.2 | V33: 18.5 | X33: 42034 | Y33: 3.25
B34: 42310 | C34: 3882.8401 | D34: =C34/C22-1 -> 0.027489078 | E34: =IF(OR(D34>($G$14+$G$15*$G$13),D34<($G$14-$G$15*$G$13)),"",D34) -> 0.027489078 | I34: 42038 | J34: 2.16 | K34: 42037 | L34: 299.64 | M34: 299.64 | N34: 0.029964 | O34: =IF(OR(N34>($G$25+$G$26*$G$24),N34<($G$25-$G$26*$G$24)),"",N34) -> 0.029964 | P34: 42644 | Q34: 241.741 | R34: =ROUND(Q34/Q33-1,4) -> 0.0023 | S34: 42644 | T34: 0.26 | U34: 12.1 | V34: 18.61 | X34: 42037 | Y34: 3.25
B35: 42339 | C35: 3821.6001 | D35: =C35/C23-1 -> 0.013837641 | E35: =IF(OR(D35>($G$14+$G$15*$G$13),D35<($G$14-$G$15*$G$13)),"",D35) -> 0.013837641 | I35: 42039 | J35: 2.17 | K35: 42038 | L35: 288.82 | M35: 288.82 | N35: 0.028882 | O35: =IF(OR(N35>($G$25+$G$26*$G$24),N35<($G$25-$G$26*$G$24)),"",N35) -> 0.028882 | P35: 42675 | Q35: 242.026 | R35: =ROUND(Q35/Q34-1,4) -> 0.0012 | S35: 42675 | T35: 0.18 | U35: 11.14 | V35: 18.48 | X35: 42038 | Y35: 3.25
B36: 42373 | C36: 3631.96 | D36: =C36/C24-1 -> -0.006651588 | E36: =IF(OR(D36>($G$14+$G$15*$G$13),D36<($G$14-$G$15*$G$13)),"",D36) -> -0.006651588 | I36: 42040 | J36: 2.2 | K36: 42039 | L36: 294.23 | M36: 294.23 | N36: 0.029423 | O36: =IF(OR(N36>($G$25+$G$26*$G$24),N36<($G$25-$G$26*$G$24)),"",N36) -> 0.029423 | P36: 42705 | Q36: 242.637 | R36: =ROUND(Q36/Q35-1,4) -> 0.0025 | S36: 42705 | T36: 0.3 | U36: 10.86 | V36: 18.13 | X36: 42039 | Y36: 3.25
B37: 42401 | C37: 3627.0601 | D37: =C37/C25-1 -> -0.061907363 | E37: =IF(OR(D37>($G$14+$G$15*$G$13),D37<($G$14-$G$15*$G$13)),"",D37) -> -0.061907363 | I37: 42041 | J37: 2.28 | K37: 42040 | L37: 293.31 | M37: 293.31 | N37: 0.029331 | O37: =IF(OR(N37>($G$25+$G$26*$G$24),N37<($G$25-$G$26*$G$24)),"",N37) -> 0.029331 | P37: 42736 | Q37: 243.618 | R37: =ROUND(Q37/Q36-1,4) -> 0.004 | S37: 42736 | T37: 0.38 | U37: 13.24 | V37: 17.39 | X37: 42040 | Y37: 3.25
B38: 42430 | C38: 3873.1101 | D38: =C38/C26-1 -> 0.01782793 | E38: =IF(OR(D38>($G$14+$G$15*$G$13),D38<($G$14-$G$15*$G$13)),"",D38) -> 0.01782793 | I38: 42044 | J38: 2.28 | K38: 42041 | L38: 301.15 | M38: 301.15 | N38: 0.030115 | O38: =IF(OR(N38>($G$25+$G$26*$G$24),N38<($G$25-$G$26*$G$24)),"",N38) -> 0.030115 | P38: 42767 | Q38: 244.006 | R38: =ROUND(Q38/Q37-1,4) -> 0.0016 | S38: 42767 | T38: 0.33 | U38: 10.93 | V38: 16.77 | X38: 42041 | Y38: 3.25
B39: 42461 | C39: 3888.1299 | D39: =C39/C27-1 -> 0.012064682 | E39: =IF(OR(D39>($G$14+$G$15*$G$13),D39<($G$14-$G$15*$G$13)),"",D39) -> 0.012064682 | I39: 42045 | J39: 2.33 | K39: 42044 | L39: 300.25 | M39: 300.25 | N39: 0.030025 | O39: =IF(OR(N39>($G$25+$G$26*$G$24),N39<($G$25-$G$26*$G$24)),"",N39) -> 0.030025 | P39: 42795 | Q39: 243.892 | R39: =ROUND(Q39/Q38-1,4) -> -0.0005 | S39: 42795 | T39: 0.25 | U39: 12.45 | V39: 16 | X39: 42044 | Y39: 3.25
... B42: 42552 | C42: 4114.5098 | D42: =C42/C30-1 -> 0.056139872 | E42: =IF(OR(D42>($G$14+$G$15*$G$13),D42<($G$14-$G$15*$G$13)),"",D42) -> 0.056139872 | I42: 42048 | J42: 2.39 | K42: 42047 | L42: 308.65 | M42: 308.65 | N42: 0.030865 | O42: =IF(OR(N42>($G$25+$G$26*$G$24),N42<($G$25-$G$26*$G$24)),"",N42) -> 0.030865 | P42: 42887 | Q42: 244.163 | R42: =ROUND(Q42/Q41-1,4) -> 0.0007 | S42: 42887 | T42: -0.23 | U42: 12.21 | V42: 15.6 | X42: 42047 | Y42: 3.25
B43: 42583 | C43: 4120.29 | D43: =C43/C31-1 -> 0.12553166 | E43: =IF(OR(D43>($G$14+$G$15*$G$13),D43<($G$14-$G$15*$G$13)),"",D43) -> 0.12553166 | I43: 42051 | K43: 42048 | L43: 306.41 | M43: 306.41 | N43: 0.030641 | O43: =IF(OR(N43>($G$25+$G$26*$G$24),N43<($G$25-$G$26*$G$24)),"",N43) -> 0.030641 | P43: 42917 | Q43: 244.243 | R43: =ROUND(Q43/Q42-1,4) -> 0.0003 | S43: 42917 | T43: 0.24 | U43: 12.06 | V43: 15.28 | X43: 42048 | Y43: 3.25
B44: 42614 | C44: 4121.0601 | D44: =C44/C32-1 -> 0.15430362 | E44: =IF(OR(D44>($G$14+$G$15*$G$13),D44<($G$14-$G$15*$G$13)),"",D44) -> 0.15430362 | I44: 42052 | J44: 2.49 | K44: 42051 | L44: 306.21 | M44: 306.21 | N44: 0.030621 | O44: =IF(OR(N44>($G$25+$G$26*$G$24),N44<($G$25-$G$26*$G$24)),"",N44) -> 0.030621 | P44: 42948 | Q44: 245.183 | R44: =ROUND(Q44/Q43-1,4) -> 0.0038 | S44: 42948 | T44: 0.19 | U44: 12.98 | V44: 14.81 | X44: 42051
B45: 42646 | C45: 4045.8899 | D45: =C45/C33-1 -> 0.045090398 | E45: =IF(OR(D45>($G$14+$G$15*$G$13),D45<($G$14-$G$15*$G$13)),"",D45) -> 0.045090398 | I45: 42053 | J45: 2.46 | K45: 42052 | L45: 304.49 | M45: 304.49 | N45: 0.030449 | O45: =IF(OR(N45>($G$25+$G$26*$G$24),N45<($G$25-$G$26*$G$24)),"",N45) -> 0.030449 | P45: 42979 | Q45: 246.435 | R45: =ROUND(Q45/Q44-1,4) -> 0.0051 | S45: 42979 | T45: 0.16 | U45: 11.15 | V45: 12.6 | X45: 42052 | Y45: 3.25
B46: 42675 | C46: 4195.73 | D46: =C46/C34-1 -> 0.08058274 | E46: =IF(OR(D46>($G$14+$G$15*$G$13),D46<($G$14-$G$15*$G$13)),"",D46) -> 0.08058274 | I46: 42054 | J46: 2.5 | K46: 42053 | L46: 298.68 | M46: 298.68 | N46: 0.029868 | O46: =IF(OR(N46>($G$25+$G$26*$G$24),N46<($G$25-$G$26*$G$24)),"",N46) -> 0.029868 | P46: 43009 | Q46: 246.626 | R46: =ROUND(Q46/Q45-1,4) -> 0.0008 | S46: 43009 | T46: 0.42 | U46: 13.06 | V46: 12.14 | X46: 42053 | Y46: 3.25
B47: 42705 | C47: 4278.6602 | D47: =C47/C35-1 -> 0.11959913 | E47: =IF(OR(D47>($G$14+$G$15*$G$13),D47<($G$14-$G$15*$G$13)),"",D47) -> 0.11959913 | I47: 42055 | J47: 2.5 | K47: 42054 | L47: 304.43 | M47: 304.43 | N47: 0.030443 | O47: =IF(OR(N47>($G$25+$G$26*$G$24),N47<($G$25-$G$26*$G$24)),"",N47) -> 0.030443 | P47: 43040 | Q47: 247.284 | R47: =ROUND(Q47/Q46-1,4) -> 0.0027 | S47: 43040 | T47: 0.28 | U47: 12.25 | V47: 12.1 | X47: 42054 | Y47: 3.25
B48: 42738 | C48: 4359.8101 | D48: =C48/C36-1 -> 0.20040147 | E48: =IF(OR(D48>($G$14+$G$15*$G$13),D48<($G$14-$G$15*$G$13)),"",D48) -> 0.20040147 | I48: 42058 | J48: 2.44 | K48: 42055 | L48: 305.48 | M48: 305.48 | N48: 0.030548 | O48: =IF(OR(N48>($G$25+$G$26*$G$24),N48<($G$25-$G$26*$G$24)),"",N48) -> 0.030548 | P48: 43070 | Q48: 247.805 | R48: =ROUND(Q48/Q47-1,4) -> 0.0021 | S48: 43070 | T48: 0.44 | U48: 11.35 | V48: 12.13 | X48: 42055 | Y48: 3.25
B49: 42767 | C49: 4532.9302 | D49: =C49/C37-1 -> 0.24975327 | E49: =IF(OR(D49>($G$14+$G$15*$G$13),D49<($G$14-$G$15*$G$13)),"",D49) -> 0.24975327 | I49: 42059 | J49: 2.38 | K49: 42058 | L49: 307.36 | M49: 307.36 | N49: 0.030736 | O49: =IF(OR(N49>($G$25+$G$26*$G$24),N49<($G$25-$G$26*$G$24)),"",N49) -> 0.030736 | P49: 43101 | Q49: 248.859 | R49: =ROUND(Q49/Q48-1,4) -> 0.0043 | S49: 43101 | T49: 0.29 | U49: 12.95 | V49: 12.01 | X49: 42058 | Y49: 3.25
B50: 42795 | C50: 4538.21 | D50: =C50/C38-1 -> 0.17172242 | E50: =IF(OR(D50>($G$14+$G$15*$G$13),D50<($G$14-$G$15*$G$13)),"",D50) -> 0.17172242 | I50: 42060 | J50: 2.35 | K50: 42059 | L50: 298.29 | M50: 298.29 | N50: 0.029829 | O50: =IF(OR(N50>($G$25+$G$26*$G$24),N50<($G$25-$G$26*$G$24)),"",N50) -> 0.029829 | P50: 43132 | Q50: 249.529 | R50: =ROUND(Q50/Q49-1,4) -> 0.0027 | S50: 43132 | T50: 0.32 | U50: 13.6 | V50: 11.79 | X50: 42059 | Y50: 3.25
B51: 42828 | C51: 4584.8198 | D51: =C51/C39-1 -> 0.17918381 | E51: =IF(OR(D51>($G$14+$G$15*$G$13),D51<($G$14-$G$15*$G$13)),"",D51) -> 0.17918381 | I51: 42061 | J51: 2.39 | K51: 42060 | L51: 309.97 | M51: 309.97 | N51: 0.030997 | O51: =IF(OR(N51>($G$25+$G$26*$G$24),N51<($G$25-$G$26*$G$24)),"",N51) -> 0.030997 | P51: 43160 | Q51: 249.577 | R51: =ROUND(Q51/Q50-1,4) -> 0.0002 | S51: 43160 | T51: 0.09 | U51: 11.23 | V51: 11.06 | X51: 42060 | Y51: 3.25
B52: 42856 | C52: 4649.3398 | D52: =C52/C40-1 -> 0.17468384 | E52: =IF(OR(D52>($G$14+$G$15*$G$13),D52<($G$14-$G$15*$G$13)),"",D52) -> 0.17468384 | I52: 42062 | J52: 2.38 | K52: 42061 | L52: 319.34 | M52: 319.34 | N52: 0.031934 | O52: =IF(OR(N52>($G$25+$G$26*$G$24),N52<($G$25-$G$26*$G$24)),"",N52) -> 0.031934 | P52: 43191 | Q52: 250.227 | R52: =ROUND(Q52/Q51-1,4) -> 0.0026 | S52: 43191 | T52: 0.22 | U52: 10.02 | V52: 10.23 | X52: 42061 | Y52: 3.25
B53: 42887 | C53: 4678.3599 | D53: =C53/C41-1 -> 0.17895976 | E53: =IF(OR(D53>($G$14+$G$15*$G$13),D53<($G$14-$G$15*$G$13)),"",D53) -> 0.17895976 | I53: 42065 | J53: 2.46 | K53: 42062 | L53: 304.08 | M53: 304.08 | N53: 0.030408 | O53: =IF(OR(N53>($G$25+$G$26*$G$24),N53<($G$25-$G$26*$G$24)),"",N53) -> 0.030408 | P53: 43221 | Q53: 250.792 | R53: =ROUND(Q53/Q52-1,4) -> 0.0023 | S53: 43221 | T53: 0.4 | U53: 9.3 | V53: 9.75 | X53: 42062 | Y53: 3.25
B54: 42919 | C54: 4774.5601 | D54: =C54/C42-1 -> 0.16042015 | E54: =IF(OR(D54>($G$14+$G$15*$G$13),D54<($G$14-$G$15*$G$13)),"",D54) -> 0.16042015 | I54: 42066 | J54: 2.49 | K54: 42065 | L54: 307.62 | M54: 307.62 | N54: 0.030762 | O54: =IF(OR(N54>($G$25+$G$26*$G$24),N54<($G$25-$G$26*$G$24)),"",N54) -> 0.030762 | P54: 43252 | Q54: 251.018 | R54: =ROUND(Q54/Q53-1,4) -> 0.0009 | S54: 43252 | T54: 1.26 | U54: 9.13 | V54: 9.89 | X54: 42065 | Y54: 3.25
B55: 42948 | C55: 4789.1802 | D55: =C55/C43-1 -> 0.16234055 | E55: =IF(OR(D55>($G$14+$G$15*$G$13),D55<($G$14-$G$15*$G$13)),"",D55) -> 0.16234055 | I55: 42067 | J55: 2.49 | K55: 42066 | L55: 300.63 | M55: 300.63 | N55: 0.030063 | O55: =IF(OR(N55>($G$25+$G$26*$G$24),N55<($G$25-$G$26*$G$24)),"",N55) -> 0.030063 | P55: 43282 | Q55: 251.214 | R55: =ROUND(Q55/Q54-1,4) -> 0.0008 | S55: 43282 | T55: 0.33 | U55: 9.35 | V55: 10.28 | X55: 42066 | Y55: 3.25
B56: 42979 | C56: 4887.9702 | D56: =C56/C44-1 -> 0.18609536 | E56: =IF(OR(D56>($G$14+$G$15*$G$13),D56<($G$14-$G$15*$G$13)),"",D56) -> 0.18609536 | I56: 42068 | J56: 2.49 | K56: 42067 | L56: 31.19 | M56: 311.9 | N56: 0.03119 | O56: =IF(OR(N56>($G$25+$G$26*$G$24),N56<($G$25-$G$26*$G$24)),"",N56) -> 0.03119 | P56: 43313 | Q56: 251.663 | R56: =ROUND(Q56/Q55-1,4) -> 0.0018 | S56: 43313 | T56: -0.09 | U56: 9.8 | V56: 10.37 | X56: 42067 | Y56: 3.25
... B112: 44683 | C112: 8712.5996 | D112: =C112/C100-1 -> -0.0029946918 | E112: =IF(OR(D112>($G$14+$G$15*$G$13),D112<($G$14-$G$15*$G$13)),"",D112) -> -0.0029946918 | I112: 42146 | J112: 2.73 | K112: 42145 | L112: 291.26 | M112: 291.26 | N112: 0.029126 | O112: =IF(OR(N112>($G$25+$G$26*$G$24),N112<($G$25-$G$26*$G$24)),"",N112) -> 0.029126 | P112: 45017 | Q112: 302.858 | R112: =ROUND(Q112/Q111-1,4) -> 0.004 | S112: 45017 | T112: 0.61 | U112: 13.78 | V112: 17.63 | X112: 42145 | Y112: 3.25
B113: 44713 | C113: 7993.4302 | D113: =C113/C101-1 -> -0.10615827 | E113: =IF(OR(D113>($G$14+$G$15*$G$13),D113<($G$14-$G$15*$G$13)),"",D113) -> -0.10615827 | I113: 42149 | K113: 42146 | L113: 293.23 | M113: 293.23 | N113: 0.029323 | O113: =IF(OR(N113>($G$25+$G$26*$G$24),N113<($G$25-$G$26*$G$24)),"",N113) -> 0.029323 | P113: 45047 | Q113: 303.316 | R113: =ROUND(Q113/Q112-1,4) -> 0.0015 | S113: 45047 | T113: 0.23 | U113: 12.56 | V113: 17.74 | X113: 42146 | Y113: 3.25
B114: 44743 | C114: 8730.46 | D114: =C114/C102-1 -> -0.046394348 | E114: =IF(OR(D114>($G$14+$G$15*$G$13),D114<($G$14-$G$15*$G$13)),"",D114) -> -0.046394348 | I114: 42150 | J114: 2.64 | K114: 42149 | L114: 293.12 | M114: 293.12 | N114: 0.029312 | O114: =IF(OR(N114>($G$25+$G$26*$G$24),N114<($G$25-$G$26*$G$24)),"",N114) -> 0.029312 | P114: 45078 | Q114: 304.099 | R114: =ROUND(Q114/Q113-1,4) -> 0.0026 | S114: 45078 | T114: -0.08 | U114: 10.64 | V114: 17.97 | X114: 42149 | Y114: 3.25
B115: 44774 | C115: 8374.4199 | D115: =C115/C103-1 -> -0.11227553 | E115: =IF(OR(D115>($G$14+$G$15*$G$13),D115<($G$14-$G$15*$G$13)),"",D115) -> -0.11227553 | I115: 42151 | J115: 2.63 | K115: 42150 | L115: 302.69 | M115: 302.69 | N115: 0.030269 | O115: =IF(OR(N115>($G$25+$G$26*$G$24),N115<($G$25-$G$26*$G$24)),"",N115) -> 0.030269 | P115: 45108 | Q115: 304.615 | R115: =ROUND(Q115/Q114-1,4) -> 0.0017 | S115: 45108 | T115: 0.12 | U115: 9.22 | V115: 17.99 | X115: 42150 | Y115: 3.25
B116: 44805 | C116: 7603.1401 | D116: =C116/C104-1 -> -0.15472109 | E116: =IF(OR(D116>($G$14+$G$15*$G$13),D116<($G$14-$G$15*$G$13)),"",D116) -> -0.15472109 | I116: 42152 | J116: 2.64 | K116: 42151 | L116: 301.71 | M116: 301.71 | N116: 0.030171 | O116: =IF(OR(N116>($G$25+$G$26*$G$24),N116<($G$25-$G$26*$G$24)),"",N116) -> 0.030171 | P116: 45139 | Q116: 306.138 | R116: =ROUND(Q116/Q115-1,4) -> 0.005 | S116: 45139 | T116: 0.23 | U116: 9.8 | V116: 18 | X116: 42151 | Y116: 3.25
B117: 44837 | C117: 8218.7002 | D117: =C117/C105-1 -> -0.1461108 | E117: =IF(OR(D117>($G$14+$G$15*$G$13),D117<($G$14-$G$15*$G$13)),"",D117) -> -0.1461108 | I117: 42153 | J117: 2.63 | K117: 42152 | L117: 306.06 | M117: 306.06 | N117: 0.030606 | O117: =IF(OR(N117>($G$25+$G$26*$G$24),N117<($G$25-$G$26*$G$24)),"",N117) -> 0.030606 | P117: 45170 | Q117: 307.374 | R117: =ROUND(Q117/Q116-1,4) -> 0.004 | S117: 45170 | T117: 0.26 | U117: 10.3 | V117: 17.98 | X117: 42152 | Y117: 3.25
B118: 44866 | C118: 8678 | D118: =C118/C106-1 -> -0.092100824 | E118: =IF(OR(D118>($G$14+$G$15*$G$13),D118<($G$14-$G$15*$G$13)),"",D118) -> -0.092100824 | I118: 42156 | J118: 2.69 | K118: 42153 | L118: 305.17 | M118: 305.17 | N118: 0.030517 | O118: =IF(OR(N118>($G$25+$G$26*$G$24),N118<($G$25-$G$26*$G$24)),"",N118) -> 0.030517 | P118: 45200 | Q118: 307.653 | R118: =ROUND(Q118/Q117-1,4) -> 0.0009 | S118: 45200 | T118: 0.24 | U118: 10.29 | V118: 16.6 | X118: 42153 | Y118: 3.25
B119: 44896 | C119: 8178.02 | D119: =C119/C107-1 -> -0.18110889 | E119: =IF(OR(D119>($G$14+$G$15*$G$13),D119<($G$14-$G$15*$G$13)),"",D119) -> -0.18110889 | I119: 42157 | J119: 2.77 | K119: 42156 | L119: 307.42 | M119: 307.42 | N119: 0.030742 | O119: =IF(OR(N119>($G$25+$G$26*$G$24),N119<($G$25-$G$26*$G$24)),"",N119) -> 0.030742 | P119: 45231 | Q119: 308.087 | R119: =ROUND(Q119/Q118-1,4) -> 0.0014 | S119: 45231 | T119: 0.28 | U119: 10.14 | V119: 16.87 | X119: 42156 | Y119: 3.25
B120: 44929 | C120: 8691.8799 | D120: =C120/C108-1 -> -0.082159094 | E120: =IF(OR(D120>($G$14+$G$15*$G$13),D120<($G$14-$G$15*$G$13)),"",D120) -> -0.082159094 | I120: 42158 | J120: 2.87 | K120: 42157 | L120: 309.54 | M120: 309.54 | N120: 0.030954 | O120: =IF(OR(N120>($G$25+$G$26*$G$24),N120<($G$25-$G$26*$G$24)),"",N120) -> 0.030954 | P120: 45261 | Q120: 308.735 | R120: =ROUND(Q120/Q119-1,4) -> 0.0021 | S120: 45261 | T120: 0.56 | U120: 10.28 | V120: 15.97 | X120: 42157 | Y120: 3.25
B121: 44958 | C121: 8479.7998 | D121: =C121/C109-1 -> -0.076915071 | E121: =IF(OR(D121>($G$14+$G$15*$G$13),D121<($G$14-$G$15*$G$13)),"",D121) -> -0.076915071 | I121: 42159 | J121: 2.78 | K121: 42158 | L121: 313.14 | M121: 313.14 | N121: 0.031314 | O121: =IF(OR(N121>($G$25+$G$26*$G$24),N121<($G$25-$G$26*$G$24)),"",N121) -> 0.031314 | P121: 45292 | Q121: 309.794 | R121: =ROUND(Q121/Q120-1,4) -> 0.0034 | S121: 45292 | T121: 0.42 | U121: 11.98 | V121: 16.43 | X121: 42158 | Y121: 3.25
B122: 44986 | C122: 8791.1299 | D122: =C122/C110-1 -> -0.077285035 | E122: =IF(OR(D122>($G$14+$G$15*$G$13),D122<($G$14-$G$15*$G$13)),"",D122) -> -0.077285035 | I122: 42160 | J122: 2.87 | K122: 42159 | L122: 315.94 | M122: 315.94 | N122: 0.031594 | O122: =IF(OR(N122>($G$25+$G$26*$G$24),N122<($G$25-$G$26*$G$24)),"",N122) -> 0.031594 | P122: 45323 | Q122: 311.022 | R122: =ROUND(Q122/Q121-1,4) -> 0.004 | S122: 45323 | T122: 0.83 | U122: 11.66 | V122: 15.4 | X122: 42159 | Y122: 3.25
B123: 45019 | C123: 8928.3496 | D123: =C123/C111-1 -> 0.026642352 | E123: =IF(OR(D123>($G$14+$G$15*$G$13),D123<($G$14-$G$15*$G$13)),"",D123) -> 0.026642352 | I123: 42163 | J123: 2.86 | K123: 42160 | L123: 324.76 | M123: 324.76 | N123: 0.032476 | O123: =IF(OR(N123>($G$25+$G$26*$G$24),N123<($G$25-$G$26*$G$24)),"",N123) -> 0.032476 | P123: 45352 | Q123: 312.107 | R123: =ROUND(Q123/Q122-1,4) -> 0.0035 | S123: 45352 | T123: 0.16 | U123: 12.75 | V123: 16.3 | X123: 42160 | Y123: 3.25
B124: 45047 | C124: 8967.1602 | D124: =C124/C112-1 -> 0.029217519 | E124: =IF(OR(D124>($G$14+$G$15*$G$13),D124<($G$14-$G$15*$G$13)),"",D124) -> 0.029217519 | I124: 42164 | J124: 2.89 | K124: 42163 | L124: 326.39 | M124: 326.39 | N124: 0.032639 | O124: =IF(OR(N124>($G$25+$G$26*$G$24),N124<($G$25-$G$26*$G$24)),"",N124) -> 0.032639 | P124: 45383 | Q124: 313.016 | R124: =ROUND(Q124/Q123-1,4) -> 0.0029 | S124: 45383 | T124: 0.38 | U124: 9.95 | V124: 15.49 | X124: 42163 | Y124: 3.25
B125: 45078 | C125: 9559.6699 | D125: =C125/C113-1 -> 0.19594088 | E125: =IF(OR(D125>($G$14+$G$15*$G$13),D125<($G$14-$G$15*$G$13)),"",D125) -> 0.19594088 | I125: 42165 | J125: 2.96 | K125: 42164 | L125: 323.81 | M125: 323.81 | N125: 0.032381 | O125: =IF(OR(N125>($G$25+$G$26*$G$24),N125<($G$25-$G$26*$G$24)),"",N125) -> 0.032381 | P125: 45413 | Q125: 313.14 | R125: =ROUND(Q125/Q124-1,4) -> 0.0004 | S125: 45413 | T125: 0.46 | U125: 10.6 | V125: 13.92 | X125: 42164 | Y125: 3.25
... B141: 45566 | C141: 12493.74 | D141: =C141/C129-1 -> 0.38017156 | E141: =IF(OR(D141>($G$14+$G$15*$G$13),D141<($G$14-$G$15*$G$13)),"",D141) -> 0.38017156 | I141: 42187 | J141: 2.9 | K141: 42186 | L141: 341.02 | M141: 341.02 | N141: 0.034102 | O141: =IF(OR(N141>($G$25+$G$26*$G$24),N141<($G$25-$G$26*$G$24)),"",N141) -> 0.034102 | P141: 45901 | Q141: 324.368 | R141: =ROUND(Q141/Q140-1,4) -> 0.0031 | S141: 45901 | T141: 0.48 | U141: 11.51 | V141: 17.31 | X141: 42186 | Y141: 3.25
B142: 45597 | C142: 13227.13 | D142: =C142/C130-1 -> 0.3389112 | E142: =IF(OR(D142>($G$14+$G$15*$G$13),D142<($G$14-$G$15*$G$13)),"",D142) -> 0.3389112 | I142: 42188 | K142: 42187 | L142: 333.18 | M142: 333.18 | N142: 0.033318 | O142: =IF(OR(N142>($G$25+$G$26*$G$24),N142<($G$25-$G$26*$G$24)),"",N142) -> 0.033318 | P142: 45931 | S142: 45931 | T142: 0.09 | U142: 14.59 | V142: 16.76 | X142: 42187 | Y142: 3.25
B143: 45628 | C143: 12911.82 | D143: =C143/C131-1 -> 0.25019682 | E143: =IF(OR(D143>($G$14+$G$15*$G$13),D143<($G$14-$G$15*$G$13)),"",D143) -> 0.25019682 | I143: 42191 | J143: 2.78 | K143: 42188 | L143: 333.45 | M143: 333.45 | N143: 0.033345 | O143: =IF(OR(N143>($G$25+$G$26*$G$24),N143<($G$25-$G$26*$G$24)),"",N143) -> 0.033345 | P143: 45962 | Q143: 325.031 | R143: =ROUND(Q143/Q141-1,4) -> 0.002 | S143: 45962 | T143: 0.18 | U143: 11.68 | V143: 16.33 | X143: 42188
B144: 45659 | C144: 13271.38 | D144: =C144/C132-1 -> 0.26377486 | E144: =IF(OR(D144>($G$14+$G$15*$G$13),D144<($G$14-$G$15*$G$13)),"",D144) -> 0.26377486 | I144: 42192 | J144: 2.74 | K144: 42191 | L144: 340.72 | M144: 340.72 | N144: 0.034072 | O144: =IF(OR(N144>($G$25+$G$26*$G$24),N144<($G$25-$G$26*$G$24)),"",N144) -> 0.034072 | P144: 45992 | Q144: 326.03 | R144: =ROUND(Q144/Q143-1,4) -> 0.0031 | S144: 45992 | T144: 0.33 | U144: 12.28 | V144: 16.57 | X144: 42191 | Y144: 3.25
B145: 45691 | C145: 13098.22 | D145: =C145/C133-1 -> 0.18406157 | E145: =IF(OR(D145>($G$14+$G$15*$G$13),D145<($G$14-$G$15*$G$13)),"",D145) -> 0.18406157 | I145: 42193 | J145: 2.69 | K145: 42192 | L145: 34.13 | M145: 341.3 | N145: 0.03413 | O145: =IF(OR(N145>($G$25+$G$26*$G$24),N145<($G$25-$G$26*$G$24)),"",N145) -> 0.03413 | X145: 42192 | Y145: 3.25
B146: 45719 | C146: 12360.21 | D146: =C146/C134-1 -> 0.082516832 | E146: =IF(OR(D146>($G$14+$G$15*$G$13),D146<($G$14-$G$15*$G$13)),"",D146) -> 0.082516832 | I146: 42194 | J146: 2.8 | K146: 42193 | L146: 345.15 | M146: 345.15 | N146: 0.034515 | O146: =IF(OR(N146>($G$25+$G$26*$G$24),N146<($G$25-$G$26*$G$24)),"",N146) -> 0.034515 | X146: 42193 | Y146: 3.25
B147: 45748 | C147: 12276.39 | D147: =C147/C135-1 -> 0.12096152 | E147: =IF(OR(D147>($G$14+$G$15*$G$13),D147<($G$14-$G$15*$G$13)),"",D147) -> 0.12096152 | I147: 42195 | J147: 2.91 | K147: 42194 | L147: 343.15 | M147: 343.15 | N147: 0.034315 | O147: =IF(OR(N147>($G$25+$G$26*$G$24),N147<($G$25-$G$26*$G$24)),"",N147) -> 0.034315 | X147: 42194 | Y147: 3.25
B148: 45778 | C148: 13049.13 | D148: =C148/C136-1 -> 0.13523012 | E148: =IF(OR(D148>($G$14+$G$15*$G$13),D148<($G$14-$G$15*$G$13)),"",D148) -> 0.13523012 | I148: 42198 | J148: 2.92 | K148: 42195 | L148: 334.58 | M148: 334.58 | N148: 0.033458 | O148: =IF(OR(N148>($G$25+$G$26*$G$24),N148<($G$25-$G$26*$G$24)),"",N148) -> 0.033458 | X148: 42195 | Y148: 3.25
B149: 45810 | C149: 13712.71 | D149: =C149/C137-1 -> 0.15163658 | E149: =IF(OR(D149>($G$14+$G$15*$G$13),D149<($G$14-$G$15*$G$13)),"",D149) -> 0.15163658 | I149: 42199 | J149: 2.9 | K149: 42198 | L149: 328.72 | M149: 328.72 | N149: 0.032872 | O149: =IF(OR(N149>($G$25+$G$26*$G$24),N149<($G$25-$G$26*$G$24)),"",N149) -> 0.032872 | X149: 42198 | Y149: 3.25
B150: 45839 | C150: 14020.46 | D150: =C150/C138-1 -> 0.16332189 | E150: =IF(OR(D150>($G$14+$G$15*$G$13),D150<($G$14-$G$15*$G$13)),"",D150) -> 0.16332189 | I150: 42200 | J150: 2.83 | K150: 42199 | L150: 330.11 | M150: 330.11 | N150: 0.033011 | O150: =IF(OR(N150>($G$25+$G$26*$G$24),N150<($G$25-$G$26*$G$24)),"",N150) -> 0.033011 | X150: 42199 | Y150: 3.25
B151: 45870 | C151: 14304.68 | D151: =C151/C139-1 -> 0.15879632 | E151: =IF(OR(D151>($G$14+$G$15*$G$13),D151<($G$14-$G$15*$G$13)),"",D151) -> 0.15879632 | I151: 42201 | J151: 2.81 | K151: 42200 | L151: 339.58 | M151: 339.58 | N151: 0.033958 | O151: =IF(OR(N151>($G$25+$G$26*$G$24),N151<($G$25-$G$26*$G$24)),"",N151) -> 0.033958 | X151: 42200 | Y151: 3.25
B152: 45902 | C152: 14826.8 | D152: =C152/C140-1 -> 0.17597693 | E152: =IF(OR(D152>($G$14+$G$15*$G$13),D152<($G$14-$G$15*$G$13)),"",D152) -> 0.17597693 | I152: 42202 | J152: 2.77 | K152: 42201 | L152: 335.04 | M152: 335.04 | N152: 0.033504 | O152: =IF(OR(N152>($G$25+$G$26*$G$24),N152<($G$25-$G$26*$G$24)),"",N152) -> 0.033504 | X152: 42201 | Y152: 3.25
B153: 45931 | C153: 15173.95 | D153: =C153/C141-1 -> 0.21452423 | E153: =IF(OR(D153>($G$14+$G$15*$G$13),D153<($G$14-$G$15*$G$13)),"",D153) -> 0.21452423 | I153: 42205 | J153: 2.79 | K153: 42202 | L153: 34.34 | M153: 343.4 | N153: 0.03434 | O153: =IF(OR(N153>($G$25+$G$26*$G$24),N153<($G$25-$G$26*$G$24)),"",N153) -> 0.03434 | X153: 42202 | Y153: 3.25
B154: 45964 | C154: 15211.14 | D154: =C154/C142-1 -> 0.14999549 | E154: =IF(OR(D154>($G$14+$G$15*$G$13),D154<($G$14-$G$15*$G$13)),"",D154) -> 0.14999549 | I154: 42206 | J154: 2.77 | K154: 42205 | L154: 352.77 | M154: 352.77 | N154: 0.035277 | O154: =IF(OR(N154>($G$25+$G$26*$G$24),N154<($G$25-$G$26*$G$24)),"",N154) -> 0.035277 | X154: 42205 | Y154: 3.25
B155: 45992 | C155: 15220.45 | D155: =C155/C143-1 -> 0.17879972 | E155: =IF(OR(D155>($G$14+$G$15*$G$13),D155<($G$14-$G$15*$G$13)),"",D155) -> 0.17879972 | I155: 42207 | J155: 2.73 | K155: 42206 | L155: 343.44 | M155: 343.44 | N155: 0.034344 | O155: =IF(OR(N155>($G$25+$G$26*$G$24),N155<($G$25-$G$26*$G$24)),"",N155) -> 0.034344 | X155: 42206 | Y155: 3.25
B156: 46024 | C156: 15392.99 | D156: =C156/C144-1 -> 0.15986358 | E156: =IF(OR(D156>($G$14+$G$15*$G$13),D156<($G$14-$G$15*$G$13)),"",D156) -> 0.15986358 | I156: 42208 | J156: 2.67 | K156: 42207 | L156: 350.36 | M156: 350.36 | N156: 0.035036 | O156: =IF(OR(N156>($G$25+$G$26*$G$24),N156<($G$25-$G$26*$G$24)),"",N156) -> 0.035036 | X156: 42207 | Y156: 3.25
I157: 42209 | J157: 2.67 | K157: 42208 | L157: 359.71 | M157: 359.71 | N157: 0.035971 | O157: =IF(OR(N157>($G$25+$G$26*$G$24),N157<($G$25-$G$26*$G$24)),"",N157) -> 0.035971 | X157: 42208 | Y157: 3.25
I158: 42212 | J158: 2.64 | K158: 42209 | L158: 366.17 | M158: 366.17 | N158: 0.036617 | O158: =IF(OR(N158>($G$25+$G$26*$G$24),N158<($G$25-$G$26*$G$24)),"",N158) -> 0.036617 | X158: 42209 | Y158: 3.25
I159: 42213 | J159: 2.66 | K159: 42212 | L159: 369.94 | M159: 369.94 | N159: 0.036994 | O159: =IF(OR(N159>($G$25+$G$26*$G$24),N159<($G$25-$G$26*$G$24)),"",N159) -> 0.036994 | X159: 42212 | Y159: 3.25
I160: 42214 | J160: 2.69 | K160: 42213 | L160: 365.23 | M160: 365.23 | N160: 0.036523 | O160: =IF(OR(N160>($G$25+$G$26*$G$24),N160<($G$25-$G$26*$G$24)),"",N160) -> 0.036523 | X160: 42213 | Y160: 3.25
I161: 42215 | J161: 2.66 | K161: 42214 | L161: 353.38 | M161: 353.38 | N161: 0.035338 | O161: =IF(OR(N161>($G$25+$G$26*$G$24),N161<($G$25-$G$26*$G$24)),"",N161) -> 0.035338 | X161: 42214 | Y161: 3.25
I162: 42216 | J162: 2.61 | K162: 42215 | L162: 359.59 | M162: 359.59 | N162: 0.035959 | O162: =IF(OR(N162>($G$25+$G$26*$G$24),N162<($G$25-$G$26*$G$24)),"",N162) -> 0.035959 | X162: 42215 | Y162: 3.25
I163: 42219 | J163: 2.55 | K163: 42216 | L163: 364.87 | M163: 364.87 | N163: 0.036487 | O163: =IF(OR(N163>($G$25+$G$26*$G$24),N163<($G$25-$G$26*$G$24)),"",N163) -> 0.036487 | X163: 42216 | Y163: 3.25
I164: 42220 | J164: 2.59 | K164: 42219 | L164: 373.33 | M164: 373.33 | N164: 0.037333 | O164: =IF(OR(N164>($G$25+$G$26*$G$24),N164<($G$25-$G$26*$G$24)),"",N164) -> 0.037333 | X164: 42219 | Y164: 3.25
I165: 42221 | J165: 2.64 | K165: 42220 | L165: 376.97 | M165: 376.97 | N165: 0.037697 | O165: =IF(OR(N165>($G$25+$G$26*$G$24),N165<($G$25-$G$26*$G$24)),"",N165) -> 0.037697 | X165: 42220 | Y165: 3.25
I166: 42222 | J166: 2.59 | K166: 42221 | L166: 37.94 | M166: 379.4 | N166: 0.03794 | O166: =IF(OR(N166>($G$25+$G$26*$G$24),N166<($G$25-$G$26*$G$24)),"",N166) -> 0.03794 | X166: 42221 | Y166: 3.25
I167: 42223 | J167: 2.52 | K167: 42222 | L167: 396.58 | M167: 396.58 | N167: 0.039658 | O167: =IF(OR(N167>($G$25+$G$26*$G$24),N167<($G$25-$G$26*$G$24)),"",N167) -> 0.039658 | X167: 42222 | Y167: 3.25
I168: 42226 | J168: 2.58 | K168: 42223 | L168: 396.34 | M168: 396.34 | N168: 0.039634 | O168: =IF(OR(N168>($G$25+$G$26*$G$24),N168<($G$25-$G$26*$G$24)),"",N168) -> 0.039634 | X168: 42223 | Y168: 3.25
... I187: 42251 | J187: 2.58 | K187: 42250 | L187: 434.32 | M187: 434.32 | N187: 0.043432 | O187: =IF(OR(N187>($G$25+$G$26*$G$24),N187<($G$25-$G$26*$G$24)),"",N187) -> 0.043432 | X187: 42250 | Y187: 3.25
I188: 42254 | K188: 42251 | L188: 445.29 | M188: 445.29 | N188: 0.044529 | O188: =IF(OR(N188>($G$25+$G$26*$G$24),N188<($G$25-$G$26*$G$24)),"",N188) -> 0.044529 | X188: 42251 | Y188: 3.25
I189: 42255 | J189: 2.66 | K189: 42254 | L189: 446.09 | M189: 446.09 | N189: 0.044609 | O189: =IF(OR(N189>($G$25+$G$26*$G$24),N189<($G$25-$G$26*$G$24)),"",N189) -> 0.044609 | X189: 42254
I190: 42256 | J190: 2.64 | K190: 42255 | L190: 439.93 | M190: 439.93 | N190: 0.043993 | O190: =IF(OR(N190>($G$25+$G$26*$G$24),N190<($G$25-$G$26*$G$24)),"",N190) -> 0.043993 | X190: 42255 | Y190: 3.25
I191: 42257 | J191: 2.66 | K191: 42256 | L191: 438.02 | M191: 438.02 | N191: 0.043802 | O191: =IF(OR(N191>($G$25+$G$26*$G$24),N191<($G$25-$G$26*$G$24)),"",N191) -> 0.043802 | X191: 42256 | Y191: 3.25
I192: 42258 | J192: 2.63 | K192: 42257 | L192: 452.36 | M192: 452.36 | N192: 0.045236 | O192: =IF(OR(N192>($G$25+$G$26*$G$24),N192<($G$25-$G$26*$G$24)),"",N192) -> 0.045236 | X192: 42257 | Y192: 3.25
...

Sheet 4. Ke e Kd
R1: Agência Goiana de Regulação, Controle e Fiscalização - AGR
A2: Projeto: Cálculo da Taxa de Remuneração Regulatória | R2: Agência Goiana de Regulação – AR
A3: Interessados: Saneago e BRK Ambiental | R3: Agência Reguladora do Município de Anápolis - ARM
R4: Agência de Regulação dos Serviços Públicos de Saneamento Básico - AMAE
B5: Cálculo dos custos regulatórios de Capital Próprio e Capital de Terceiros
B8: Parâmetros - Custo do Capital Próprio | E8: Valor
B9: Beta (β) do setor | E9: ='6. Beta'!J7 -> 0.61990679 | G9: Em US$ | H9: Em R$* | L9: Check variáveis reais
B10: Rentabilidade do ativo livre de risco (Rf) | E10: =(1+'3. Variáveis'!J10)/(1+E14)*(1+E15)-1 -> 0.056240731 | G10: ='3. Variáveis'!J10 -> 0.029987745 | H10: =(1+G10)/(1+E14)*(1+E15)-1 -> 0.056240731 | K10: Rf | L10: =(1+G10)/(1+E14)-1 -> 4.6727809e-06 | M10: =(1+E10)/(1+E15)-1 -> 4.6727809e-06
B11: Rentabilidade da carteira de mercado (Rm) | E11: =(1+'3. Variáveis'!D10)/(1+E14)*(1+E15)-1 -> 0.16902789 | G11: ='3. Variáveis'!D10 -> 0.13997156 | H11: =(1+G11)/(1+E14)*(1+E15)-1 -> 0.16902789 | K11: rbr | L11: =E13/(1+E15) -> 0.031106899
B12: Prêmio de risco de mercado (Rm - Rf) | E12: =E11-E10 -> 0.11278716 | G12: =G11-G10 -> 0.10998382 | H12: =H11-H10 -> 0.11278716 | I12: =G12/(1+E14)*(1+E15) -> 0.11278716 | K12: Rm-Rf | L12: =G12/(1+E14) -> 0.10678218
B13: Prêmio de risco país (rbr) | E13: =H13 -> 0.03285622 | G13: ='3. Variáveis'!O10 -> 0.032039575 | H13: =G13/(1+E14)*(1+E15) -> 0.03285622 | K13: Re real | L13: =L10+L12*E9+L11 -> 0.097306568
B14: Inflação EUA (CPI) | E14: ='3. Variáveis'!R10 -> 0.029982933 | K14: Check | L14: =L13-E17 -> 0
B15: Inflação Brasil (IPCA) | E15: ='3. Variáveis'!T10 -> 0.056235795
B16: Custo do Capital Próprio (Re) nominal | E16: =E10+E9*E12+E13 -> 0.15901448
B17: Custo do Capital Próprio (Re) real | E17: =(1+E16)/(1+E15)-1 -> 0.097306568
G18: =G17=E17 -> FALSE
B21: Parâmetros - Custo do Capital de Terceiros | E21: Valor | K21: CAPM da dívida considerando o Prime Rate norte-americado, para comparação
B22: Taxa Preferencial Brasileira (TPB) | E22: ='3. Variáveis'!V10 -> 0.13974924
B23: ='3. Variáveis'!U9 -> Taxa_BNDES_TLP Série 20765 BC - PJ | E23: ='3. Variáveis'!U10 -> 0.10829015 | K23: Prime Rate em US$ | N23: ='3. Variáveis'!Y10 -> 0.0325
B24: Inflação (IPCA) | E24: =E15 -> 0.056235795 | K24: Prime Rate em R$ | N24: =(1+N23)/(1+E14)*(1+E15)-1 -> 0.058817019
B25: Taxa média referencial da dívida - nominal | E25: =AVERAGE(E22:E23) -> 0.1240197 | K25: Prêmio de risco país | N25: =E13 -> 0.03285622
B26: Taxa média referencial da dívida - real | E26: =(1+E25)/(1+E24)-1 -> 0.064174971 | K26: Custo do capital de terceiros nominal | N26: =N24+N25 -> 0.09167324
B27: Custo do capital de terceiros (Rd) real antes dos impostos | E27: ='5. Custo da dívida'!G18 -> 0.11957171 | K27: Custo do capital de terceiros real | N27: =(1+N26)/(1+E15)-1 -> 0.033550694
B28: Impostos | E28: 0.34
B29: Custo do capital de terceiros (Rd) real depois dos impostos | E29: =E27*(1-E28) -> 0.078917332

Sheet 5. Custo da dívida
R1: Agência Goiana de Regulação, Controle e Fiscalização - AGR
A2: Projeto: Cálculo da Taxa de Remuneração Regulatória | R2: Agência Goiana de Regulação – AR
A3: Interessados: Saneago e BRK Ambiental | R3: Agência Reguladora do Município de Anápolis - ARM
R4: Agência de Regulação dos Serviços Públicos de Saneamento Básico - AMAE
D6: RELATÓRIO DO AUDITOR INDEPENDENTE SOBRE AS DEMONSTRAÇÕES CONTÁBEIS
B8: BRK Ambiental Goiás | L8: Saneago | V8: Total do Ativo | Y8: %Peso
C9: Trimestre | D9: Saldo Devedor | E9: Juros | F9: % Anual | G9: % Ponderado | H9: Endereço | I9: Item | L9: Trimestre | M9: Saldo Devedor | N9: Juros | O9: % Trimestral | P9: % Ponderado | Q9: Endereço | R9: Item | V9: BRK | W9: Saneago | Y9: BRK | Z9: Saneago
C11: 4 T 2022 | D11: 572721 | E11: -46532 | F11: =-E11/D11 -> 0.081247239 | G11: =F11*Y11 -> 0.015899014 | H11: https://api.mziq.com/mzfilemanager/v2/d/9ffe3afc-e8e3-4e62-9f49-04166095f065/ee125905-afed-5c44-9b89-dcac0c250850?origin=2 | I11: 12.1 | L11: 4 T 2022 | M11: =27868+213499+156648+594981 -> 992996 | N11: =-131719 -> -131719 | O11: =-N11/M11 -> 0.13264807 | P11: =O11*Z11 -> 0.10669059 | Q11: https://ri.saneago.com.br/Download.aspx?Arquivo=weZg90qpzGam4fpMlwRowg==&linguagem=pt | R11: 21.a, 21.b e 21.c | V11: 1745982 | W11: 7176346 | Y11: =V11/(SUM($V11:$W11)) -> 0.19568682 | Z11: =W11/(SUM($V11:$W11)) -> 0.80431318
C12: 4 T 2023 | D12: 1130004 | E12: -72393 | F12: =-E12/D12 -> 0.064064375 | G12: =F12*Y12 -> 0.013163482 | H12: https://api.mziq.com/mzfilemanager/v2/d/9ffe3afc-e8e3-4e62-9f49-04166095f065/621d978c-bd37-55d3-3667-c546908ab526?origin=2 | I12: 12.1 | L12: 4 T 2023 | M12: =23280+152617+225490+669345 -> 1070732 | N12: -136183 | O12: =-N12/M12 -> 0.12718682 | P12: =O12*Z12 -> 0.1010534 | Q12: https://ri.saneago.com.br/Download.aspx?Arquivo=NzUdK9bu1XmIZR2mXFcZZQ==&linguagem=pt | R12: 20.a, 20.b e 20.c | V12: 2078444 | W12: 8036981 | Y12: =V12/(SUM($V12:$W12)) -> 0.20547273 | Z12: =W12/(SUM($V12:$W12)) -> 0.79452727
C13: 4 T 2024 | D13: 1113361 | E13: -96985 | F13: =-E13/D13 -> 0.087110111 | G13: =F13*Y13 -> 0.017818037 | H13: https://api.mziq.com/mzfilemanager/v2/d/9ffe3afc-e8e3-4e62-9f49-04166095f065/1e9cd064-4ecf-fe62-d813-cc104f09f533?origin=2 | I13: 12.1 | L13: 4 T 2024 | M13: =26488+181294+252414+717945 -> 1178141 | N13: -134266 | O13: =-N13/M13 -> 0.11396429 | P13: =O13*Z13 -> 0.090653333 | Q13: https://ri.saneago.com.br/Download.aspx?Arquivo=dTeB8aAbBUilXSWE8SbY1g==&linguagem=pt | R13: 20.a, 20.b e 20.c | V13: 2204792 | W13: 8574155 | Y13: =V13/(SUM($V13:$W13)) -> 0.20454614 | Z13: =W13/(SUM($V13:$W13)) -> 0.79545386
C14: 4 T 2025 | D14: 1163038 | E14: -97067 | F14: =-E14/D14 -> 0.08345987 | G14: =F14*Y14 -> 0.015546251 | H14: https://api.mziq.com/mzfilemanager/v2/d/9ffe3afc-e8e3-4e62-9f49-04166095f065/95aba61b-18d8-9958-20a2-3c73af61779d?origin=2 | I14: 12.1 | L14: 4 T 2025 | M14: =25698+199540+266921+852892 -> 1345051 | N14: -194160 | O14: =(-N14/M14) -> 0.1443514 | P14: =O14*Z14 -> 0.11746275 | Q14: https://ri.saneago.com.br/Download.aspx?Arquivo=BnX8J85dRA5WMMWgb1z79g==&linguagem=pt | R14: 22.a, 22.b e 22.c | V14: 2158407 | W14: 9428976 | Y14: =V14/(SUM($V14:$W14)) -> 0.18627217 | Z14: =W14/(SUM($V14:$W14)) -> 0.81372783
F16: Média | G16: =AVERAGE(G11:G14) -> 0.015606696 | O16: Média | P16: =AVERAGE(P11:P14) -> 0.10396502
F18: Custo anual | G18: =G16+P16 -> 0.11957171

Sheet 6. Beta
R1: Agência Goiana de Regulação, Controle e Fiscalização - AGR
A2: Projeto: Cálculo da Taxa de Remuneração Regulatória | R2: Agência Goiana de Regulação – AR
A3: Interessados: Saneago e BRK Ambiental | R3: Agência Reguladora do Município de Anápolis - ARM
R4: Agência de Regulação dos Serviços Públicos de Saneamento Básico - AMAE
B6: Beta (β) | C6: Alavancado | E6: Desalavancado | G6: Estrutura de Capital (D/E) | J6: Beta Realavancado
B7: Média de mercado | C7: =BS17 -> 0.71875398 | E7: =BU17 -> 0.4831135 | G7: ='2. Estrutura de Capital'!G17 -> 0.42901424 | J7: =(E7*(1+(1-34%)*G7)) -> 0.61990679
BG8: Assimetria amostral | BH8: =SKEW(BH15:BH552) -> 0.0028886684 | BJ8: =SKEW(BJ15:BJ552) -> 0.18684845 | BK8: =SKEW(BK15:BK552) -> -0.064863417 | BL8: =SKEW(BL15:BL552) -> -0.035918241
AI9: Remoção de outliers distantes 2,576 desvios-padrão da média (99% de confiança) | BG9: Assimetria pop. | BH9: =_xlfn.SKEW.P(BH15:BH552) -> 0.0028806083 | BJ9: =_xlfn.SKEW.P(BJ15:BJ552) -> 0.1863271 | BK9: =_xlfn.SKEW.P(BK15:BK552) -> -0.06468243 | BL9: =_xlfn.SKEW.P(BL15:BL552) -> -0.03581802
B10: Observação: Média semanal a partir de dados diários | BG10: Curtose | BH10: =3+KURT(BH15:BH552) -> 3.3310246 | BJ10: =3+KURT(BJ15:BJ552) -> 3.3700582 | BK10: =3+KURT(BK15:BK552) -> 3.2009318 | BL10: =3+KURT(BL15:BL552) -> 2.9924838 | CC10: https://finance.yahoo.com/quote/CSMG3.SA/ | CH10: (sítio visitado em 08/01/2026) | CN10: https://finance.yahoo.com/quote/SAPR4.SA/
K12: Retornos Semanais | S12: Log-retornos | AR12: Remoção de outliers | AY12: Data | AZ12: Log-retornos, removidos os outliers | BH12: =(_xlfn.COVARIANCE.P($BL$15:$BL$552,BH15:BH552))/VARP($BL$15:$BL$552) -> 0.78383553 | BJ12: =(_xlfn.COVARIANCE.P($BL$15:$BL$552,BJ15:BJ552))/VARP($BL$15:$BL$552) -> 0.5996421 | BK12: =(_xlfn.COVARIANCE.P($BL$15:$BL$552,BK15:BK552))/VARP($BL$15:$BL$552) -> 0.77278431
B13: Semanas | C13: CASN3 | D13: CSMG3 | E13: SAPR3 | F13: SAPR4 | G13: SBSP3 | H13: IBOVESPA | K13: CASN3 | L13: CSMG3 | M13: SAPR3 | N13: SAPR4 | O13: SBSP3 | P13: IBOVESPA | S13: CASN3 | T13: CSMG3 | U13: SAPR3 | V13: SAPR4 | W13: SBSP3 | X13: IBOVESPA | AR13: CASN3 | AS13: CSMG3 | AT13: SAPR3 | AU13: SAPR4 | AV13: SBSP3 | AW13: IBOVESPA | AZ13: CASN3 | BA13: CSMG3 | BB13: SAPR3 | BC13: SAPR4 | BD13: SBSP3 | BE13: IBOVESPA | BG13: CASN3 | BH13: CSMG3 | BI13: SAPR3 | BJ13: SAPR4 | BK13: SBSP3 | BL13: IBOVESPA | BO13: EMPRESAS | BP13: Peso de atuação no setor | BQ13: TICKER | BR13: Normalidade dos resíduos | BS13: Beta alavancado | BT13: Estrutura de capital (D/E) | BU13: Beta desalavancado
B14: 42002 | C14: 2.7240117 | D14: 3.4872248 | E14: 1.3578496 | F14: 0.88468069 | G14: 12.30997 | H14: 48512 | BH14: Y1 | BJ14: Y3 | BK14: Y4 | BL14: X | BO14: Companhia de Saneamento de Minas Gerais | BP14: 1 | BQ14: CSMG3 | BR14: ='7. Teste de Normalidade'!I8 -> rejeita-se a normalidade dos resíduos | BS14: =BH12 -> 0.78383553 | BT14: 0.7752 | BU14: =BS14/(1+((1-34%)*(BT14))) -> 0.51853595
B15: 42009 | C15: 2.7240117 | D15: 3.7130504 | E15: 1.3578496 | F15: 0.84621651 | G15: 12.393504 | H15: 48752.8 | K15: =C15/C14-1 -> 0 | L15: =D15/D14-1 -> 0.064757969 | M15: =E15/E14-1 -> 0 | N15: =F15/F14-1 -> -0.043478034 | O15: =G15/G14-1 -> 0.0067858703 | P15: =H15/H14-1 -> 0.0049637203 | S15: =LN(1+K15) -> 0 | T15: =LN(1+L15) -> 0.062747514 | U15: =LN(1+M15) -> 0 | V15: =LN(1+N15) -> -0.044451525 | W15: =LN(1+O15) -> 0.0067629499 | X15: =LN(1+P15) -> 0.0049514417 | AJ15: CASN3 | AK15: CSMG3 | AL15: SAPR3 | AM15: SAPR4 | AN15: SBSP3 | AO15: IBOVESPA | AR15: =IF(OR(S15>(AJ$17+AJ$16*AI$21),S15<(AJ$17-AJ$16*AI$21)),"",S15) -> 0 | AS15: =IF(OR(T15>(AK$17+AK$16*AI$21),T15<(AK$17-AK$16*AI$21)),"",T15) -> 0.062747514 | AT15: =IF(OR(U15>(AL$17+AL$16*AI$21),U15<(AL$17-AL$16*AI$21)),"",U15) -> 0 | AU15: =IF(OR(V15>(AM$17+AM$16*AI$21),V15<(AM$17-AM$16*AI$21)),"",V15) -> -0.044451525 | AV15: =IF(OR(W15>(AN$17+AN$16*AI$21),W15<(AN$17-AN$16*AI$21)),"",W15) -> 0.0067629499 | AW15: =IF(OR(X15>(AO$17+AO$16*AI$21),X15<(AO$17-AO$16*AI$21)),"",X15) -> 0.0049514417 | AY15: 42009 | AZ15: =_xlfn.XLOOKUP($AY15,$B:$B,AR:AR,0) -> 0 | BA15: =_xlfn.XLOOKUP($AY15,$B:$B,AS:AS,0) -> 0.062747514 | BB15: =_xlfn.XLOOKUP($AY15,$B:$B,AT:AT,0) -> 0 | BC15: =_xlfn.XLOOKUP($AY15,$B:$B,AU:AU,0) -> -0.044451525 | BD15: =_xlfn.XLOOKUP($AY15,$B:$B,AV:AV,0) -> 0.0067629499 | BE15: =_xlfn.XLOOKUP($AY15,$B:$B,AW:AW,0) -> 0.0049514417 | BH15: =BA15 -> 0.062747514 | BJ15: =BC15 -> -0.044451525 | BK15: =BD15 -> 0.0067629499 | BL15: =BE15 -> 0.0049514417 | BO15: Companhia de Saneamento Paraná | BP15: 1 | BQ15: SAPR4 | BR15: ='7. Teste de Normalidade'!I9 -> rejeita-se a normalidade dos resíduos | BS15: =BJ12 -> 0.5996421 | BT15: 0.6031 | BU15: =BS15/(1+((1-34%)*(BT15))) -> 0.42891442
B16: 42016 | C16: 2.7240117 | D16: 3.2630865 | E16: 1.3578496 | F16: 0.86406388 | G16: 11.596286 | H16: 48174.2 | K16: =C16/C15-1 -> 0 | L16: =D16/D15-1 -> -0.12118444 | M16: =E16/E15-1 -> 0 | N16: =F16/F15-1 -> 0.021090786 | O16: =G16/G15-1 -> -0.064325469 | P16: =H16/H15-1 -> -0.011868036 | S16: =LN(1+K16) -> 0 | T16: =LN(1+L16) -> -0.12918024 | U16: =LN(1+M16) -> 0 | V16: =LN(1+N16) -> 0.020871454 | W16: =LN(1+O16) -> -0.066487586 | X16: =LN(1+P16) -> -0.011939024 | AI16: Desv. Padrão | AJ16: =_xlfn.STDEV.P(S15:S99996) -> 0.05090708 | AK16: =_xlfn.STDEV.P(T15:T99996) -> 0.046651536 | AL16: =_xlfn.STDEV.P(U15:U99996) -> 0.064732472 | AM16: =_xlfn.STDEV.P(V15:V99996) -> 0.03682316 | AN16: =_xlfn.STDEV.P(W15:W99996) -> 0.039835 | AO16: =_xlfn.STDEV.P(X15:X99996) -> 0.025096772 | AR16: =IF(OR(S16>(AJ$17+AJ$16*AI$21),S16<(AJ$17-AJ$16*AI$21)),"",S16) -> 0 | AS16: =IF(OR(T16>(AK$17+AK$16*AI$21),T16<(AK$17-AK$16*AI$21)),"",T16) | AT16: =IF(OR(U16>(AL$17+AL$16*AI$21),U16<(AL$17-AL$16*AI$21)),"",U16) -> 0 | AU16: =IF(OR(V16>(AM$17+AM$16*AI$21),V16<(AM$17-AM$16*AI$21)),"",V16) -> 0.020871454 | AV16: =IF(OR(W16>(AN$17+AN$16*AI$21),W16<(AN$17-AN$16*AI$21)),"",W16) -> -0.066487586 | AW16: =IF(OR(X16>(AO$17+AO$16*AI$21),X16<(AO$17-AO$16*AI$21)),"",X16) -> -0.011939024 | AY16: 42023 | AZ16: =_xlfn.XLOOKUP($AY16,$B:$B,AR:AR,0) -> 0 | BA16: =_xlfn.XLOOKUP($AY16,$B:$B,AS:AS,0) -> -0.043958301 | BB16: =_xlfn.XLOOKUP($AY16,$B:$B,AT:AT,0) -> 0 | BC16: =_xlfn.XLOOKUP($AY16,$B:$B,AU:AU,0) -> -0.030004004 | BD16: =_xlfn.XLOOKUP($AY16,$B:$B,AV:AV,0) -> -0.060427179 | BE16: =_xlfn.XLOOKUP($AY16,$B:$B,AW:AW,0) -> 0.0091167451 | BH16: =BA16 -> -0.043958301 | BJ16: =BC16 -> -0.030004004 | BK16: =BD16 -> -0.060427179 | BL16: =BE16 -> 0.0091167451 | BO16: SABESP | BP16: 1 | BQ16: SBSP3 | BR16: ='7. Teste de Normalidade'!I10 -> rejeita-se a normalidade dos resíduos | BS16: =BK12 -> 0.77278431 | BT16: 0.8178 | BU16: =BS16/(1+((1-34%)*(BT16))) -> 0.50189012
B17: 42023 | C17: 2.7240117 | D17: 3.1227537 | E17: 1.3578496 | F17: 0.83852358 | G17: 10.916306 | H17: 48615.4 | K17: =C17/C16-1 -> 0 | L17: =D17/D16-1 -> -0.043006138 | M17: =E17/E16-1 -> 0 | N17: =F17/F16-1 -> -0.029558352 | O17: =G17/G16-1 -> -0.058637682 | P17: =H17/H16-1 -> 0.0091584292 | S17: =LN(1+K17) -> 0 | T17: =LN(1+L17) -> -0.043958301 | U17: =LN(1+M17) -> 0 | V17: =LN(1+N17) -> -0.030004004 | W17: =LN(1+O17) -> -0.060427179 | X17: =LN(1+P17) -> 0.0091167451 | AI17: Média | AJ17: =AVERAGE(S15:S99996) -> 0.0019845682 | AK17: =AVERAGE(T15:T99996) -> 0.0043990123 | AL17: =AVERAGE(U15:U99996) -> 0.0032585389 | AM17: =AVERAGE(W15:W99996) -> 0.0041449259 | AN17: =AVERAGE(W15:W99996) -> 0.0041449259 | AO17: =AVERAGE(X15:X99996) -> 0.0020877993 | AR17: =IF(OR(S17>(AJ$17+AJ$16*AI$21),S17<(AJ$17-AJ$16*AI$21)),"",S17) -> 0 | AS17: =IF(OR(T17>(AK$17+AK$16*AI$21),T17<(AK$17-AK$16*AI$21)),"",T17) -> -0.043958301 | AT17: =IF(OR(U17>(AL$17+AL$16*AI$21),U17<(AL$17-AL$16*AI$21)),"",U17) -> 0 | AU17: =IF(OR(V17>(AM$17+AM$16*AI$21),V17<(AM$17-AM$16*AI$21)),"",V17) -> -0.030004004 | AV17: =IF(OR(W17>(AN$17+AN$16*AI$21),W17<(AN$17-AN$16*AI$21)),"",W17) -> -0.060427179 | AW17: =IF(OR(X17>(AO$17+AO$16*AI$21),X17<(AO$17-AO$16*AI$21)),"",X17) -> 0.0091167451 | AY17: 42037 | AZ17: =_xlfn.XLOOKUP($AY17,$B:$B,AR:AR,0) -> 0 | BA17: =_xlfn.XLOOKUP($AY17,$B:$B,AS:AS,0) -> -0.030501869 | BB17: =_xlfn.XLOOKUP($AY17,$B:$B,AT:AT,0) -> 0 | BC17: =_xlfn.XLOOKUP($AY17,$B:$B,AU:AU,0) -> -0.0071764347 | BD17: =_xlfn.XLOOKUP($AY17,$B:$B,AV:AV,0) -> 0.025887655 | BE17: =_xlfn.XLOOKUP($AY17,$B:$B,AW:AW,0) -> 0.018239298 | BH17: =BA17 -> -0.030501869 | BJ17: =BC17 -> -0.0071764347 | BK17: =BD17 -> 0.025887655 | BL17: =BE17 -> 0.018239298 | BS17: =AVERAGEIF(BS14:BS16,">0") -> 0.71875398 | BU17: =AVERAGEIF(BU14:BU16,">0") -> 0.4831135
B18: 42030 | C18: 2.7240117 | D18: 2.3777811 | E18: 1.3578496 | F18: 0.81759877 | G18: 9.8347876 | H18: 47906.6 | K18: =C18/C17-1 -> 0 | L18: =D18/D17-1 -> -0.23856272 | M18: =E18/E17-1 -> 0 | N18: =F18/F17-1 -> -0.024954345 | O18: =G18/G17-1 -> -0.099073706 | P18: =H18/H17-1 -> -0.014579742 | S18: =LN(1+K18) -> 0 | T18: =LN(1+L18) -> -0.27254747 | U18: =LN(1+M18) -> 0 | V18: =LN(1+N18) -> -0.025270983 | W18: =LN(1+O18) -> -0.10433183 | X18: =LN(1+P18) -> -0.014687071 | AI18: Correlação | AJ18: =CORREL(S15:S588,$X$15:$X$588) -> 0.0044972402 | AK18: =CORREL(T15:T588,$X$15:$X$588) -> 0.52149416 | AL18: =CORREL(U15:U588,$X$15:$X$588) -> 0.25107051 | AM18: =CORREL(V15:V588,$X$15:$X$588) -> 0.46381826 | AN18: =CORREL(W15:W588,$X$15:$X$588) -> 0.57557966 | AR18: =IF(OR(S18>(AJ$17+AJ$16*AI$21),S18<(AJ$17-AJ$16*AI$21)),"",S18) -> 0 | AS18: =IF(OR(T18>(AK$17+AK$16*AI$21),T18<(AK$17-AK$16*AI$21)),"",T18) | AT18: =IF(OR(U18>(AL$17+AL$16*AI$21),U18<(AL$17-AL$16*AI$21)),"",U18) -> 0 | AU18: =IF(OR(V18>(AM$17+AM$16*AI$21),V18<(AM$17-AM$16*AI$21)),"",V18) -> -0.025270983 | AV18: =IF(OR(W18>(AN$17+AN$16*AI$21),W18<(AN$17-AN$16*AI$21)),"",W18) | AW18: =IF(OR(X18>(AO$17+AO$16*AI$21),X18<(AO$17-AO$16*AI$21)),"",X18) -> -0.014687071 | AY18: 42044 | AZ18: =_xlfn.XLOOKUP($AY18,$B:$B,AR:AR,0) -> 0 | BA18: =_xlfn.XLOOKUP($AY18,$B:$B,AS:AS,0) -> -0.071120484 | BB18: =_xlfn.XLOOKUP($AY18,$B:$B,AT:AT,0) -> 0 | BC18: =_xlfn.XLOOKUP($AY18,$B:$B,AU:AU,0) -> -0.063780663 | BD18: =_xlfn.XLOOKUP($AY18,$B:$B,AV:AV,0) -> 0.057690624 | BE18: =_xlfn.XLOOKUP($AY18,$B:$B,AW:AW,0) -> 0.0096279332 | BH18: =BA18 -> -0.071120484 | BJ18: =BC18 -> -0.063780663 | BK18: =BD18 -> 0.057690624 | BL18: =BE18 -> 0.0096279332
B19: 42037 | C19: 2.7240117 | D19: 2.3063493 | E19: 1.3578496 | F19: 0.81175233 | G19: 10.092711 | H19: 48788.4 | K19: =C19/C18-1 -> 0 | L19: =D19/D18-1 -> -0.030041381 | M19: =E19/E18-1 -> 0 | N19: =F19/F18-1 -> -0.0071507456 | O19: =G19/G18-1 -> 0.02622565 | P19: =H19/H18-1 -> 0.01840665 | S19: =LN(1+K19) -> 0 | T19: =LN(1+L19) -> -0.030501869 | U19: =LN(1+M19) -> 0 | V19: =LN(1+N19) -> -0.0071764347 | W19: =LN(1+O19) -> 0.025887655 | X19: =LN(1+P19) -> 0.018239298 | AR19: =IF(OR(S19>(AJ$17+AJ$16*AI$21),S19<(AJ$17-AJ$16*AI$21)),"",S19) -> 0 | AS19: =IF(OR(T19>(AK$17+AK$16*AI$21),T19<(AK$17-AK$16*AI$21)),"",T19) -> -0.030501869 | AT19: =IF(OR(U19>(AL$17+AL$16*AI$21),U19<(AL$17-AL$16*AI$21)),"",U19) -> 0 | AU19: =IF(OR(V19>(AM$17+AM$16*AI$21),V19<(AM$17-AM$16*AI$21)),"",V19) -> -0.0071764347 | AV19: =IF(OR(W19>(AN$17+AN$16*AI$21),W19<(AN$17-AN$16*AI$21)),"",W19) -> 0.025887655 | AW19: =IF(OR(X19>(AO$17+AO$16*AI$21),X19<(AO$17-AO$16*AI$21)),"",X19) -> 0.018239298 | AY19: 42058 | AZ19: =_xlfn.XLOOKUP($AY19,$B:$B,AR:AR,0) -> 0 | BA19: =_xlfn.XLOOKUP($AY19,$B:$B,AS:AS,0) -> 0.061988094 | BB19: =_xlfn.XLOOKUP($AY19,$B:$B,AT:AT,0) -> 0 | BC19: =_xlfn.XLOOKUP($AY19,$B:$B,AU:AU,0) -> -0.0049718818 | BD19: =_xlfn.XLOOKUP($AY19,$B:$B,AV:AV,0) -> 0.057980184 | BE19: =_xlfn.XLOOKUP($AY19,$B:$B,AW:AW,0) -> 0.0076037128 | BH19: =BA19 -> 0.061988094 | BJ19: =BC19 -> -0.0049718818 | BK19: =BD19 -> 0.057980184 | BL19: =BE19 -> 0.0076037128
B20: 42044 | C20: 2.7240117 | D20: 2.1480176 | E20: 1.3578496 | F20: 0.76159477 | G20: 10.692089 | H20: 49260.4 | K20: =C20/C19-1 -> 0 | L20: =D20/D19-1 -> -0.068650327 | M20: =E20/E19-1 -> 0 | N20: =F20/F19-1 -> -0.061789239 | O20: =G20/G19-1 -> 0.059387196 | P20: =H20/H19-1 -> 0.0096744308 | S20: =LN(1+K20) -> 0 | T20: =LN(1+L20) -> -0.071120484 | U20: =LN(1+M20) -> 0 | V20: =LN(1+N20) -> -0.063780663 | W20: =LN(1+O20) -> 0.057690624 | X20: =LN(1+P20) -> 0.0096279332 | AI20: n° desvios p/ remoção de outliers | AR20: =IF(OR(S20>(AJ$17+AJ$16*AI$21),S20<(AJ$17-AJ$16*AI$21)),"",S20) -> 0 | AS20: =IF(OR(T20>(AK$17+AK$16*AI$21),T20<(AK$17-AK$16*AI$21)),"",T20) -> -0.071120484 | AT20: =IF(OR(U20>(AL$17+AL$16*AI$21),U20<(AL$17-AL$16*AI$21)),"",U20) -> 0 | AU20: =IF(OR(V20>(AM$17+AM$16*AI$21),V20<(AM$17-AM$16*AI$21)),"",V20) -> -0.063780663 | AV20: =IF(OR(W20>(AN$17+AN$16*AI$21),W20<(AN$17-AN$16*AI$21)),"",W20) -> 0.057690624 | AW20: =IF(OR(X20>(AO$17+AO$16*AI$21),X20<(AO$17-AO$16*AI$21)),"",X20) -> 0.0096279332 | AY20: 42065 | AZ20: =_xlfn.XLOOKUP($AY20,$B:$B,AR:AR,0) -> 0 | BA20: =_xlfn.XLOOKUP($AY20,$B:$B,AS:AS,0) -> 0.0063465191 | BB20: =_xlfn.XLOOKUP($AY20,$B:$B,AT:AT,0) -> 0 | BC20: =_xlfn.XLOOKUP($AY20,$B:$B,AU:AU,0) -> -0.010522657 | BD20: =_xlfn.XLOOKUP($AY20,$B:$B,AV:AV,0) -> -0.015282341 | BE20: =_xlfn.XLOOKUP($AY20,$B:$B,AW:AW,0) -> -0.020221669 | BH20: =BA20 -> 0.0063465191 | BJ20: =BC20 -> -0.010522657 | BK20: =BD20 -> -0.015282341 | BL20: =BE20 -> -0.020221669
B21: 42051 | C21: 2.7240117 | D21: 2.4494939 | E21: 1.3578496 | F21: 0.82724057 | G21: 11.489306 | H21: 51270.667 | K21: =C21/C20-1 -> 0 | L21: =D21/D20-1 -> 0.14035091 | M21: =E21/E20-1 -> 0 | N21: =F21/F20-1 -> 0.086195174 | O21: =G21/G20-1 -> 0.074561363 | P21: =H21/H20-1 -> 0.04080898 | S21: =LN(1+K21) -> 0 | T21: =LN(1+L21) -> 0.13133603 | U21: =LN(1+M21) -> 0 | V21: =LN(1+N21) -> 0.082680924 | W21: =LN(1+O21) -> 0.071912544 | X21: =LN(1+P21) -> 0.039998276 | AI21: 2.576 | AR21: =IF(OR(S21>(AJ$17+AJ$16*AI$21),S21<(AJ$17-AJ$16*AI$21)),"",S21) -> 0 | AS21: =IF(OR(T21>(AK$17+AK$16*AI$21),T21<(AK$17-AK$16*AI$21)),"",T21) | AT21: =IF(OR(U21>(AL$17+AL$16*AI$21),U21<(AL$17-AL$16*AI$21)),"",U21) -> 0 | AU21: =IF(OR(V21>(AM$17+AM$16*AI$21),V21<(AM$17-AM$16*AI$21)),"",V21) -> 0.082680924 | AV21: =IF(OR(W21>(AN$17+AN$16*AI$21),W21<(AN$17-AN$16*AI$21)),"",W21) -> 0.071912544 | AW21: =IF(OR(X21>(AO$17+AO$16*AI$21),X21<(AO$17-AO$16*AI$21)),"",X21) -> 0.039998276 | AY21: 42072 | AZ21: =_xlfn.XLOOKUP($AY21,$B:$B,AR:AR,0) -> 0 | BA21: =_xlfn.XLOOKUP($AY21,$B:$B,AS:AS,0) -> -0.10707783 | BB21: =_xlfn.XLOOKUP($AY21,$B:$B,AT:AT,0) -> 0 | BC21: =_xlfn.XLOOKUP($AY21,$B:$B,AU:AU,0) -> -0.075299985 | BD21: =_xlfn.XLOOKUP($AY21,$B:$B,AV:AV,0) -> 0.011181474 | BE21: =_xlfn.XLOOKUP($AY21,$B:$B,AW:AW,0) -> -0.037360858 | BH21: =BA21 -> -0.10707783 | BJ21: =BC21 -> -0.075299985 | BK21: =BD21 -> 0.011181474 | BL21: =BE21 -> -0.037360858
B22: 42058 | C22: 2.7240117 | D22: 2.6061382 | E22: 1.3578496 | F22: 0.82313783 | G22: 12.175148 | H22: 51662 | K22: =C22/C21-1 -> 0 | L22: =D22/D21-1 -> 0.063949678 | M22: =E22/E21-1 -> 0 | N22: =F22/F21-1 -> -0.0049595425 | O22: =G22/G21-1 -> 0.059693996 | P22: =H22/H21-1 -> 0.0076326945 | S22: =LN(1+K22) -> 0 | T22: =LN(1+L22) -> 0.061988094 | U22: =LN(1+M22) -> 0 | V22: =LN(1+N22) -> -0.0049718818 | W22: =LN(1+O22) -> 0.057980184 | X22: =LN(1+P22) -> 0.0076037128 | AR22: =IF(OR(S22>(AJ$17+AJ$16*AI$21),S22<(AJ$17-AJ$16*AI$21)),"",S22) -> 0 | AS22: =IF(OR(T22>(AK$17+AK$16*AI$21),T22<(AK$17-AK$16*AI$21)),"",T22) -> 0.061988094 | AT22: =IF(OR(U22>(AL$17+AL$16*AI$21),U22<(AL$17-AL$16*AI$21)),"",U22) -> 0 | AU22: =IF(OR(V22>(AM$17+AM$16*AI$21),V22<(AM$17-AM$16*AI$21)),"",V22) -> -0.0049718818 | AV22: =IF(OR(W22>(AN$17+AN$16*AI$21),W22<(AN$17-AN$16*AI$21)),"",W22) -> 0.057980184 | AW22: =IF(OR(X22>(AO$17+AO$16*AI$21),X22<(AO$17-AO$16*AI$21)),"",X22) -> 0.0076037128 | AY22: 42079 | AZ22: =_xlfn.XLOOKUP($AY22,$B:$B,AR:AR,0) -> 0 | BA22: =_xlfn.XLOOKUP($AY22,$B:$B,AS:AS,0) -> 0.072606547 | BB22: =_xlfn.XLOOKUP($AY22,$B:$B,AT:AT,0) -> 0 | BC22: =_xlfn.XLOOKUP($AY22,$B:$B,AU:AU,0) -> 0.041099016 | BD22: =_xlfn.XLOOKUP($AY22,$B:$B,AV:AV,0) -> 0.072146361 | BE22: =_xlfn.XLOOKUP($AY22,$B:$B,AW:AW,0) -> 0.039101468 | BH22: =BA22 -> 0.072606547 | BJ22: =BC22 -> 0.041099016 | BK22: =BD22 -> 0.072146361 | BL22: =BE22 -> 0.039101468
B23: 42065 | C23: 2.7240117 | D23: 2.6227307 | E23: 1.3578496 | F23: 0.81452165 | G23: 11.990498 | H23: 50627.8 | K23: =C23/C22-1 -> 0 | L23: =D23/D22-1 -> 0.0063667009 | M23: =E23/E22-1 -> 0 | N23: =F23/F22-1 -> -0.010467488 | O23: =G23/G22-1 -> -0.015166159 | P23: =H23/H22-1 -> -0.020018582 | S23: =LN(1+K23) -> 0 | T23: =LN(1+L23) -> 0.0063465191 | U23: =LN(1+M23) -> 0 | V23: =LN(1+N23) -> -0.010522657 | W23: =LN(1+O23) -> -0.015282341 | X23: =LN(1+P23) -> -0.020221669 | AR23: =IF(OR(S23>(AJ$17+AJ$16*AI$21),S23<(AJ$17-AJ$16*AI$21)),"",S23) -> 0 | AS23: =IF(OR(T23>(AK$17+AK$16*AI$21),T23<(AK$17-AK$16*AI$21)),"",T23) -> 0.0063465191 | AT23: =IF(OR(U23>(AL$17+AL$16*AI$21),U23<(AL$17-AL$16*AI$21)),"",U23) -> 0 | AU23: =IF(OR(V23>(AM$17+AM$16*AI$21),V23<(AM$17-AM$16*AI$21)),"",V23) -> -0.010522657 | AV23: =IF(OR(W23>(AN$17+AN$16*AI$21),W23<(AN$17-AN$16*AI$21)),"",W23) -> -0.015282341 | AW23: =IF(OR(X23>(AO$17+AO$16*AI$21),X23<(AO$17-AO$16*AI$21)),"",X23) -> -0.020221669 | AY23: 42086 | AZ23: =_xlfn.XLOOKUP($AY23,$B:$B,AR:AR,0) -> 0 | BA23: =_xlfn.XLOOKUP($AY23,$B:$B,AS:AS,0) -> 0.03977922 | BB23: =_xlfn.XLOOKUP($AY23,$B:$B,AT:AT,0) -> 0 | BC23: =_xlfn.XLOOKUP($AY23,$B:$B,AU:AU,0) -> 0.022038102 | BD23: =_xlfn.XLOOKUP($AY23,$B:$B,AV:AV,0) -> 0.026410797 | BE23: =_xlfn.XLOOKUP($AY23,$B:$B,AW:AW,0) -> 0.0092910367 | BH23: =BA23 -> 0.03977922 | BJ23: =BC23 -> 0.022038102 | BK23: =BD23 -> 0.026410797 | BL23: =BE23 -> 0.0092910367
B24: 42072 | C24: 2.7240117 | D24: 2.3564075 | E24: 1.3578496 | F24: 0.7554405 | G24: 12.125322 | H24: 48771.2 | K24: =C24/C23-1 -> 0 | L24: =D24/D23-1 -> -0.10154425 | M24: =E24/E23-1 -> 0 | N24: =F24/F23-1 -> -0.072534781 | O24: =G24/G23-1 -> 0.01124422 | P24: =H24/H23-1 -> -0.036671552 | S24: =LN(1+K24) -> 0 | T24: =LN(1+L24) -> -0.10707783 | U24: =LN(1+M24) -> 0 | V24: =LN(1+N24) -> -0.075299985 | W24: =LN(1+O24) -> 0.011181474 | X24: =LN(1+P24) -> -0.037360858 | AA24: Observações mantidas na série de 10 anos após a remoção | AB24: =S13 -> CASN3 | AC24: =T13 -> CSMG3 | AD24: =U13 -> SAPR3 | AE24: =V13 -> SAPR4 | AF24: =W13 -> SBSP3 | AG24: Ibov | AR24: =IF(OR(S24>(AJ$17+AJ$16*AI$21),S24<(AJ$17-AJ$16*AI$21)),"",S24) -> 0 | AS24: =IF(OR(T24>(AK$17+AK$16*AI$21),T24<(AK$17-AK$16*AI$21)),"",T24) -> -0.10707783 | AT24: =IF(OR(U24>(AL$17+AL$16*AI$21),U24<(AL$17-AL$16*AI$21)),"",U24) -> 0 | AU24: =IF(OR(V24>(AM$17+AM$16*AI$21),V24<(AM$17-AM$16*AI$21)),"",V24) -> -0.075299985 | AV24: =IF(OR(W24>(AN$17+AN$16*AI$21),W24<(AN$17-AN$16*AI$21)),"",W24) -> 0.011181474 | AW24: =IF(OR(X24>(AO$17+AO$16*AI$21),X24<(AO$17-AO$16*AI$21)),"",X24) -> -0.037360858 | AY24: 42093 | AZ24: =_xlfn.XLOOKUP($AY24,$B:$B,AR:AR,0) -> 0 | BA24: =_xlfn.XLOOKUP($AY24,$B:$B,AS:AS,0) -> -0.026469169 | BB24: =_xlfn.XLOOKUP($AY24,$B:$B,AT:AT,0) -> 0 | BC24: =_xlfn.XLOOKUP($AY24,$B:$B,AU:AU,0) -> -0.012022211 | BD24: =_xlfn.XLOOKUP($AY24,$B:$B,AV:AV,0) -> -0.030692906 | BE24: =_xlfn.XLOOKUP($AY24,$B:$B,AW:AW,0) -> 0.01493209 | BH24: =BA24 -> -0.026469169 | BJ24: =BC24 -> -0.012022211 | BK24: =BD24 -> -0.030692906 | BL24: =BE24 -> 0.01493209
B25: 42079 | C25: 2.7240117 | D25: 2.5338624 | E25: 1.3578496 | F25: 0.78713521 | G25: 13.032449 | H25: 50716 | K25: =C25/C24-1 -> 0 | L25: =D25/D24-1 -> 0.075307371 | M25: =E25/E24-1 -> 0 | N25: =F25/F24-1 -> 0.04195527 | O25: =G25/G24-1 -> 0.074812643 | P25: =H25/H24-1 -> 0.039875992 | S25: =LN(1+K25) -> 0 | T25: =LN(1+L25) -> 0.072606547 | U25: =LN(1+M25) -> 0 | V25: =LN(1+N25) -> 0.041099016 | W25: =LN(1+O25) -> 0.072146361 | X25: =LN(1+P25) -> 0.039101468 | AB25: =1-COUNTIF(AR15:AR536,"")/COUNT(S15:S9996) -> 0.98954704 | AC25: =1-COUNTIF(AS15:AS536,"")/COUNT(T15:T9996) -> 0.97038328 | AD25: =1-COUNTIF(AT15:AT536,"")/COUNT(U15:U9996) -> 0.97909408 | AE25: =1-COUNTIF(AU15:AU536,"")/COUNT(V15:V9996) -> 0.97909408 | AF25: =1-COUNTIF(AV15:AV536,"")/COUNT(W15:W9996) -> 0.98432056 | AG25: =1-COUNTIF(AW15:AW536,"")/COUNT(X15:X9996) -> 0.98780488 | AR25: =IF(OR(S25>(AJ$17+AJ$16*AI$21),S25<(AJ$17-AJ$16*AI$21)),"",S25) -> 0 | AS25: =IF(OR(T25>(AK$17+AK$16*AI$21),T25<(AK$17-AK$16*AI$21)),"",T25) -> 0.072606547 | AT25: =IF(OR(U25>(AL$17+AL$16*AI$21),U25<(AL$17-AL$16*AI$21)),"",U25) -> 0 | AU25: =IF(OR(V25>(AM$17+AM$16*AI$21),V25<(AM$17-AM$16*AI$21)),"",V25) -> 0.041099016 | AV25: =IF(OR(W25>(AN$17+AN$16*AI$21),W25<(AN$17-AN$16*AI$21)),"",W25) -> 0.072146361 | AW25: =IF(OR(X25>(AO$17+AO$16*AI$21),X25<(AO$17-AO$16*AI$21)),"",X25) -> 0.039101468 | AY25: 42100 | AZ25: =_xlfn.XLOOKUP($AY25,$B:$B,AR:AR,0) -> 0 | BA25: =_xlfn.XLOOKUP($AY25,$B:$B,AS:AS,0) -> 0.039947755 | BB25: =_xlfn.XLOOKUP($AY25,$B:$B,AT:AT,0) -> 0 | BC25: =_xlfn.XLOOKUP($AY25,$B:$B,AU:AU,0) -> 0.003573711 | BD25: =_xlfn.XLOOKUP($AY25,$B:$B,AV:AV,0) -> 0.038079726 | BE25: =_xlfn.XLOOKUP($AY25,$B:$B,AW:AW,0) -> 0.035344071 | BH25: =BA25 -> 0.039947755 | BJ25: =BC25 -> 0.003573711 | BK25: =BD25 -> 0.038079726 | BL25: =BE25 -> 0.035344071
B26: 42086 | C26: 2.7240117 | D26: 2.636689 | E26: 1.3578496 | F26: 0.80467473 | G26: 13.381232 | H26: 51189.4 | K26: =C26/C25-1 -> 0 | L26: =D26/D25-1 -> 0.040581009 | M26: =E26/E25-1 -> 0 | N26: =F26/F25-1 -> 0.022282735 | O26: =G26/G25-1 -> 0.026762653 | P26: =H26/H25-1 -> 0.0093343324 | S26: =LN(1+K26) -> 0 | T26: =LN(1+L26) -> 0.03977922 | U26: =LN(1+M26) -> 0 | V26: =LN(1+N26) -> 0.022038102 | W26: =LN(1+O26) -> 0.026410797 | X26: =LN(1+P26) -> 0.0092910367 | AB26: =1-AB32/COUNT(S15:S588) -> 0.93728223 | AC26: =1-AC32/COUNT(T15:T588) -> 0.93728223 | AD26: =1-AD32/COUNT(U15:U588) -> 0.93728223 | AE26: =1-AE32/COUNT(V15:V588) -> 0.93728223 | AF26: =1-AF32/COUNT(W15:W588) -> 0.93728223 | AG26: =1-AG32/COUNT(X15:X588) -> 0.93728223 | AR26: =IF(OR(S26>(AJ$17+AJ$16*AI$21),S26<(AJ$17-AJ$16*AI$21)),"",S26) -> 0 | AS26: =IF(OR(T26>(AK$17+AK$16*AI$21),T26<(AK$17-AK$16*AI$21)),"",T26) -> 0.03977922 | AT26: =IF(OR(U26>(AL$17+AL$16*AI$21),U26<(AL$17-AL$16*AI$21)),"",U26) -> 0 | AU26: =IF(OR(V26>(AM$17+AM$16*AI$21),V26<(AM$17-AM$16*AI$21)),"",V26) -> 0.022038102 | AV26: =IF(OR(W26>(AN$17+AN$16*AI$21),W26<(AN$17-AN$16*AI$21)),"",W26) -> 0.026410797 | AW26: =IF(OR(X26>(AO$17+AO$16*AI$21),X26<(AO$17-AO$16*AI$21)),"",X26) -> 0.0092910367 | AY26: 42107 | AZ26: =_xlfn.XLOOKUP($AY26,$B:$B,AR:AR,0) -> 0.0019772947 | BA26: =_xlfn.XLOOKUP($AY26,$B:$B,AS:AS,0) -> -0.042389986 | BB26: =_xlfn.XLOOKUP($AY26,$B:$B,AT:AT,0) -> 0 | BC26: =_xlfn.XLOOKUP($AY26,$B:$B,AU:AU,0) -> -0.017114422 | BD26: =_xlfn.XLOOKUP($AY26,$B:$B,AV:AV,0) -> -0.014755091 | BE26: =_xlfn.XLOOKUP($AY26,$B:$B,AW:AW,0) -> 0.009709568 | BH26: =BA26 -> -0.042389986 | BJ26: =BC26 -> -0.017114422 | BK26: =BD26 -> -0.014755091 | BL26: =BE26 -> 0.009709568
B27: 42093 | C27: 2.7240117 | D27: 2.5678136 | E27: 1.3578496 | F27: 0.79505868 | G27: 12.976762 | H27: 51959.5 | K27: =C27/C26-1 -> 0 | L27: =D27/D26-1 -> -0.026121931 | M27: =E27/E26-1 -> 0 | N27: =F27/F26-1 -> -0.011950232 | O27: =G27/G26-1 -> -0.030226661 | P27: =H27/H26-1 -> 0.01504413 | S27: =LN(1+K27) -> 0 | T27: =LN(1+L27) -> -0.026469169 | U27: =LN(1+M27) -> 0 | V27: =LN(1+N27) -> -0.012022211 | W27: =LN(1+O27) -> -0.030692906 | X27: =LN(1+P27) -> 0.01493209 | AR27: =IF(OR(S27>(AJ$17+AJ$16*AI$21),S27<(AJ$17-AJ$16*AI$21)),"",S27) -> 0 | AS27: =IF(OR(T27>(AK$17+AK$16*AI$21),T27<(AK$17-AK$16*AI$21)),"",T27) -> -0.026469169 | AT27: =IF(OR(U27>(AL$17+AL$16*AI$21),U27<(AL$17-AL$16*AI$21)),"",U27) -> 0 | AU27: =IF(OR(V27>(AM$17+AM$16*AI$21),V27<(AM$17-AM$16*AI$21)),"",V27) -> -0.012022211 | AV27: =IF(OR(W27>(AN$17+AN$16*AI$21),W27<(AN$17-AN$16*AI$21)),"",W27) -> -0.030692906 | AW27: =IF(OR(X27>(AO$17+AO$16*AI$21),X27<(AO$17-AO$16*AI$21)),"",X27) -> 0.01493209 | AY27: 42114 | AZ27: =_xlfn.XLOOKUP($AY27,$B:$B,AR:AR,0) -> 0.0029586307 | BA27: =_xlfn.XLOOKUP($AY27,$B:$B,AS:AS,0) -> 0.037717922 | BB27: =_xlfn.XLOOKUP($AY27,$B:$B,AT:AT,0) -> 0 | BC27: =_xlfn.XLOOKUP($AY27,$B:$B,AU:AU,0) -> -0.0055075175 | BD27: =_xlfn.XLOOKUP($AY27,$B:$B,AV:AV,0) -> 0.010940308 | BE27: =_xlfn.XLOOKUP($AY27,$B:$B,AW:AW,0) -> 0.014796891 | BH27: =BA27 -> 0.037717922 | BJ27: =BC27 -> -0.0055075175 | BK27: =BD27 -> 0.010940308 | BL27: =BE27 -> 0.014796891
B28: 42100 | C28: 2.7240117 | D28: 2.6724685 | E28: 1.3578496 | F28: 0.79790508 | G28: 13.480443 | H28: 53828.8 | K28: =C28/C27-1 -> 0 | L28: =D28/D27-1 -> 0.040756399 | M28: =E28/E27-1 -> 0 | N28: =F28/F27-1 -> 0.0035801043 | O28: =G28/G27-1 -> 0.03881405 | P28: =H28/H27-1 -> 0.035976097 | S28: =LN(1+K28) -> 0 | T28: =LN(1+L28) -> 0.039947755 | U28: =LN(1+M28) -> 0 | V28: =LN(1+N28) -> 0.003573711 | W28: =LN(1+O28) -> 0.038079726 | X28: =LN(1+P28) -> 0.035344071 | AR28: =IF(OR(S28>(AJ$17+AJ$16*AI$21),S28<(AJ$17-AJ$16*AI$21)),"",S28) -> 0 | AS28: =IF(OR(T28>(AK$17+AK$16*AI$21),T28<(AK$17-AK$16*AI$21)),"",T28) -> 0.039947755 | AT28: =IF(OR(U28>(AL$17+AL$16*AI$21),U28<(AL$17-AL$16*AI$21)),"",U28) -> 0 | AU28: =IF(OR(V28>(AM$17+AM$16*AI$21),V28<(AM$17-AM$16*AI$21)),"",V28) -> 0.003573711 | AV28: =IF(OR(W28>(AN$17+AN$16*AI$21),W28<(AN$17-AN$16*AI$21)),"",W28) -> 0.038079726 | AW28: =IF(OR(X28>(AO$17+AO$16*AI$21),X28<(AO$17-AO$16*AI$21)),"",X28) -> 0.035344071 | AY28: 42121 | AZ28: =_xlfn.XLOOKUP($AY28,$B:$B,AR:AR,0) -> 0 | BA28: =_xlfn.XLOOKUP($AY28,$B:$B,AS:AS,0) -> -0.018559911 | BB28: =_xlfn.XLOOKUP($AY28,$B:$B,AT:AT,0) -> 0.0041337674 | BC28: =_xlfn.XLOOKUP($AY28,$B:$B,AU:AU,0) -> -0.0057978078 | BD28: =_xlfn.XLOOKUP($AY28,$B:$B,AV:AV,0) -> -0.0083834204 | BE28: =_xlfn.XLOOKUP($AY28,$B:$B,AW:AW,0) -> 0.010118267 | BH28: =BA28 -> -0.018559911 | BJ28: =BC28 -> -0.0057978078 | BK28: =BD28 -> -0.0083834204 | BL28: =BE28 -> 0.010118267
B29: 42107 | C29: 2.7294032 | D29: 2.5615501 | E29: 1.3578496 | F29: 0.78436558 | G29: 13.282998 | H29: 54354 | K29: =C29/C28-1 -> 0.0019792508 | L29: =D29/D28-1 -> -0.041504093 | M29: =E29/E28-1 -> 0 | N29: =F29/F28-1 -> -0.016968802 | O29: =G29/G28-1 -> -0.014646768 | P29: =H29/H28-1 -> 0.0097568588 | S29: =LN(1+K29) -> 0.0019772947 | T29: =LN(1+L29) -> -0.042389986 | U29: =LN(1+M29) -> 0 | V29: =LN(1+N29) -> -0.017114422 | W29: =LN(1+O29) -> -0.014755091 | X29: =LN(1+P29) -> 0.009709568 | AR29: =IF(OR(S29>(AJ$17+AJ$16*AI$21),S29<(AJ$17-AJ$16*AI$21)),"",S29) -> 0.0019772947 | AS29: =IF(OR(T29>(AK$17+AK$16*AI$21),T29<(AK$17-AK$16*AI$21)),"",T29) -> -0.042389986 | AT29: =IF(OR(U29>(AL$17+AL$16*AI$21),U29<(AL$17-AL$16*AI$21)),"",U29) -> 0 | AU29: =IF(OR(V29>(AM$17+AM$16*AI$21),V29<(AM$17-AM$16*AI$21)),"",V29) -> -0.017114422 | AV29: =IF(OR(W29>(AN$17+AN$16*AI$21),W29<(AN$17-AN$16*AI$21)),"",W29) -> -0.014755091 | AW29: =IF(OR(X29>(AO$17+AO$16*AI$21),X29<(AO$17-AO$16*AI$21)),"",X29) -> 0.009709568 | AY29: 42128 | AZ29: =_xlfn.XLOOKUP($AY29,$B:$B,AR:AR,0) -> 0 | BA29: =_xlfn.XLOOKUP($AY29,$B:$B,AS:AS,0) -> 0.036625513 | BB29: =_xlfn.XLOOKUP($AY29,$B:$B,AT:AT,0) -> 0.0041167497 | BC29: =_xlfn.XLOOKUP($AY29,$B:$B,AU:AU,0) -> -0.0059174455 | BD29: =_xlfn.XLOOKUP($AY29,$B:$B,AV:AV,0) -> 0.064994442 | BE29: =_xlfn.XLOOKUP($AY29,$B:$B,AW:AW,0) -> 0.028142962 | BH29: =BA29 -> 0.036625513 | BJ29: =BC29 -> -0.0059174455 | BK29: =BD29 -> 0.064994442 | BL29: =BE29 -> 0.028142962
B30: 42114 | C30: 2.7374904 | D30: 2.6600116 | E30: 1.3578496 | F30: 0.78005755 | G30: 13.429116 | H30: 55164.25 | K30: =C30/C29-1 -> 0.0029630117 | L30: =D30/D29-1 -> 0.038438271 | M30: =E30/E29-1 -> 0 | N30: =F30/F29-1 -> -0.0054923789 | O30: =G30/G29-1 -> 0.011000372 | P30: =H30/H29-1 -> 0.014906907 | S30: =LN(1+K30) -> 0.0029586307 | T30: =LN(1+L30) -> 0.037717922 | U30: =LN(1+M30) -> 0 | V30: =LN(1+N30) -> -0.0055075175 | W30: =LN(1+O30) -> 0.010940308 | X30: =LN(1+P30) -> 0.014796891 | AA30: Ações | AB30: =AB24 -> CASN3 | AC30: =AC24 -> CSMG3 | AD30: =AD24 -> SAPR3 | AE30: =AE24 -> SAPR4 | AF30: =AF24 -> SBSP3 | AG30: =AG24 -> Ibov | AR30: =IF(OR(S30>(AJ$17+AJ$16*AI$21),S30<(AJ$17-AJ$16*AI$21)),"",S30) -> 0.0029586307 | AS30: =IF(OR(T30>(AK$17+AK$16*AI$21),T30<(AK$17-AK$16*AI$21)),"",T30) -> 0.037717922 | AT30: =IF(OR(U30>(AL$17+AL$16*AI$21),U30<(AL$17-AL$16*AI$21)),"",U30) -> 0 | AU30: =IF(OR(V30>(AM$17+AM$16*AI$21),V30<(AM$17-AM$16*AI$21)),"",V30) -> -0.0055075175 | AV30: =IF(OR(W30>(AN$17+AN$16*AI$21),W30<(AN$17-AN$16*AI$21)),"",W30) -> 0.010940308 | AW30: =IF(OR(X30>(AO$17+AO$16*AI$21),X30<(AO$17-AO$16*AI$21)),"",X30) -> 0.014796891 | AY30: 42135 | AZ30: =_xlfn.XLOOKUP($AY30,$B:$B,AR:AR,0) -> 0 | BA30: =_xlfn.XLOOKUP($AY30,$B:$B,AS:AS,0) -> -0.068307414 | BB30: =_xlfn.XLOOKUP($AY30,$B:$B,AT:AT,0) -> 0 | BC30: =_xlfn.XLOOKUP($AY30,$B:$B,AU:AU,0) -> -0.0093553494 | BD30: =_xlfn.XLOOKUP($AY30,$B:$B,AV:AV,0) -> 0.022157303 | BE30: =_xlfn.XLOOKUP($AY30,$B:$B,AW:AW,0) -> -0.0081003025 | BH30: =BA30 -> -0.068307414 | BJ30: =BC30 -> -0.0093553494 | BK30: =BD30 -> 0.022157303 | BL30: =BE30 -> -0.0081003025
B31: 42121 | C31: 2.7374904 | D31: 2.6110974 | E31: 1.3634742 | F31: 0.77554801 | G31: 13.317005 | H31: 55725.25 | K31: =C31/C30-1 -> 0 | L31: =D31/D30-1 -> -0.018388737 | M31: =E31/E30-1 -> 0.0041423232 | N31: =F31/F30-1 -> -0.005781033 | O31: =G31/G30-1 -> -0.0083483775 | P31: =H31/H30-1 -> 0.01016963 | S31: =LN(1+K31) -> 0 | T31: =LN(1+L31) -> -0.018559911 | U31: =LN(1+M31) -> 0.0041337674 | V31: =LN(1+N31) -> -0.0057978078 | W31: =LN(1+O31) -> -0.0083834204 | X31: =LN(1+P31) -> 0.010118267 | AA31: Remoção de Outliers | AB31: =COUNTIF(AR15:AR588,"") -> 6 | AC31: =COUNTIF(AS15:AS588,"") -> 18 | AD31: =COUNTIF(AT15:AT588,"") -> 12 | AE31: =COUNTIF(AU15:AU588,"") -> 12 | AF31: =COUNTIF(AV15:AV588,"") -> 9 | AG31: =COUNTIF(AW15:AW588,"") -> 7 | AR31: =IF(OR(S31>(AJ$17+AJ$16*AI$21),S31<(AJ$17-AJ$16*AI$21)),"",S31) -> 0 | AS31: =IF(OR(T31>(AK$17+AK$16*AI$21),T31<(AK$17-AK$16*AI$21)),"",T31) -> -0.018559911 | AT31: =IF(OR(U31>(AL$17+AL$16*AI$21),U31<(AL$17-AL$16*AI$21)),"",U31) -> 0.0041337674 | AU31: =IF(OR(V31>(AM$17+AM$16*AI$21),V31<(AM$17-AM$16*AI$21)),"",V31) -> -0.0057978078 | AV31: =IF(OR(W31>(AN$17+AN$16*AI$21),W31<(AN$17-AN$16*AI$21)),"",W31) -> -0.0083834204 | AW31: =IF(OR(X31>(AO$17+AO$16*AI$21),X31<(AO$17-AO$16*AI$21)),"",X31) -> 0.010118267 | AY31: 42142 | AZ31: =_xlfn.XLOOKUP($AY31,$B:$B,AR:AR,0) -> 0 | BA31: =_xlfn.XLOOKUP($AY31,$B:$B,AS:AS,0) -> -0.027604542 | BB31: =_xlfn.XLOOKUP($AY31,$B:$B,AT:AT,0) -> -0.0020323937 | BC31: =_xlfn.XLOOKUP($AY31,$B:$B,AU:AU,0) -> -0.015235966 | BD31: =_xlfn.XLOOKUP($AY31,$B:$B,AV:AV,0) -> -0.024263238 | BE31: =_xlfn.XLOOKUP($AY31,$B:$B,AW:AW,0) -> -0.029176172 | BH31: =BA31 -> -0.027604542 | BJ31: =BC31 -> -0.015235966 | BK31: =BD31 -> -0.024263238 | BL31: =BE31 -> -0.029176172 | CO31: https://finance.yahoo.com/quote/SBSP3.SA/
B32: 42128 | C32: 2.7374904 | D32: 2.7085031 | E32: 1.3690989 | F32: 0.7709723 | G32: 14.211283 | H32: 57315.8 | K32: =C32/C31-1 -> 0 | L32: =D32/D31-1 -> 0.037304491 | M32: =E32/E31-1 -> 0.0041252352 | N32: =F32/F31-1 -> -0.0058999719 | O32: =G32/G31-1 -> 0.067153093 | P32: =H32/H31-1 -> 0.028542716 | S32: =LN(1+K32) -> 0 | T32: =LN(1+L32) -> 0.036625513 | U32: =LN(1+M32) -> 0.0041167497 | V32: =LN(1+N32) -> -0.0059174455 | W32: =LN(1+O32) -> 0.064994442 | X32: =LN(1+P32) -> 0.028142962 | AA32: Dados não utlizados | AB32: =COUNT(S15:S588)-COUNT($AY$15:$AY$588) -> 36 | AC32: =COUNT(T15:T588)-COUNT($AY$15:$AY$588) -> 36 | AD32: =COUNT(U15:U588)-COUNT($AY$15:$AY$588) -> 36 | AE32: =COUNT(V15:V588)-COUNT($AY$15:$AY$588) -> 36 | AF32: =COUNT(W15:W588)-COUNT($AY$15:$AY$588) -> 36 | AG32: =COUNT(X15:X588)-COUNT($AY$15:$AY$588) -> 36 | AR32: =IF(OR(S32>(AJ$17+AJ$16*AI$21),S32<(AJ$17-AJ$16*AI$21)),"",S32) -> 0 | AS32: =IF(OR(T32>(AK$17+AK$16*AI$21),T32<(AK$17-AK$16*AI$21)),"",T32) -> 0.036625513 | AT32: =IF(OR(U32>(AL$17+AL$16*AI$21),U32<(AL$17-AL$16*AI$21)),"",U32) -> 0.0041167497 | AU32: =IF(OR(V32>(AM$17+AM$16*AI$21),V32<(AM$17-AM$16*AI$21)),"",V32) -> -0.0059174455 | AV32: =IF(OR(W32>(AN$17+AN$16*AI$21),W32<(AN$17-AN$16*AI$21)),"",W32) -> 0.064994442 | AW32: =IF(OR(X32>(AO$17+AO$16*AI$21),X32<(AO$17-AO$16*AI$21)),"",X32) -> 0.028142962 | AY32: 42149 | AZ32: =_xlfn.XLOOKUP($AY32,$B:$B,AR:AR,0) -> 0 | BA32: =_xlfn.XLOOKUP($AY32,$B:$B,AS:AS,0) -> -0.046459943 | BB32: =_xlfn.XLOOKUP($AY32,$B:$B,AT:AT,0) -> -0.0030563564 | BC32: =_xlfn.XLOOKUP($AY32,$B:$B,AU:AU,0) -> -0.024786093 | BD32: =_xlfn.XLOOKUP($AY32,$B:$B,AV:AV,0) -> -0.019692984 | BE32: =_xlfn.XLOOKUP($AY32,$B:$B,AW:AW,0) -> -0.025242307 | BH32: =BA32 -> -0.046459943 | BJ32: =BC32 -> -0.024786093 | BK32: =BD32 -> -0.019692984 | BL32: =BE32 -> -0.025242307
B33: 42135 | C33: 2.7374904 | D33: 2.5296696 | E33: 1.3690989 | F33: 0.76379322 | G33: 14.529681 | H33: 56853.4 | K33: =C33/C32-1 -> 0 | L33: =D33/D32-1 -> -0.066026687 | M33: =E33/E32-1 -> 0 | N33: =F33/F32-1 -> -0.0093117242 | O33: =G33/G32-1 -> 0.022404599 | P33: =H33/H32-1 -> -0.0080675835 | S33: =LN(1+K33) -> 0 | T33: =LN(1+L33) -> -0.068307414 | U33: =LN(1+M33) -> 0 | V33: =LN(1+N33) -> -0.0093553494 | W33: =LN(1+O33) -> 0.022157303 | X33: =LN(1+P33) -> -0.0081003025 | AR33: =IF(OR(S33>(AJ$17+AJ$16*AI$21),S33<(AJ$17-AJ$16*AI$21)),"",S33) -> 0 | AS33: =IF(OR(T33>(AK$17+AK$16*AI$21),T33<(AK$17-AK$16*AI$21)),"",T33) -> -0.068307414 | AT33: =IF(OR(U33>(AL$17+AL$16*AI$21),U33<(AL$17-AL$16*AI$21)),"",U33) -> 0 | AU33: =IF(OR(V33>(AM$17+AM$16*AI$21),V33<(AM$17-AM$16*AI$21)),"",V33) -> -0.0093553494 | AV33: =IF(OR(W33>(AN$17+AN$16*AI$21),W33<(AN$17-AN$16*AI$21)),"",W33) -> 0.022157303 | AW33: =IF(OR(X33>(AO$17+AO$16*AI$21),X33<(AO$17-AO$16*AI$21)),"",X33) -> -0.0081003025 | AY33: 42156 | AZ33: =_xlfn.XLOOKUP($AY33,$B:$B,AR:AR,0) -> 0 | BA33: =_xlfn.XLOOKUP($AY33,$B:$B,AS:AS,0) -> -0.0083812905 | BB33: =_xlfn.XLOOKUP($AY33,$B:$B,AT:AT,0) -> 0 | BC33: =_xlfn.XLOOKUP($AY33,$B:$B,AU:AU,0) -> -0.025743056 | BD33: =_xlfn.XLOOKUP($AY33,$B:$B,AV:AV,0) -> -0.014155808 | BE33: =_xlfn.XLOOKUP($AY33,$B:$B,AW:AW,0) -> -0.0074839828 | BH33: =BA33 -> -0.0083812905 | BJ33: =BC33 -> -0.025743056 | BK33: =BD33 -> -0.014155808 | BL33: =BE33 -> -0.0074839828
B34: 42142 | C34: 2.7374904 | D34: 2.4607942 | E34: 1.3663192 | F34: 0.75224429 | G34: 14.181386 | H34: 55218.6 | K34: =C34/C33-1 -> 0 | L34: =D34/D33-1 -> -0.027227019 | M34: =E34/E33-1 -> -0.0020303297 | N34: =F34/F33-1 -> -0.015120486 | O34: =G34/G33-1 -> -0.023971252 | P34: =H34/H33-1 -> -0.028754657 | S34: =LN(1+K34) -> 0 | T34: =LN(1+L34) -> -0.027604542 | U34: =LN(1+M34) -> -0.0020323937 | V34: =LN(1+N34) -> -0.015235966 | W34: =LN(1+O34) -> -0.024263238 | X34: =LN(1+P34) -> -0.029176172 | AR34: =IF(OR(S34>(AJ$17+AJ$16*AI$21),S34<(AJ$17-AJ$16*AI$21)),"",S34) -> 0 | AS34: =IF(OR(T34>(AK$17+AK$16*AI$21),T34<(AK$17-AK$16*AI$21)),"",T34) -> -0.027604542 | AT34: =IF(OR(U34>(AL$17+AL$16*AI$21),U34<(AL$17-AL$16*AI$21)),"",U34) -> -0.0020323937 | AU34: =IF(OR(V34>(AM$17+AM$16*AI$21),V34<(AM$17-AM$16*AI$21)),"",V34) -> -0.015235966 | AV34: =IF(OR(W34>(AN$17+AN$16*AI$21),W34<(AN$17-AN$16*AI$21)),"",W34) -> -0.024263238 | AW34: =IF(OR(X34>(AO$17+AO$16*AI$21),X34<(AO$17-AO$16*AI$21)),"",X34) -> -0.029176172 | AY34: 42163 | AZ34: =_xlfn.XLOOKUP($AY34,$B:$B,AR:AR,0) -> 0 | BA34: =_xlfn.XLOOKUP($AY34,$B:$B,AS:AS,0) -> -0.029807181 | BB34: =_xlfn.XLOOKUP($AY34,$B:$B,AT:AT,0) -> 0 | BC34: =_xlfn.XLOOKUP($AY34,$B:$B,AU:AU,0) -> -0.034296885 | BD34: =_xlfn.XLOOKUP($AY34,$B:$B,AV:AV,0) -> -0.028338359 | BE34: =_xlfn.XLOOKUP($AY34,$B:$B,AW:AW,0) -> -0.0024909016 | BH34: =BA34 -> -0.029807181 | BJ34: =BC34 -> -0.034296885 | BK34: =BD34 -> -0.028338359 | BL34: =BE34 -> -0.0024909016
B35: 42149 | C35: 2.7374904 | D35: 2.349081 | E35: 1.3621496 | F35: 0.73382827 | G35: 13.904844 | H35: 53842.2 | K35: =C35/C34-1 -> 0 | L35: =D35/D34-1 -> -0.045397202 | M35: =E35/E34-1 -> -0.0030516905 | N35: =F35/F34-1 -> -0.02448144 | O35: =G35/G34-1 -> -0.019500343 | P35: =H35/H34-1 -> -0.024926384 | S35: =LN(1+K35) -> 0 | T35: =LN(1+L35) -> -0.046459943 | U35: =LN(1+M35) -> -0.0030563564 | V35: =LN(1+N35) -> -0.024786093 | W35: =LN(1+O35) -> -0.019692984 | X35: =LN(1+P35) -> -0.025242307 | AA35: Quantidade | AB35: =COUNT(S15:S588) -> 574 | AR35: =IF(OR(S35>(AJ$17+AJ$16*AI$21),S35<(AJ$17-AJ$16*AI$21)),"",S35) -> 0 | AS35: =IF(OR(T35>(AK$17+AK$16*AI$21),T35<(AK$17-AK$16*AI$21)),"",T35) -> -0.046459943 | AT35: =IF(OR(U35>(AL$17+AL$16*AI$21),U35<(AL$17-AL$16*AI$21)),"",U35) -> -0.0030563564 | AU35: =IF(OR(V35>(AM$17+AM$16*AI$21),V35<(AM$17-AM$16*AI$21)),"",V35) -> -0.024786093 | AV35: =IF(OR(W35>(AN$17+AN$16*AI$21),W35<(AN$17-AN$16*AI$21)),"",W35) -> -0.019692984 | AW35: =IF(OR(X35>(AO$17+AO$16*AI$21),X35<(AO$17-AO$16*AI$21)),"",X35) -> -0.025242307 | AY35: 42170 | AZ35: =_xlfn.XLOOKUP($AY35,$B:$B,AR:AR,0) -> 0 | BA35: =_xlfn.XLOOKUP($AY35,$B:$B,AS:AS,0) -> -0.09111428 | BB35: =_xlfn.XLOOKUP($AY35,$B:$B,AT:AT,0) -> 0 | BC35: =_xlfn.XLOOKUP($AY35,$B:$B,AU:AU,0) -> -0.045745816 | BD35: =_xlfn.XLOOKUP($AY35,$B:$B,AV:AV,0) -> -0.0866546 | BE35: =_xlfn.XLOOKUP($AY35,$B:$B,AW:AW,0) -> 0.0057536783 | BH35: =BA35 -> -0.09111428 | BJ35: =BC35 -> -0.045745816 | BK35: =BD35 -> -0.0866546 | BL35: =BE35 -> 0.0057536783
B36: 42156 | C36: 2.7374904 | D36: 2.329475 | E36: 1.3621496 | F36: 0.71517837 | G36: 13.709397 | H36: 53440.75 | K36: =C36/C35-1 -> 0 | L36: =D36/D35-1 -> -0.0083462654 | M36: =E36/E35-1 -> 0 | N36: =F36/F35-1 -> -0.025414529 | O36: =G36/G35-1 -> -0.014056086 | P36: =H36/H35-1 -> -0.0074560475 | S36: =LN(1+K36) -> 0 | T36: =LN(1+L36) -> -0.0083812905 | U36: =LN(1+M36) -> 0 | V36: =LN(1+N36) -> -0.025743056 | W36: =LN(1+O36) -> -0.014155808 | X36: =LN(1+P36) -> -0.0074839828 | AR36: =IF(OR(S36>(AJ$17+AJ$16*AI$21),S36<(AJ$17-AJ$16*AI$21)),"",S36) -> 0 | AS36: =IF(OR(T36>(AK$17+AK$16*AI$21),T36<(AK$17-AK$16*AI$21)),"",T36) -> -0.0083812905 | AT36: =IF(OR(U36>(AL$17+AL$16*AI$21),U36<(AL$17-AL$16*AI$21)),"",U36) -> 0 | AU36: =IF(OR(V36>(AM$17+AM$16*AI$21),V36<(AM$17-AM$16*AI$21)),"",V36) -> -0.025743056 | AV36: =IF(OR(W36>(AN$17+AN$16*AI$21),W36<(AN$17-AN$16*AI$21)),"",W36) -> -0.014155808 | AW36: =IF(OR(X36>(AO$17+AO$16*AI$21),X36<(AO$17-AO$16*AI$21)),"",X36) -> -0.0074839828 | AY36: 42177 | AZ36: =_xlfn.XLOOKUP($AY36,$B:$B,AR:AR,0) -> 0 | BA36: =_xlfn.XLOOKUP($AY36,$B:$B,AS:AS,0) -> -0.038592386 | BB36: =_xlfn.XLOOKUP($AY36,$B:$B,AT:AT,0) -> 0 | BC36: =_xlfn.XLOOKUP($AY36,$B:$B,AU:AU,0) -> -0.04843568 | BD36: =_xlfn.XLOOKUP($AY36,$B:$B,AV:AV,0) -> -0.017273688 | BE36: =_xlfn.XLOOKUP($AY36,$B:$B,AW:AW,0) -> 0.0022170521 | BH36: =BA36 -> -0.038592386 | BJ36: =BC36 -> -0.04843568 | BK36: =BD36 -> -0.017273688 | BL36: =BE36 -> 0.0022170521
B37: 42163 | C37: 2.7374904 | D37: 2.2610645 | E37: 1.3621496 | F37: 0.69106584 | G37: 13.326348 | H37: 53307.8 | K37: =C37/C36-1 -> 0 | L37: =D37/D36-1 -> -0.029367328 | M37: =E37/E36-1 -> 0 | N37: =F37/F36-1 -> -0.033715414 | O37: =G37/G36-1 -> -0.027940593 | P37: =H37/H36-1 -> -0.0024878019 | S37: =LN(1+K37) -> 0 | T37: =LN(1+L37) -> -0.029807181 | U37: =LN(1+M37) -> 0 | V37: =LN(1+N37) -> -0.034296885 | W37: =LN(1+O37) -> -0.028338359 | X37: =LN(1+P37) -> -0.0024909016 | AR37: =IF(OR(S37>(AJ$17+AJ$16*AI$21),S37<(AJ$17-AJ$16*AI$21)),"",S37) -> 0 | AS37: =IF(OR(T37>(AK$17+AK$16*AI$21),T37<(AK$17-AK$16*AI$21)),"",T37) -> -0.029807181 | AT37: =IF(OR(U37>(AL$17+AL$16*AI$21),U37<(AL$17-AL$16*AI$21)),"",U37) -> 0 | AU37: =IF(OR(V37>(AM$17+AM$16*AI$21),V37<(AM$17-AM$16*AI$21)),"",V37) -> -0.034296885 | AV37: =IF(OR(W37>(AN$17+AN$16*AI$21),W37<(AN$17-AN$16*AI$21)),"",W37) -> -0.028338359 | AW37: =IF(OR(X37>(AO$17+AO$16*AI$21),X37<(AO$17-AO$16*AI$21)),"",X37) -> -0.0024909016 | AY37: 42184 | AZ37: =_xlfn.XLOOKUP($AY37,$B:$B,AR:AR,0) -> 0 | BA37: =_xlfn.XLOOKUP($AY37,$B:$B,AS:AS,0) -> -0.022263 | BB37: =_xlfn.XLOOKUP($AY37,$B:$B,AT:AT,0) -> 0.015102741 | BC37: =_xlfn.XLOOKUP($AY37,$B:$B,AU:AU,0) -> 0.041957085 | BD37: =_xlfn.XLOOKUP($AY37,$B:$B,AV:AV,0) -> 0.014210874 | BE37: =_xlfn.XLOOKUP($AY37,$B:$B,AW:AW,0) -> -0.015733233 | BH37: =BA37 -> -0.022263 | BJ37: =BC37 -> 0.041957085 | BK37: =BD37 -> 0.014210874 | BL37: =BE37 -> -0.015733233
B38: 42170 | C38: 2.7374904 | D38: 2.0641561 | E38: 1.3621496 | F38: 0.66016465 | G38: 12.220178 | H38: 53615.4 | K38: =C38/C37-1 -> 0 | L38: =D38/D37-1 -> -0.087086623 | M38: =E38/E37-1 -> 0 | N38: =F38/F37-1 -> -0.04471525 | O38: =G38/G37-1 -> -0.083006229 | P38: =H38/H37-1 -> 0.0057702625 | S38: =LN(1+K38) -> 0 | T38: =LN(1+L38) -> -0.09111428 | U38: =LN(1+M38) -> 0 | V38: =LN(1+N38) -> -0.045745816 | W38: =LN(1+O38) -> -0.0866546 | X38: =LN(1+P38) -> 0.0057536783 | AR38: =IF(OR(S38>(AJ$17+AJ$16*AI$21),S38<(AJ$17-AJ$16*AI$21)),"",S38) -> 0 | AS38: =IF(OR(T38>(AK$17+AK$16*AI$21),T38<(AK$17-AK$16*AI$21)),"",T38) -> -0.09111428 | AT38: =IF(OR(U38>(AL$17+AL$16*AI$21),U38<(AL$17-AL$16*AI$21)),"",U38) -> 0 | AU38: =IF(OR(V38>(AM$17+AM$16*AI$21),V38<(AM$17-AM$16*AI$21)),"",V38) -> -0.045745816 | AV38: =IF(OR(W38>(AN$17+AN$16*AI$21),W38<(AN$17-AN$16*AI$21)),"",W38) -> -0.0866546 | AW38: =IF(OR(X38>(AO$17+AO$16*AI$21),X38<(AO$17-AO$16*AI$21)),"",X38) -> 0.0057536783 | AY38: 42191 | AZ38: =_xlfn.XLOOKUP($AY38,$B:$B,AR:AR,0) -> 0 | BA38: =_xlfn.XLOOKUP($AY38,$B:$B,AS:AS,0) -> 0.017278894 | BB38: =_xlfn.XLOOKUP($AY38,$B:$B,AT:AT,0) -> 0.0099432461 | BC38: =_xlfn.XLOOKUP($AY38,$B:$B,AU:AU,0) -> 0.097574354 | BD38: =_xlfn.XLOOKUP($AY38,$B:$B,AV:AV,0) -> 0.030808878 | BE38: =_xlfn.XLOOKUP($AY38,$B:$B,AW:AW,0) -> -0.012921623 | BH38: =BA38 -> 0.017278894 | BJ38: =BC38 -> 0.097574354 | BK38: =BD38 -> 0.030808878 | BL38: =BE38 -> -0.012921623
B39: 42177 | C39: 2.7374904 | D39: 1.9860129 | E39: 1.3621496 | F39: 0.62895116 | G39: 12.010903 | H39: 53734.4 | K39: =C39/C38-1 -> 0 | L39: =D39/D38-1 -> -0.037857188 | M39: =E39/E38-1 -> 0 | N39: =F39/F38-1 -> -0.047281383 | O39: =G39/G38-1 -> -0.017125353 | P39: =H39/H38-1 -> 0.0022195116 | S39: =LN(1+K39) -> 0 | T39: =LN(1+L39) -> -0.038592386 | U39: =LN(1+M39) -> 0 | V39: =LN(1+N39) -> -0.04843568 | W39: =LN(1+O39) -> -0.017273688 | X39: =LN(1+P39) -> 0.0022170521 | AR39: =IF(OR(S39>(AJ$17+AJ$16*AI$21),S39<(AJ$17-AJ$16*AI$21)),"",S39) -> 0 | AS39: =IF(OR(T39>(AK$17+AK$16*AI$21),T39<(AK$17-AK$16*AI$21)),"",T39) -> -0.038592386 | AT39: =IF(OR(U39>(AL$17+AL$16*AI$21),U39<(AL$17-AL$16*AI$21)),"",U39) -> 0 | AU39: =IF(OR(V39>(AM$17+AM$16*AI$21),V39<(AM$17-AM$16*AI$21)),"",V39) -> -0.04843568 | AV39: =IF(OR(W39>(AN$17+AN$16*AI$21),W39<(AN$17-AN$16*AI$21)),"",W39) -> -0.017273688 | AW39: =IF(OR(X39>(AO$17+AO$16*AI$21),X39<(AO$17-AO$16*AI$21)),"",X39) -> 0.0022170521 | AY39: 42198 | AZ39: =_xlfn.XLOOKUP($AY39,$B:$B,AR:AR,0) -> 0 | BA39: =_xlfn.XLOOKUP($AY39,$B:$B,AS:AS,0) -> 0.0099434916 | BB39: =_xlfn.XLOOKUP($AY39,$B:$B,AT:AT,0) -> 0 | BC39: =_xlfn.XLOOKUP($AY39,$B:$B,AU:AU,0) -> -0.071442374 | BD39: =_xlfn.XLOOKUP($AY39,$B:$B,AV:AV,0) -> 0.075594063 | BE39: =_xlfn.XLOOKUP($AY39,$B:$B,AW:AW,0) -> 0.013654874 | BH39: =BA39 -> 0.0099434916 | BJ39: =BC39 -> -0.071442374 | BK39: =BD39 -> 0.075594063 | BL39: =BE39 -> 0.013654874
B40: 42184 | C40: 2.7374904 | D40: 1.9422868 | E40: 1.3828779 | F40: 0.65590154 | G40: 12.182807 | H40: 52895.6 | K40: =C40/C39-1 -> 0 | L40: =D40/D39-1 -> -0.022017008 | M40: =E40/E39-1 -> 0.015217364 | N40: =F40/F39-1 -> 0.042849724 | O40: =G40/G39-1 -> 0.014312328 | P40: =H40/H39-1 -> -0.015610112 | S40: =LN(1+K40) -> 0 | T40: =LN(1+L40) -> -0.022263 | U40: =LN(1+M40) -> 0.015102741 | V40: =LN(1+N40) -> 0.041957085 | W40: =LN(1+O40) -> 0.014210874 | X40: =LN(1+P40) -> -0.015733233 | AR40: =IF(OR(S40>(AJ$17+AJ$16*AI$21),S40<(AJ$17-AJ$16*AI$21)),"",S40) -> 0 | AS40: =IF(OR(T40>(AK$17+AK$16*AI$21),T40<(AK$17-AK$16*AI$21)),"",T40) -> -0.022263 | AT40: =IF(OR(U40>(AL$17+AL$16*AI$21),U40<(AL$17-AL$16*AI$21)),"",U40) -> 0.015102741 | AU40: =IF(OR(V40>(AM$17+AM$16*AI$21),V40<(AM$17-AM$16*AI$21)),"",V40) -> 0.041957085 | AV40: =IF(OR(W40>(AN$17+AN$16*AI$21),W40<(AN$17-AN$16*AI$21)),"",W40) -> 0.014210874 | AW40: =IF(OR(X40>(AO$17+AO$16*AI$21),X40<(AO$17-AO$16*AI$21)),"",X40) -> -0.015733233 | AY40: 42205 | AZ40: =_xlfn.XLOOKUP($AY40,$B:$B,AR:AR,0) -> 0 | BA40: =_xlfn.XLOOKUP($AY40,$B:$B,AS:AS,0) -> -0.075576929 | BB40: =_xlfn.XLOOKUP($AY40,$B:$B,AT:AT,0) -> 0 | BC40: =_xlfn.XLOOKUP($AY40,$B:$B,AU:AU,0) -> -0.00098141609 | BD40: =_xlfn.XLOOKUP($AY40,$B:$B,AV:AV,0) -> 0.027634454 | BE40: =_xlfn.XLOOKUP($AY40,$B:$B,AW:AW,0) -> -0.044931889 | BH40: =BA40 -> -0.075576929 | BJ40: =BC40 -> -0.00098141609 | BK40: =BD40 -> 0.027634454 | BL40: =BE40 -> -0.044931889
B41: 42191 | C41: 2.7374904 | D41: 1.976139 | E41: 1.3966968 | F41: 0.72312713 | G41: 12.563987 | H41: 52216.5 | K41: =C41/C40-1 -> 0 | L41: =D41/D40-1 -> 0.017429037 | M41: =E41/E40-1 -> 0.0099928444 | N41: =F41/F40-1 -> 0.10249341 | O41: =G41/G40-1 -> 0.031288383 | P41: =H41/H40-1 -> -0.012838497 | S41: =LN(1+K41) -> 0 | T41: =LN(1+L41) -> 0.017278894 | U41: =LN(1+M41) -> 0.0099432461 | V41: =LN(1+N41) -> 0.097574354 | W41: =LN(1+O41) -> 0.030808878 | X41: =LN(1+P41) -> -0.012921623 | AR41: =IF(OR(S41>(AJ$17+AJ$16*AI$21),S41<(AJ$17-AJ$16*AI$21)),"",S41) -> 0 | AS41: =IF(OR(T41>(AK$17+AK$16*AI$21),T41<(AK$17-AK$16*AI$21)),"",T41) -> 0.017278894 | AT41: =IF(OR(U41>(AL$17+AL$16*AI$21),U41<(AL$17-AL$16*AI$21)),"",U41) -> 0.0099432461 | AU41: =IF(OR(V41>(AM$17+AM$16*AI$21),V41<(AM$17-AM$16*AI$21)),"",V41) -> 0.097574354 | AV41: =IF(OR(W41>(AN$17+AN$16*AI$21),W41<(AN$17-AN$16*AI$21)),"",W41) -> 0.030808878 | AW41: =IF(OR(X41>(AO$17+AO$16*AI$21),X41<(AO$17-AO$16*AI$21)),"",X41) -> -0.012921623 | AY41: 42212 | AZ41: =_xlfn.XLOOKUP($AY41,$B:$B,AR:AR,0) -> 0 | BA41: =_xlfn.XLOOKUP($AY41,$B:$B,AS:AS,0) -> -0.049529951 | BB41: =_xlfn.XLOOKUP($AY41,$B:$B,AT:AT,0) -> 0 | BC41: =_xlfn.XLOOKUP($AY41,$B:$B,AU:AU,0) -> 0.020889956 | BD41: =_xlfn.XLOOKUP($AY41,$B:$B,AV:AV,0) -> -0.056622005 | BE41: =_xlfn.XLOOKUP($AY41,$B:$B,AW:AW,0) -> -0.014721955 | BH41: =BA41 -> -0.049529951 | BJ41: =BC41 -> 0.020889956 | BK41: =BD41 -> -0.056622005 | BL41: =BE41 -> -0.014721955
B42: 42198 | C42: 2.7374904 | D42: 1.9958868 | E42: 1.3966968 | F42: 0.67326746 | G42: 13.55057 | H42: 52934.4 | K42: =C42/C41-1 -> 0 | L42: =D42/D41-1 -> 0.0099930924 | M42: =E42/E41-1 -> 0 | N42: =F42/F41-1 -> -0.068950071 | O42: =G42/G41-1 -> 0.078524672 | P42: =H42/H41-1 -> 0.013748528 | S42: =LN(1+K42) -> 0 | T42: =LN(1+L42) -> 0.0099434916 | U42: =LN(1+M42) -> 0 | V42: =LN(1+N42) -> -0.071442374 | W42: =LN(1+O42) -> 0.075594063 | X42: =LN(1+P42) -> 0.013654874 | AR42: =IF(OR(S42>(AJ$17+AJ$16*AI$21),S42<(AJ$17-AJ$16*AI$21)),"",S42) -> 0 | AS42: =IF(OR(T42>(AK$17+AK$16*AI$21),T42<(AK$17-AK$16*AI$21)),"",T42) -> 0.0099434916 | AT42: =IF(OR(U42>(AL$17+AL$16*AI$21),U42<(AL$17-AL$16*AI$21)),"",U42) -> 0 | AU42: =IF(OR(V42>(AM$17+AM$16*AI$21),V42<(AM$17-AM$16*AI$21)),"",V42) -> -0.071442374 | AV42: =IF(OR(W42>(AN$17+AN$16*AI$21),W42<(AN$17-AN$16*AI$21)),"",W42) -> 0.075594063 | AW42: =IF(OR(X42>(AO$17+AO$16*AI$21),X42<(AO$17-AO$16*AI$21)),"",X42) -> 0.013654874 | AY42: 42219 | AZ42: =_xlfn.XLOOKUP($AY42,$B:$B,AR:AR,0) -> 0 | BA42: =_xlfn.XLOOKUP($AY42,$B:$B,AS:AS,0) -> -0.10726671 | BB42: =_xlfn.XLOOKUP($AY42,$B:$B,AT:AT,0) -> 0 | BC42: =_xlfn.XLOOKUP($AY42,$B:$B,AU:AU,0) -> 0.023284232 | BD42: =_xlfn.XLOOKUP($AY42,$B:$B,AV:AV,0) -> -0.023322253 | BE42: =_xlfn.XLOOKUP($AY42,$B:$B,AW:AW,0) -> -0.0010994833 | BH42: =BA42 -> -0.10726671 | BJ42: =BC42 -> 0.023284232 | BK42: =BD42 -> -0.023322253 | BL42: =BE42 -> -0.0010994833
B43: 42205 | C43: 2.7374904 | D43: 1.850603 | E43: 1.3966968 | F43: 0.67260703 | G43: 13.930255 | H43: 50608.6 | K43: =C43/C42-1 -> 0 | L43: =D43/D42-1 -> -0.072791601 | M43: =E43/E42-1 -> 0 | N43: =F43/F42-1 -> -0.00098093466 | O43: =G43/G42-1 -> 0.028019827 | P43: =H43/H42-1 -> -0.043937402 | S43: =LN(1+K43) -> 0 | T43: =LN(1+L43) -> -0.075576929 | U43: =LN(1+M43) -> 0 | V43: =LN(1+N43) -> -0.00098141609 | W43: =LN(1+O43) -> 0.027634454 | X43: =LN(1+P43) -> -0.044931889 | AR43: =IF(OR(S43>(AJ$17+AJ$16*AI$21),S43<(AJ$17-AJ$16*AI$21)),"",S43) -> 0 | AS43: =IF(OR(T43>(AK$17+AK$16*AI$21),T43<(AK$17-AK$16*AI$21)),"",T43) -> -0.075576929 | AT43: =IF(OR(U43>(AL$17+AL$16*AI$21),U43<(AL$17-AL$16*AI$21)),"",U43) -> 0 | AU43: =IF(OR(V43>(AM$17+AM$16*AI$21),V43<(AM$17-AM$16*AI$21)),"",V43) -> -0.00098141609 | AV43: =IF(OR(W43>(AN$17+AN$16*AI$21),W43<(AN$17-AN$16*AI$21)),"",W43) -> 0.027634454 | AW43: =IF(OR(X43>(AO$17+AO$16*AI$21),X43<(AO$17-AO$16*AI$21)),"",X43) -> -0.044931889 | AY43: 42226 | AZ43: =_xlfn.XLOOKUP($AY43,$B:$B,AR:AR,0) -> 0 | BA43: =_xlfn.XLOOKUP($AY43,$B:$B,AS:AS,0) -> -0.096800973 | BB43: =_xlfn.XLOOKUP($AY43,$B:$B,AT:AT,0) -> 0 | BC43: =_xlfn.XLOOKUP($AY43,$B:$B,AU:AU,0) -> -0.010861675 | BD43: =_xlfn.XLOOKUP($AY43,$B:$B,AV:AV,0) -> -0.067184531 | BE43: =_xlfn.XLOOKUP($AY43,$B:$B,AW:AW,0) -> -0.027433436 | BH43: =BA43 -> -0.096800973 | BJ43: =BC43 -> -0.010861675 | BK43: =BD43 -> -0.067184531 | BL43: =BE43 -> -0.027433436
B44: 42212 | C44: 2.7374904 | D44: 1.7611757 | E44: 1.3966968 | F44: 0.68680555 | G44: 13.163411 | H44: 49869 | K44: =C44/C43-1 -> 0 | L44: =D44/D43-1 -> -0.048323346 | M44: =E44/E43-1 -> 0 | N44: =F44/F43-1 -> 0.021109678 | O44: =G44/G43-1 -> -0.055048811 | P44: =H44/H43-1 -> -0.014614117 | S44: =LN(1+K44) -> 0 | T44: =LN(1+L44) -> -0.049529951 | U44: =LN(1+M44) -> 0 | V44: =LN(1+N44) -> 0.020889956 | W44: =LN(1+O44) -> -0.056622005 | X44: =LN(1+P44) -> -0.014721955 | AR44: =IF(OR(S44>(AJ$17+AJ$16*AI$21),S44<(AJ$17-AJ$16*AI$21)),"",S44) -> 0 | AS44: =IF(OR(T44>(AK$17+AK$16*AI$21),T44<(AK$17-AK$16*AI$21)),"",T44) -> -0.049529951 | AT44: =IF(OR(U44>(AL$17+AL$16*AI$21),U44<(AL$17-AL$16*AI$21)),"",U44) -> 0 | AU44: =IF(OR(V44>(AM$17+AM$16*AI$21),V44<(AM$17-AM$16*AI$21)),"",V44) -> 0.020889956 | AV44: =IF(OR(W44>(AN$17+AN$16*AI$21),W44<(AN$17-AN$16*AI$21)),"",W44) -> -0.056622005 | AW44: =IF(OR(X44>(AO$17+AO$16*AI$21),X44<(AO$17-AO$16*AI$21)),"",X44) -> -0.014721955 | AY44: 42233 | AZ44: =_xlfn.XLOOKUP($AY44,$B:$B,AR:AR,0) -> 0 | BA44: =_xlfn.XLOOKUP($AY44,$B:$B,AS:AS,0) -> -0.049830215 | BB44: =_xlfn.XLOOKUP($AY44,$B:$B,AT:AT,0) -> 0 | BC44: =_xlfn.XLOOKUP($AY44,$B:$B,AU:AU,0) -> -0.025001501 | BD44: =_xlfn.XLOOKUP($AY44,$B:$B,AV:AV,0) -> -0.057304718 | BE44: =_xlfn.XLOOKUP($AY44,$B:$B,AW:AW,0) -> -0.036587294 | BH44: =BA44 -> -0.049830215 | BJ44: =BC44 -> -0.025001501 | BK44: =BD44 -> -0.057304718 | BL44: =BE44 -> -0.036587294
B45: 42219 | C45: 2.7374904 | D45: 1.5820395 | E45: 1.3966968 | F45: 0.70298492 | G45: 12.859963 | H45: 49814.2 | K45: =C45/C44-1 -> 0 | L45: =D45/D44-1 -> -0.10171394 | M45: =E45/E44-1 -> 0 | N45: =F45/F44-1 -> 0.023557426 | O45: =G45/G44-1 -> -0.023052391 | P45: =H45/H44-1 -> -0.0010988791 | S45: =LN(1+K45) -> 0 | T45: =LN(1+L45) -> -0.10726671 | U45: =LN(1+M45) -> 0 | V45: =LN(1+N45) -> 0.023284232 | W45: =LN(1+O45) -> -0.023322253 | X45: =LN(1+P45) -> -0.0010994833 | AR45: =IF(OR(S45>(AJ$17+AJ$16*AI$21),S45<(AJ$17-AJ$16*AI$21)),"",S45) -> 0 | AS45: =IF(OR(T45>(AK$17+AK$16*AI$21),T45<(AK$17-AK$16*AI$21)),"",T45) -> -0.10726671 | AT45: =IF(OR(U45>(AL$17+AL$16*AI$21),U45<(AL$17-AL$16*AI$21)),"",U45) -> 0 | AU45: =IF(OR(V45>(AM$17+AM$16*AI$21),V45<(AM$17-AM$16*AI$21)),"",V45) -> 0.023284232 | AV45: =IF(OR(W45>(AN$17+AN$16*AI$21),W45<(AN$17-AN$16*AI$21)),"",W45) -> -0.023322253 | AW45: =IF(OR(X45>(AO$17+AO$16*AI$21),X45<(AO$17-AO$16*AI$21)),"",X45) -> -0.0010994833 | AY45: 42240 | AZ45: =_xlfn.XLOOKUP($AY45,$B:$B,AR:AR,0) -> 0 | BA45: =_xlfn.XLOOKUP($AY45,$B:$B,AS:AS,0) -> -0.068638647 | BB45: =_xlfn.XLOOKUP($AY45,$B:$B,AT:AT,0) -> 0 | BC45: =_xlfn.XLOOKUP($AY45,$B:$B,AU:AU,0) -> -0.041755667 | BD45: =_xlfn.XLOOKUP($AY45,$B:$B,AV:AV,0) -> 0.00065812724 | BE45: =_xlfn.XLOOKUP($AY45,$B:$B,AW:AW,0) -> -0.016560121 | BH45: =BA45 -> -0.068638647 | BJ45: =BC45 -> -0.041755667 | BK45: =BD45 -> 0.00065812724 | BL45: =BE45 -> -0.016560121
B46: 42226 | C46: 2.7374904 | D46: 1.4360753 | E46: 1.3966968 | F46: 0.69539064 | G46: 12.024357 | H46: 48466.2 | K46: =C46/C45-1 -> 0 | L46: =D46/D45-1 -> -0.092263348 | M46: =E46/E45-1 -> 0 | N46: =F46/F45-1 -> -0.0108029 | O46: =G46/G45-1 -> -0.064977355 | P46: =H46/H45-1 -> -0.027060557 | S46: =LN(1+K46) -> 0 | T46: =LN(1+L46) -> -0.096800973 | U46: =LN(1+M46) -> 0 | V46: =LN(1+N46) -> -0.010861675 | W46: =LN(1+O46) -> -0.067184531 | X46: =LN(1+P46) -> -0.027433436 | AR46: =IF(OR(S46>(AJ$17+AJ$16*AI$21),S46<(AJ$17-AJ$16*AI$21)),"",S46) -> 0 | AS46: =IF(OR(T46>(AK$17+AK$16*AI$21),T46<(AK$17-AK$16*AI$21)),"",T46) -> -0.096800973 | AT46: =IF(OR(U46>(AL$17+AL$16*AI$21),U46<(AL$17-AL$16*AI$21)),"",U46) -> 0 | AU46: =IF(OR(V46>(AM$17+AM$16*AI$21),V46<(AM$17-AM$16*AI$21)),"",V46) -> -0.010861675 | AV46: =IF(OR(W46>(AN$17+AN$16*AI$21),W46<(AN$17-AN$16*AI$21)),"",W46) -> -0.067184531 | AW46: =IF(OR(X46>(AO$17+AO$16*AI$21),X46<(AO$17-AO$16*AI$21)),"",X46) -> -0.027433436 | AY46: 42247 | AZ46: =_xlfn.XLOOKUP($AY46,$B:$B,AR:AR,0) -> 0 | BA46: =_xlfn.XLOOKUP($AY46,$B:$B,AS:AS,0) -> 0.018204235 | BB46: =_xlfn.XLOOKUP($AY46,$B:$B,AT:AT,0) -> 0 | BC46: =_xlfn.XLOOKUP($AY46,$B:$B,AU:AU,0) -> -0.0025412648 | BD46: =_xlfn.XLOOKUP($AY46,$B:$B,AV:AV,0) -> 0.015663933 | BE46: =_xlfn.XLOOKUP($AY46,$B:$B,AW:AW,0) -> 0.011436262 | BH46: =BA46 -> 0.018204235 | BJ46: =BC46 -> -0.0025412648 | BK46: =BD46 -> 0.015663933 | BL46: =BE46 -> 0.011436262
B47: 42233 | C47: 2.7374904 | D47: 1.366269 | E47: 1.3966968 | F47: 0.67822037 | G47: 11.354675 | H47: 46725 | K47: =C47/C46-1 -> 0 | L47: =D47/D46-1 -> -0.048609057 | M47: =E47/E46-1 -> 0 | N47: =F47/F46-1 -> -0.024691552 | O47: =G47/G46-1 -> -0.055693721 | P47: =H47/H46-1 -> -0.035926068 | S47: =LN(1+K47) -> 0 | T47: =LN(1+L47) -> -0.049830215 | U47: =LN(1+M47) -> 0 | V47: =LN(1+N47) -> -0.025001501 | W47: =LN(1+O47) -> -0.057304718 | X47: =LN(1+P47) -> -0.036587294 | AR47: =IF(OR(S47>(AJ$17+AJ$16*AI$21),S47<(AJ$17-AJ$16*AI$21)),"",S47) -> 0 | AS47: =IF(OR(T47>(AK$17+AK$16*AI$21),T47<(AK$17-AK$16*AI$21)),"",T47) -> -0.049830215 | AT47: =IF(OR(U47>(AL$17+AL$16*AI$21),U47<(AL$17-AL$16*AI$21)),"",U47) -> 0 | AU47: =IF(OR(V47>(AM$17+AM$16*AI$21),V47<(AM$17-AM$16*AI$21)),"",V47) -> -0.025001501 | AV47: =IF(OR(W47>(AN$17+AN$16*AI$21),W47<(AN$17-AN$16*AI$21)),"",W47) -> -0.057304718 | AW47: =IF(OR(X47>(AO$17+AO$16*AI$21),X47<(AO$17-AO$16*AI$21)),"",X47) -> -0.036587294 | AY47: 42254 | AZ47: =_xlfn.XLOOKUP($AY47,$B:$B,AR:AR,0) -> 0 | BA47: =_xlfn.XLOOKUP($AY47,$B:$B,AS:AS,0) -> -0.00758118 | BB47: =_xlfn.XLOOKUP($AY47,$B:$B,AT:AT,0) -> 0 | BC47: =_xlfn.XLOOKUP($AY47,$B:$B,AU:AU,0) -> -0.044220363 | BD47: =_xlfn.XLOOKUP($AY47,$B:$B,AV:AV,0) -> -0.0069532226 | BE47: =_xlfn.XLOOKUP($AY47,$B:$B,AW:AW,0) -> 0.0020372383 | BH47: =BA47 -> -0.00758118 | BJ47: =BC47 -> -0.044220363 | BK47: =BD47 -> -0.0069532226 | BL47: =BE47 -> 0.0020372383
... B552: 45768 | C552: 8.7319815 | D552: 19.747552 | E552: 5.5466988 | F552: 5.456774 | G552: 104.35651 | H552: 132999.75 | K552: =C552/C551-1 -> 0.00039193957 | L552: =D552/D551-1 -> 0.037865525 | M552: =E552/E551-1 -> 0.022016735 | N552: =F552/F551-1 -> 0.014991178 | O552: =G552/G551-1 -> 0.045666556 | P552: =H552/H551-1 -> 0.029676812 | S552: =LN(1+K552) -> 0.00039186278 | T552: =LN(1+L552) -> 0.037166224 | U552: =LN(1+M552) -> 0.021777867 | V552: =LN(1+N552) -> 0.014879921 | W552: =LN(1+O552) -> 0.044654535 | X552: =LN(1+P552) -> 0.029244979 | AR552: =IF(OR(S552>(AJ$17+AJ$16*AI$21),S552<(AJ$17-AJ$16*AI$21)),"",S552) -> 0.00039186278 | AS552: =IF(OR(T552>(AK$17+AK$16*AI$21),T552<(AK$17-AK$16*AI$21)),"",T552) -> 0.037166224 | AT552: =IF(OR(U552>(AL$17+AL$16*AI$21),U552<(AL$17-AL$16*AI$21)),"",U552) -> 0.021777867 | AU552: =IF(OR(V552>(AM$17+AM$16*AI$21),V552<(AM$17-AM$16*AI$21)),"",V552) -> 0.014879921 | AV552: =IF(OR(W552>(AN$17+AN$16*AI$21),W552<(AN$17-AN$16*AI$21)),"",W552) -> 0.044654535 | AW552: =IF(OR(X552>(AO$17+AO$16*AI$21),X552<(AO$17-AO$16*AI$21)),"",X552) -> 0.029244979 | AY552: 46020 | AZ552: =_xlfn.XLOOKUP($AY552,$B:$B,AR:AR,0) -> 0.0011321931 | BA552: =_xlfn.XLOOKUP($AY552,$B:$B,AS:AS,0) -> 0.0048637694 | BB552: =_xlfn.XLOOKUP($AY552,$B:$B,AT:AT,0) -> 0.022116031 | BC552: =_xlfn.XLOOKUP($AY552,$B:$B,AU:AU,0) -> 0.018205957 | BD552: =_xlfn.XLOOKUP($AY552,$B:$B,AV:AV,0) -> 0.00072165622 | BE552: =_xlfn.XLOOKUP($AY552,$B:$B,AW:AW,0) -> 0.0060868194 | BH552: =BA552 -> 0.0048637694 | BJ552: =BC552 -> 0.018205957 | BK552: =BD552 -> 0.00072165622 | BL552: =BE552 -> 0.0060868194
B553: 45775 | C553: 8.7331219 | D553: 20.139888 | E553: 5.7665594 | F553: 5.6630028 | G553: 107.33703 | H553: 135077.5 | K553: =C553/C552-1 -> 0.00013059534 | L553: =D553/D552-1 -> 0.019867571 | M553: =E553/E552-1 -> 0.039638091 | N553: =F553/F552-1 -> 0.037793182 | O553: =G553/G552-1 -> 0.02856098 | P553: =H553/H552-1 -> 0.01562221 | S553: =LN(1+K553) -> 0.00013058681 | T553: =LN(1+L553) -> 0.019672787 | U553: =LN(1+M553) -> 0.038872663 | V553: =LN(1+N553) -> 0.037096518 | W553: =LN(1+O553) -> 0.028160718 | X553: =LN(1+P553) -> 0.015501439 | AR553: =IF(OR(S553>(AJ$17+AJ$16*AI$21),S553<(AJ$17-AJ$16*AI$21)),"",S553) -> 0.00013058681 | AS553: =IF(OR(T553>(AK$17+AK$16*AI$21),T553<(AK$17-AK$16*AI$21)),"",T553) -> 0.019672787 | AT553: =IF(OR(U553>(AL$17+AL$16*AI$21),U553<(AL$17-AL$16*AI$21)),"",U553) -> 0.038872663 | AU553: =IF(OR(V553>(AM$17+AM$16*AI$21),V553<(AM$17-AM$16*AI$21)),"",V553) -> 0.037096518 | AV553: =IF(OR(W553>(AN$17+AN$16*AI$21),W553<(AN$17-AN$16*AI$21)),"",W553) -> 0.028160718 | AW553: =IF(OR(X553>(AO$17+AO$16*AI$21),X553<(AO$17-AO$16*AI$21)),"",X553) -> 0.015501439
B554: 45782 | C554: 8.7331219 | D554: 19.741369 | E554: 5.7813761 | F554: 5.6909743 | G554: 109.89048 | H554: 134629.8 | K554: =C554/C553-1 -> 0 | L554: =D554/D553-1 -> -0.019787526 | M554: =E554/E553-1 -> 0.0025694201 | N554: =F554/F553-1 -> 0.0049393375 | O554: =G554/G553-1 -> 0.023789056 | P554: =H554/H553-1 -> -0.0033143936 | S554: =LN(1+K554) -> 0 | T554: =LN(1+L554) -> -0.019985921 | U554: =LN(1+M554) -> 0.0025661247 | V554: =LN(1+N554) -> 0.004927179 | W554: =LN(1+O554) -> 0.023510505 | X554: =LN(1+P554) -> -0.0033198984 | AR554: =IF(OR(S554>(AJ$17+AJ$16*AI$21),S554<(AJ$17-AJ$16*AI$21)),"",S554) -> 0 | AS554: =IF(OR(T554>(AK$17+AK$16*AI$21),T554<(AK$17-AK$16*AI$21)),"",T554) -> -0.019985921 | AT554: =IF(OR(U554>(AL$17+AL$16*AI$21),U554<(AL$17-AL$16*AI$21)),"",U554) -> 0.0025661247 | AU554: =IF(OR(V554>(AM$17+AM$16*AI$21),V554<(AM$17-AM$16*AI$21)),"",V554) -> 0.004927179 | AV554: =IF(OR(W554>(AN$17+AN$16*AI$21),W554<(AN$17-AN$16*AI$21)),"",W554) -> 0.023510505 | AW554: =IF(OR(X554>(AO$17+AO$16*AI$21),X554<(AO$17-AO$16*AI$21)),"",X554) -> -0.0033198984
B555: 45789 | C555: 8.7331219 | D555: 20.703898 | E555: 5.6991674 | F555: 5.7383834 | G555: 109.36086 | H555: 138494 | K555: =C555/C554-1 -> 0 | L555: =D555/D554-1 -> 0.048756952 | M555: =E555/E554-1 -> -0.014219562 | N555: =F555/F554-1 -> 0.0083305696 | O555: =G555/G554-1 -> -0.0048195292 | P555: =H555/H554-1 -> 0.028702412 | S555: =LN(1+K555) -> 0 | T555: =LN(1+L555) -> 0.047605608 | U555: =LN(1+M555) -> -0.014321628 | V555: =LN(1+N555) -> 0.0082960619 | W555: =LN(1+O555) -> -0.0048311806 | X555: =LN(1+P555) -> 0.028298214 | AR555: =IF(OR(S555>(AJ$17+AJ$16*AI$21),S555<(AJ$17-AJ$16*AI$21)),"",S555) -> 0 | AS555: =IF(OR(T555>(AK$17+AK$16*AI$21),T555<(AK$17-AK$16*AI$21)),"",T555) -> 0.047605608 | AT555: =IF(OR(U555>(AL$17+AL$16*AI$21),U555<(AL$17-AL$16*AI$21)),"",U555) -> -0.014321628 | AU555: =IF(OR(V555>(AM$17+AM$16*AI$21),V555<(AM$17-AM$16*AI$21)),"",V555) -> 0.0082960619 | AV555: =IF(OR(W555>(AN$17+AN$16*AI$21),W555<(AN$17-AN$16*AI$21)),"",W555) -> -0.0048311806 | AW555: =IF(OR(X555>(AO$17+AO$16*AI$21),X555<(AO$17-AO$16*AI$21)),"",X555) -> 0.028298214
B556: 45796 | C556: 8.7331219 | D556: 22.883858 | E556: 5.9343224 | F556: 5.9697392 | G556: 111.85845 | H556: 138544.8 | K556: =C556/C555-1 -> 0 | L556: =D556/D555-1 -> 0.10529226 | M556: =E556/E555-1 -> 0.041261275 | N556: =F556/F555-1 -> 0.040317237 | O556: =G556/G555-1 -> 0.022838123 | P556: =H556/H555-1 -> 0.00036680289 | S556: =LN(1+K556) -> 0 | T556: =LN(1+L556) -> 0.10010979 | U556: =LN(1+M556) -> 0.040432743 | V556: =LN(1+N556) -> 0.039525702 | W556: =LN(1+O556) -> 0.022581237 | X556: =LN(1+P556) -> 0.00036673564 | AR556: =IF(OR(S556>(AJ$17+AJ$16*AI$21),S556<(AJ$17-AJ$16*AI$21)),"",S556) -> 0 | AS556: =IF(OR(T556>(AK$17+AK$16*AI$21),T556<(AK$17-AK$16*AI$21)),"",T556) -> 0.10010979 | AT556: =IF(OR(U556>(AL$17+AL$16*AI$21),U556<(AL$17-AL$16*AI$21)),"",U556) -> 0.040432743 | AU556: =IF(OR(V556>(AM$17+AM$16*AI$21),V556<(AM$17-AM$16*AI$21)),"",V556) -> 0.039525702 | AV556: =IF(OR(W556>(AN$17+AN$16*AI$21),W556<(AN$17-AN$16*AI$21)),"",W556) -> 0.022581237 | AW556: =IF(OR(X556>(AO$17+AO$16*AI$21),X556<(AO$17-AO$16*AI$21)),"",X556) -> 0.00036673564
B557: 45803 | C557: 8.7331219 | D557: 23.477354 | E557: 6.2688928 | F557: 6.1536861 | G557: 112.60335 | H557: 138425.2 | K557: =C557/C556-1 -> 0 | L557: =D557/D556-1 -> 0.025935101 | M557: =E557/E556-1 -> 0.056378873 | N557: =F557/F556-1 -> 0.030813238 | O557: =G557/G556-1 -> 0.0066592726 | P557: =H557/H556-1 -> -0.00086325867 | S557: =LN(1+K557) -> 0 | T557: =LN(1+L557) -> 0.02560449 | U557: =LN(1+M557) -> 0.054846902 | V557: =LN(1+N557) -> 0.030348042 | W557: =LN(1+O557) -> 0.0066371976 | X557: =LN(1+P557) -> -0.00086363149 | AR557: =IF(OR(S557>(AJ$17+AJ$16*AI$21),S557<(AJ$17-AJ$16*AI$21)),"",S557) -> 0 | AS557: =IF(OR(T557>(AK$17+AK$16*AI$21),T557<(AK$17-AK$16*AI$21)),"",T557) -> 0.02560449 | AT557: =IF(OR(U557>(AL$17+AL$16*AI$21),U557<(AL$17-AL$16*AI$21)),"",U557) -> 0.054846902 | AU557: =IF(OR(V557>(AM$17+AM$16*AI$21),V557<(AM$17-AM$16*AI$21)),"",V557) -> 0.030348042 | AV557: =IF(OR(W557>(AN$17+AN$16*AI$21),W557<(AN$17-AN$16*AI$21)),"",W557) -> 0.0066371976 | AW557: =IF(OR(X557>(AO$17+AO$16*AI$21),X557<(AO$17-AO$16*AI$21)),"",X557) -> -0.00086363149
B558: 45810 | C558: 8.7331219 | D558: 22.71456 | E558: 6.322424 | F558: 6.2086805 | G558: 109.77617 | H558: 136734.6 | K558: =C558/C557-1 -> 0 | L558: =D558/D557-1 -> -0.032490634 | M558: =E558/E557-1 -> 0.0085391898 | N558: =F558/F557-1 -> 0.0089368211 | O558: =G558/G557-1 -> -0.025107414 | P558: =H558/H557-1 -> -0.012213094 | S558: =LN(1+K558) -> 0 | T558: =LN(1+L558) -> -0.033030174 | U558: =LN(1+M558) -> 0.0085029372 | V558: =LN(1+N558) -> 0.0088971241 | W558: =LN(1+O558) -> -0.025427983 | X558: =LN(1+P558) -> -0.012288287 | AR558: =IF(OR(S558>(AJ$17+AJ$16*AI$21),S558<(AJ$17-AJ$16*AI$21)),"",S558) -> 0 | AS558: =IF(OR(T558>(AK$17+AK$16*AI$21),T558<(AK$17-AK$16*AI$21)),"",T558) -> -0.033030174 | AT558: =IF(OR(U558>(AL$17+AL$16*AI$21),U558<(AL$17-AL$16*AI$21)),"",U558) -> 0.0085029372 | AU558: =IF(OR(V558>(AM$17+AM$16*AI$21),V558<(AM$17-AM$16*AI$21)),"",V558) -> 0.0088971241 | AV558: =IF(OR(W558>(AN$17+AN$16*AI$21),W558<(AN$17-AN$16*AI$21)),"",W558) -> -0.025427983 | AW558: =IF(OR(X558>(AO$17+AO$16*AI$21),X558<(AO$17-AO$16*AI$21)),"",X558) -> -0.012288287
B559: 45817 | C559: 8.7331219 | D559: 23.464039 | E559: 6.5403727 | F559: 6.4077983 | G559: 109.4523 | H559: 136855.2 | K559: =C559/C558-1 -> 0 | L559: =D559/D558-1 -> 0.032995563 | M559: =E559/E558-1 -> 0.03447232 | N559: =F559/F558-1 -> 0.032070865 | O559: =G559/G558-1 -> -0.0029502698 | P559: =H559/H558-1 -> 0.00088200061 | S559: =LN(1+K559) -> 0 | T559: =LN(1+L559) -> 0.032462895 | U559: =LN(1+M559) -> 0.033891461 | V559: =LN(1+N559) -> 0.031567332 | W559: =LN(1+O559) -> -0.0029546305 | X559: =LN(1+P559) -> 0.00088161187 | AR559: =IF(OR(S559>(AJ$17+AJ$16*AI$21),S559<(AJ$17-AJ$16*AI$21)),"",S559) -> 0 | AS559: =IF(OR(T559>(AK$17+AK$16*AI$21),T559<(AK$17-AK$16*AI$21)),"",T559) -> 0.032462895 | AT559: =IF(OR(U559>(AL$17+AL$16*AI$21),U559<(AL$17-AL$16*AI$21)),"",U559) -> 0.033891461 | AU559: =IF(OR(V559>(AM$17+AM$16*AI$21),V559<(AM$17-AM$16*AI$21)),"",V559) -> 0.031567332 | AV559: =IF(OR(W559>(AN$17+AN$16*AI$21),W559<(AN$17-AN$16*AI$21)),"",W559) -> -0.0029546305 | AW559: =IF(OR(X559>(AO$17+AO$16*AI$21),X559<(AO$17-AO$16*AI$21)),"",X559) -> 0.00088161187
B560: 45824 | C560: 8.7331219 | D560: 25.977365 | E560: 7.0211982 | F560: 6.8387458 | G560: 110.50106 | H560: 138482.25 | K560: =C560/C559-1 -> 0 | L560: =D560/D559-1 -> 0.10711392 | M560: =E560/E559-1 -> 0.073516529 | N560: =F560/F559-1 -> 0.067253606 | O560: =G560/G559-1 -> 0.0095819208 | P560: =H560/H559-1 -> 0.011888843 | S560: =LN(1+K560) -> 0 | T560: =LN(1+L560) -> 0.10175656 | U560: =LN(1+M560) -> 0.070939735 | V560: =LN(1+N560) -> 0.065088626 | W560: =LN(1+O560) -> 0.0095363053 | X560: =LN(1+P560) -> 0.011818726 | AR560: =IF(OR(S560>(AJ$17+AJ$16*AI$21),S560<(AJ$17-AJ$16*AI$21)),"",S560) -> 0 | AS560: =IF(OR(T560>(AK$17+AK$16*AI$21),T560<(AK$17-AK$16*AI$21)),"",T560) -> 0.10175656 | AT560: =IF(OR(U560>(AL$17+AL$16*AI$21),U560<(AL$17-AL$16*AI$21)),"",U560) -> 0.070939735 | AU560: =IF(OR(V560>(AM$17+AM$16*AI$21),V560<(AM$17-AM$16*AI$21)),"",V560) -> 0.065088626 | AV560: =IF(OR(W560>(AN$17+AN$16*AI$21),W560<(AN$17-AN$16*AI$21)),"",W560) -> 0.0095363053 | AW560: =IF(OR(X560>(AO$17+AO$16*AI$21),X560<(AO$17-AO$16*AI$21)),"",X560) -> 0.011818726
B561: 45831 | C561: 8.7331219 | D561: 26.360331 | E561: 7.2095135 | F561: 6.9804987 | G561: 109.13034 | H561: 136692.6 | K561: =C561/C560-1 -> 0 | L561: =D561/D560-1 -> 0.014742327 | M561: =E561/E560-1 -> 0.026820966 | N561: =F561/F560-1 -> 0.020727903 | O561: =G561/G560-1 -> -0.012404634 | P561: =H561/H560-1 -> -0.012923317 | S561: =LN(1+K561) -> 0 | T561: =LN(1+L561) -> 0.014634715 | U561: =LN(1+M561) -> 0.026467589 | V561: =LN(1+N561) -> 0.020516004 | W561: =LN(1+O561) -> -0.012482214 | X561: =LN(1+P561) -> -0.013007549 | AR561: =IF(OR(S561>(AJ$17+AJ$16*AI$21),S561<(AJ$17-AJ$16*AI$21)),"",S561) -> 0 | AS561: =IF(OR(T561>(AK$17+AK$16*AI$21),T561<(AK$17-AK$16*AI$21)),"",T561) -> 0.014634715 | AT561: =IF(OR(U561>(AL$17+AL$16*AI$21),U561<(AL$17-AL$16*AI$21)),"",U561) -> 0.026467589 | AU561: =IF(OR(V561>(AM$17+AM$16*AI$21),V561<(AM$17-AM$16*AI$21)),"",V561) -> 0.020516004 | AV561: =IF(OR(W561>(AN$17+AN$16*AI$21),W561<(AN$17-AN$16*AI$21)),"",W561) -> -0.012482214 | AW561: =IF(OR(X561>(AO$17+AO$16*AI$21),X561<(AO$17-AO$16*AI$21)),"",X561) -> -0.013007549
B562: 45838 | C562: 8.7331219 | D562: 27.336861 | E562: 7.711186 | F562: 7.2449882 | G562: 112.41284 | H562: 139972.2 | K562: =C562/C561-1 -> 0 | L562: =D562/D561-1 -> 0.03704544 | M562: =E562/E561-1 -> 0.0695848 | N562: =F562/F561-1 -> 0.037889766 | O562: =G562/G561-1 -> 0.030078723 | P562: =H562/H561-1 -> 0.02399252 | S562: =LN(1+K562) -> 0 | T562: =LN(1+L562) -> 0.036375747 | U562: =LN(1+M562) -> 0.067270536 | V562: =LN(1+N562) -> 0.03718958 | W562: =LN(1+O562) -> 0.029635229 | X562: =LN(1+P562) -> 0.023709222 | AR562: =IF(OR(S562>(AJ$17+AJ$16*AI$21),S562<(AJ$17-AJ$16*AI$21)),"",S562) -> 0 | AS562: =IF(OR(T562>(AK$17+AK$16*AI$21),T562<(AK$17-AK$16*AI$21)),"",T562) -> 0.036375747 | AT562: =IF(OR(U562>(AL$17+AL$16*AI$21),U562<(AL$17-AL$16*AI$21)),"",U562) -> 0.067270536 | AU562: =IF(OR(V562>(AM$17+AM$16*AI$21),V562<(AM$17-AM$16*AI$21)),"",V562) -> 0.03718958 | AV562: =IF(OR(W562>(AN$17+AN$16*AI$21),W562<(AN$17-AN$16*AI$21)),"",W562) -> 0.029635229 | AW562: =IF(OR(X562>(AO$17+AO$16*AI$21),X562<(AO$17-AO$16*AI$21)),"",X562) -> 0.023709222
B563: 45845 | C563: 8.7331219 | D563: 26.484638 | E563: 7.6599319 | F563: 7.0748412 | G563: 108.05395 | H563: 137840.8 | K563: =C563/C562-1 -> 0 | L563: =D563/D562-1 -> -0.031174874 | M563: =E563/E562-1 -> -0.0066467184 | N563: =F563/F562-1 -> -0.023484779 | O563: =G563/G562-1 -> -0.038775715 | P563: =H563/H562-1 -> -0.015227309 | S563: =LN(1+K563) -> 0 | T563: =LN(1+L563) -> -0.031671152 | U563: =LN(1+M563) -> -0.0066689062 | V563: =LN(1+N563) -> -0.023764941 | W563: =LN(1+O563) -> -0.03954751 | X563: =LN(1+P563) -> -0.015344435 | AR563: =IF(OR(S563>(AJ$17+AJ$16*AI$21),S563<(AJ$17-AJ$16*AI$21)),"",S563) -> 0 | AS563: =IF(OR(T563>(AK$17+AK$16*AI$21),T563<(AK$17-AK$16*AI$21)),"",T563) -> -0.031671152 | AT563: =IF(OR(U563>(AL$17+AL$16*AI$21),U563<(AL$17-AL$16*AI$21)),"",U563) -> -0.0066689062 | AU563: =IF(OR(V563>(AM$17+AM$16*AI$21),V563<(AM$17-AM$16*AI$21)),"",V563) -> -0.023764941 | AV563: =IF(OR(W563>(AN$17+AN$16*AI$21),W563<(AN$17-AN$16*AI$21)),"",W563) -> -0.03954751 | AW563: =IF(OR(X563>(AO$17+AO$16*AI$21),X563<(AO$17-AO$16*AI$21)),"",X563) -> -0.015344435
B564: 45852 | C564: 8.7331219 | D564: 25.286501 | E564: 7.7686816 | F564: 6.942767 | G564: 106.41556 | H564: 135001.4 | K564: =C564/C563-1 -> 0 | L564: =D564/D563-1 -> -0.045238967 | M564: =E564/E563-1 -> 0.014197212 | N564: =F564/F563-1 -> -0.018668146 | O564: =G564/G563-1 -> -0.015162742 | P564: =H564/H563-1 -> -0.020599126 | S564: =LN(1+K564) -> 0 | T564: =LN(1+L564) -> -0.046294197 | U564: =LN(1+M564) -> 0.014097375 | V564: =LN(1+N564) -> -0.018844595 | W564: =LN(1+O564) -> -0.015278871 | X564: =LN(1+P564) -> -0.020814247 | AR564: =IF(OR(S564>(AJ$17+AJ$16*AI$21),S564<(AJ$17-AJ$16*AI$21)),"",S564) -> 0 | AS564: =IF(OR(T564>(AK$17+AK$16*AI$21),T564<(AK$17-AK$16*AI$21)),"",T564) -> -0.046294197 | AT564: =IF(OR(U564>(AL$17+AL$16*AI$21),U564<(AL$17-AL$16*AI$21)),"",U564) -> 0.014097375 | AU564: =IF(OR(V564>(AM$17+AM$16*AI$21),V564<(AM$17-AM$16*AI$21)),"",V564) -> -0.018844595 | AV564: =IF(OR(W564>(AN$17+AN$16*AI$21),W564<(AN$17-AN$16*AI$21)),"",W564) -> -0.015278871 | AW564: =IF(OR(X564>(AO$17+AO$16*AI$21),X564<(AO$17-AO$16*AI$21)),"",X564) -> -0.020814247
... B588: 46020 | C588: 8.5100498 | D588: 43.559999 | E588: 8.8136673 | F588: 7.6484771 | G588: 132.9 | H588: 160807.5 | K588: =C588/C587-1 -> 0.0011328343 | L588: =D588/D587-1 -> 0.0048756168 | M588: =E588/E587-1 -> 0.022362403 | N588: =F588/F587-1 -> 0.018372696 | O588: =G588/G587-1 -> 0.00072191668 | P588: =H588/H587-1 -> 0.0061053817 | S588: =LN(1+K588) -> 0.0011321931 | T588: =LN(1+L588) -> 0.0048637694 | U588: =LN(1+M588) -> 0.022116031 | V588: =LN(1+N588) -> 0.018205957 | W588: =LN(1+O588) -> 0.00072165622 | X588: =LN(1+P588) -> 0.0060868194 | AR588: =IF(OR(S588>(AJ$17+AJ$16*AI$21),S588<(AJ$17-AJ$16*AI$21)),"",S588) -> 0.0011321931 | AS588: =IF(OR(T588>(AK$17+AK$16*AI$21),T588<(AK$17-AK$16*AI$21)),"",T588) -> 0.0048637694 | AT588: =IF(OR(U588>(AL$17+AL$16*AI$21),U588<(AL$17-AL$16*AI$21)),"",U588) -> 0.022116031 | AU588: =IF(OR(V588>(AM$17+AM$16*AI$21),V588<(AM$17-AM$16*AI$21)),"",V588) -> 0.018205957 | AV588: =IF(OR(W588>(AN$17+AN$16*AI$21),W588<(AN$17-AN$16*AI$21)),"",W588) -> 0.00072165622 | AW588: =IF(OR(X588>(AO$17+AO$16*AI$21),X588<(AO$17-AO$16*AI$21)),"",X588) -> 0.0060868194

Sheet 7. Teste de Normalidade
R1: Agência Goiana de Regulação, Controle e Fiscalização - AGR
A2: Projeto: Cálculo da Taxa de Remuneração Regulatória | R2: Agência Goiana de Regulação – AR
A3: Interessados: Saneago e BRK Ambiental | R3: Agência Reguladora do Município de Anápolis - ARM
R4: Agência de Regulação dos Serviços Públicos de Saneamento Básico - AMAE
D6: Teste de Normalidade - Shapiro Wilk | I6: 0.05
H7: valor da probabilidade | I7: Resultado
C8: Companhia de Saneamento de Minas Gerais | H8: =E33 -> 0.032769505 | I8: =IF(H8<$I$6,"rejeita-se a normalidade dos resíduos", "normalidade dos resíduos") -> rejeita-se a normalidade dos resíduos
C9: Companhia de Saneamento Parana | H9: =V33 -> 0.00065453917 | I9: =IF(H9<$I$6,"rejeita-se a normalidade dos resíduos", "normalidade dos resíduos") -> rejeita-se a normalidade dos resíduos
C10: SABESP | H10: =AQ35 -> 2.8939478e-05 | I10: =IF(H10<$I$6,"rejeita-se a normalidade dos resíduos", "normalidade dos resíduos") -> rejeita-se a normalidade dos resíduos
C12: Companhia de Saneamento de Minas Gerais | X12: Companhia de Saneamento Paraná | AQ12: SABESP
C15: IBOVESPAt = c + 0,784 CSMG3t | T15: IBOVESPAt = c + 0,600 SAPR4t | AP15: IBOVESPAt = c + 0,773 SBSP3t
C16: Modelo de Regressão Linear
H17: Resíduos | AA17: Residuos | AV17: Residuos
H18: 0.055130617 | AA18: -0.049544456 | AV18: 7.7339179e-05
H19: -0.054840111 | AA19: -0.037594626 | AV19: -0.070331671
H20: -0.04853426 | AA20: -0.020237324 | AV20: 0.0089333972
H21: -0.082402981 | AA21: -0.071677816 | AV21: 0.047391094
H22: 0.052292253 | AA22: -0.011655226 | AV22: 0.049244939
H23: 0.018461201 | AA23: -0.00052073158 | AV23: -0.0025145667
H24: -0.081528839 | AA24: -0.05502068 | AV24: 0.037194144
H25: 0.038221646 | AA25: 0.015528291 | AV25: 0.039070145
H26: 0.028760794 | AA26: 0.014342967 | AV26: 0.016371616
H27: -0.041909252 | AA27: -0.023099958 | AV27: -0.045091404
H28: 0.0085080356 | AA28: -0.01974392 | AV28: 0.0079071687
H29: -0.053736472 | AA29: -0.025060526 | AV29: -0.025117707
H30: 0.022383812 | AA30: -0.016504194 | AV30: -0.0033537108
C31: Teste de Shapiro-Wilk | H31: -0.03022675 | T31: Teste de Shapiro-Wilk | AA31: -0.013988985 | AV31: -0.019061873
D32: Estatistica_W | E32: P_Valor | H32: 0.010830279 | U32: Estatistica_W | V32: P_Valor | AA32: -0.024916988 | AV32: 0.040386788
C33: W | D33: 0.99402842 | E33: 0.032769505 | H33: -0.065693891 | T33: W | U33: 0.98945061 | V33: 0.00065453917 | AA33: -0.0066219053 | AO33: Teste de Shapiro-Wilk | AV33: 0.025557875
H34: -0.0084710032 | AA34: 0.00013545669 | AP34: Estatistica_W | AQ34: P_Valor | AV34: -0.0045755646
B35: Interpretação do teste Shapiro-Wilk | H35: -0.030409907 | T35: Interpretação do teste Shapiro-Wilk | AA35: -0.011773581 | AO35: W | AP35: 0.98525638 | AQ35: 2.8939478e-05 | AV35: -0.0030453394
B36: Hipótese nula: assume normalidade | H36: -0.00625086 | T36: Hipótese nula: assume normalidade | AA36: -0.023379184 | AV36: -0.011231518
B37: p-valor < 0,05 rejeita, H0 indicando que os dados não são normais; | H37: -0.031590505 | T37: p-valor < 0,05 rejeita, H0 indicando que os dados não são normais; | AA37: -0.034927074 | AO37: Interpretação do teste Shapiro-Wilk | AV37: -0.029272643
B38: p-valor > 0,05, não há evidências para rejeitar a normalidade | H38: -0.099359999 | T38: p-valor > 0,05, não há evidências para rejeitar a normalidade | AA38: -0.051319802 | AO38: Hipótese nula: assume normalidade | AV38: -0.093960167
H39: -0.044065971 | AA39: -0.051888956 | AO39: p-valor < 0,05 rejeita, H0 indicando que os dados não são normais; | AV39: -0.021846205
H40: -0.013666514 | AA40: 0.049267555 | AO40: p-valor > 0,05, não há evidências para rejeitar a normalidade | AV40: 0.023510055
H41: 0.023671539 | AA41: 0.10319886 | AV41: 0.037935291
H42: -0.004495465 | AA42: -0.08175425 | AV42: 0.062182576
H43: -0.044093499 | AA43: 0.023837798 | AV43: 0.059497898
H44: -0.041726141 | AA44: 0.027594021 | AV44: -0.048104324
H45: -0.11014067 | AA45: 0.02181969 | AV45: -0.025331804
H46: -0.079033452 | AA46: 0.0034647302 | AV46: -0.048843616
H47: -0.024887575 | AA47: -0.0051860576 | AV47: -0.031889845
H48: -0.059394017 | AA48: -0.03394936 | AV48: 0.010596315
H49: 0.0055043055 | AA49: -0.011522767 | AV49: 0.0039669546
H50: -0.012913821 | AA50: -0.047565815 | AV50: -0.011386783
H51: 0.069004128 | AA51: 0.072746635 | AV51: -0.023217915
H52: 0.089848307 | AA52: -0.0059200173 | AV52: 0.016161552
... H555: -0.003643077 | AA555: 0.012432205 | AV555: -0.0068413566

Sheet 8. Análise das Contribuições
R1: Agência Goiana de Regulação, Controle e Fiscalização - AGR
A2: Projeto: Cálculo da Taxa de Remuneração Regulatória | R2: Agência Goiana de Regulação – AR
A3: Interessados: Saneago e BRK Ambiental | R3: Agência Reguladora do Município de Anápolis - ARM
R4: Agência de Regulação dos Serviços Públicos de Saneamento Básico - AMAE
B7: Item | C7: Descrição | D7: Sugestão/ comentário | E7: Impacto alegado | F7: Análise das Agências Reguladoras | G7: Análiser regulatório do impacto
B8: 1 | C8: Questão metodológica - Imposto da dívida aplicada sobre base nominal | E8: 0.66 | F8: Acatado | G8: 0.29
B9: 2 | C9: Erro material de dados - Inconsistência na série de risco país - CDS | D9: 280 observações (~10% da amostra) com valores entre 2 e 56 p.b. — incompatíveis com o risco soberano brasileiro, que oscilou entre ~150 e ~580 p.b. Correção em 3,27% p.b | E9: 0,18 p.p. | F9: Parcialmente Acatado | G9: 0.07
B10: 3 | C10: Aprimoramento - Ampliação da amostra para a estrutura de capital | D10: Inclusão da amostra para Estrutura de Capital - 12 empresas (CESAN, DESO e SANESUL) - We= 68,65% e Wd = 31,35% | E10: 0.15 | F10: Parcialmente Acatado | G10: 0.69
B11: 4 | C11: Questão metodológica - Parâmetro de realavancagem do Beta | D11: Realavancagem da NT, usando D/E histório (media das razões): 71,62% Realavancagem com pesos do WACC da proposta original (D = 36,47% e E = 63,53%): 57,40% Proposta SANEAGO uniformizada com a contribuição anterior (D = 31,35% e E = 68,65%): 45,67% | E11: -0.61 | F11: Parcialmente Acatado | G11: 0.0088
D14: Proposta do documento técnico da AEA Consultoria | F14: Estudo regulatório AGR/AR/ARM/AMAE
D15: 0.0954 | F15: ='1. WACC'!C18 -> 0.091667596 | G15: =(F15-D15)*100 -> -0.37324044
